Workbook

Sheet Total 2024
B1: 1 | C1: 2 | D1: 3 | E1: 4 | F1: 5 | G1: 6 | H1: 7 | I1: 8 | J1: 9 | K1: 10 | L1: 11 | M1: 12 | N1: 13 | O1: 14 | P1: 15 | Q1: 16 | R1: 17 | S1: 18 | T1: 19 | U1: 20 | V1: 21 | W1: 22 | X1: 23 | Y1: 24 | Z1: 25 | AA1: 26 | AB1: 27
B2: ='CALZ MOS'!A1 -> MOS | C2: ='INT GAL'!A1 -> GAL | D2: =SWR!A1 -> SWA | E2: =KOB!A1 -> KOB | F2: =VIL!A1 -> VIL | G2: =BRA!A1 -> BRA | H2: =GRA!A1 -> GRA | I2: =KLA!A1 -> KLA | J2: =WDON!A1 -> WDON | K2: =STO!A1 -> STO | L2: =LEI!A1 -> LEI | M2: =MAT!A1 -> MAT | N2: =OLA!A1 -> OLA | O2: =FRA!A1 -> FRA | P2: =LULU!A1 -> LULU | Q2: =STK!A1 -> STK | R2: =SEI!A1 -> SEI | S2: =KRE!A1 -> KRE | T2: =WIE!A1 -> WIE | U2: =BERG!A1 -> BERG | V2: =LIN!A1 -> LIN | W2: =LULU2!A1 -> LULU2 | X2: =ING!A1 -> ING | Y2: =MUN!A1 -> MUN | Z2: ='WIE2'!A1 -> WIE2 | AA2: =HAM!A1 -> HAM | AB2: =SPICE!A1 -> SPICE
A3: contract amount | B3: ='CALZ MOS'!M4 -> 43564.77 | C3: ='INT GAL'!M4 -> 56957.32 | D3: =SWR!K4 -> 14988.39 | E3: =KOB!K4 -> 48000 | F3: =VIL!K4 -> 48000 | G3: =BRA!M4 -> 136747.57 | H3: =GRA!O4 -> 41000 | I3: =KLA!K4 -> 12955.25 | J3: =WDON!K4 -> 43500 | K3: =STO!M4 -> 50368.84 | L3: =LEI!K4 -> 72434.83 | M3: =MAT!S4 -> 40811.18 | N3: =OLA!M4 -> 129183.05 | O3: =FRA!U4 -> 119402.13 | P3: =LULU!M4 -> 630472.08 | Q3: =STK!M4+STK!M5 -> 7504.45 | R3: =SEI!M4 -> 68000 | S3: 40000 | T3: =WIE!K4 -> 39000 | U3: =BERG!M4 -> 71500 | V3: =LIN!K4 -> 55000 | W3: =LULU2!K4 -> 12910 | X3: =ING!K4 -> 59000 | Y3: =MUN!K4 -> 89825.47 | Z3: ='WIE2'!K4 -> 83000 | AA3: =HAM!K4 -> 57000 | AB3: =SPICE!K4 -> 4728.19 | AC3: =SUM(B3:AB3) -> 2075853.5
A4: additional works | B4: ='CALZ MOS'!M5 -> 11547.57 | C4: ='INT GAL'!M5 -> 1963.79 | D4: =SWR!K5 -> -1611.38 | E4: =KOB!K5 -> 7924.07 | F4: =VIL!K5 -> 4875.23 | G4: =BRA!M5 -> 9121.36 | H4: =GRA!O5 -> 5715.75 | I4: =KLA!K5 -> 2797.7 | J4: =WDON!K5 -> 0 | K4: =STO!M5 -> 17392.32 | L4: =LEI!K5 -> 14891.4 | M4: =MAT!S5 -> 47337.07 | N4: =OLA!M5 -> 1728 | O4: =FRA!U5 -> 52684.17 | P4: =LULU!M5 -> 0 | Q4: =STK!M11 -> 0 | R4: =SEI!M5 -> 5896.3 | S4: =KRE!M5 -> 0 | T4: =WIE!K5 -> 0 | U4: =BERG!M5 -> 17228.25 | V4: =LIN!K5 -> 0 | W4: =LULU2!K5 -> 11947.66 | X4: =ING!K5 -> 3500 | Y4: =MUN!K5 -> 2703.54 | Z4: ='WIE2'!K5 -> 0 | AA4: =HAM!K5 -> 7030.01 | AB4: =SPICE!K5 -> 0 | AC4: =SUM(B4:AB4) -> 224672.81
A5: total income | B5: =B3+B4 -> 55112.34 | C5: =C3+C4 -> 58921.11 | D5: =D3+D4 -> 13377.01 | E5: =E3+E4 -> 55924.07 | F5: =F3+F4 -> 52875.23 | G5: =G3+G4 -> 145868.93 | H5: =H3+H4 -> 46715.75 | I5: =I3+I4 -> 15752.95 | ... W5: =W3+W4 -> 24857.66 | X5: =X4+X3 -> 62500 | Y5: =Y4+Y3 -> 92529.01 | Z5: =Z4+Z3 -> 83000 | AA5: =AA4+AA3 -> 64030.01 | AB5: =AB4+AB3 -> 4728.19 | AC5: =SUM(B5:AB5) -> 2300526.3
A6: project manager | B6: Alens | C6: Alens | D6: Māris | E6: Alex | F6: Mauro | G6: Alens | H6: Mauro | I6: Kristaps | J6: Mauro | K6: Māris | L6: Alens | M6: Alex | N6: Alex | O6: Kristaps | P6: Alens | Q6: Kristaps | R6: Alens | S6: Alexander | T6: Alens | U6: Alens | V6: Alens | W6: Alens | X6: Alexander | Y6: Kaspars | Z6: Alex | AA6: Kaspars
A8: planned hours | B8: ='CALZ MOS'!Z6 -> 537 | C8: ='INT GAL'!Z6 -> 511 | D8: =SWR!Y6 -> 97.25 | E8: =KOB!M6 -> 214 | F8: =VIL!X6 -> 597.08 | G8: =BRA!Z6 -> 1494.02 | H8: =GRA!AB6 -> 489.05 | I8: =KLA!X6 -> 217.35 | J8: =WDON!X6 -> 496.87 | K8: =STO!Z6 -> 730 | L8: =LEI!X6 -> 840 | M8: =MAT!AG6 -> 560 | N8: =OLA!Z6 -> 1139.51 | O8: =FRA!AI6 -> 904.59 | P8: =LULU!Z6 -> 3502.97 | Q8: =STK!Z6 -> 0 | R8: =SEI!AA6 -> 715.22 | S8: =KRE!Z6 -> 363 | T8: =WIE!X6 -> 375.75 | U8: =BERG!Y6 -> 992.72 | V8: =LIN!X6 -> 680 | W8: =LULU2!Z6 -> 0 | X8: =ING!Y6 -> 624.51 | Y8: =MUN!W6 -> 1055.8 | Z8: ='WIE2'!W6 -> 826 | AA8: =HAM!W6 -> 495.97
A9: worked hours | B9: ='CALZ MOS'!Z7 -> 797.95 | C9: ='INT GAL'!Z7 -> 595.38 | D9: =SWR!Y7 -> 62.5 | E9: =KOB!M7 -> 207.61 | F9: =VIL!X7 -> 522.18 | G9: =BRA!Z7 -> 1444.72 | H9: =GRA!AB7 -> 428.3 | I9: =KLA!X7 -> 205.51 | J9: =WDON!X7 -> 398.31 | K9: =STO!Z7 -> 0 | L9: =LEI!X7 -> 783.32 | M9: =MAT!AG7 -> 554.46 | N9: =OLA!Z7 -> 1304.16 | O9: =FRA!AI7 -> 1076.2 | P9: =LULU!Z7 -> 3437.31 | Q9: =STK!Z7 -> 87.79 | R9: =SEI!AA7 -> 826.23 | S9: =KRE!Z7 -> 400.47 | T9: =WIE!X7 -> 240.47 | U9: =BERG!Y7 -> 1391.09 | V9: =LIN!X7 -> 598.78 | W9: =LULU2!Z7 -> 200.75 | X9: =ING!Y7 -> 801.15 | Y9: =MUN!W7 -> 1107.98 | Z9: ='WIE2'!W7 -> 841.17 | AA9: =HAM!W7 -> 475.35
A10: stundu bilance | B10: =B8-B9 -> -260.95 | C10: =C8-C9 -> -84.38 | D10: =D8-D9 -> 34.75 | E10: =E8-E9 -> 6.39 | F10: =F8-F9 -> 74.9 | G10: =G8-G9 -> 49.3 | H10: =H8-H9 -> 60.75 | I10: =I8-I9 -> 11.84 | ... AA10: =AA8-AA9 -> 20.62
A12: profit % | B12: ='CALZ MOS'!J19 -> 0.31948436 | C12: ='INT GAL'!J18 -> 0.48517868 | D12: =SWR!H19 -> 0.46596564 | E12: =KOB!H18 -> 0.22879626 | F12: =VIL!H18 -> 0.30804074 | G12: =BRA!J19 -> 0.31295556 | H12: =GRA!L19 -> 0.18626869 | I12: =KLA!H18 -> 0.4068521 | J12: =WDON!H20 -> 0.39945174 | K12: =STO!J19 -> 0.21835453 | L12: =LEI!H19 -> 0.11172862 | M12: =MAT!P19 -> 0.15548415 | N12: =OLA!J18 -> 0.091385283 | O12: =FRA!R18 -> 0.15128761 | P12: =LULU!J18 -> 0.35646452 | Q12: =STK!J18 -> 0.073841116 | R12: =SEI!J19 -> 0.17051596 | S12: =KRE!J18 -> 0.30964571 | T12: =WIE!H19 -> 0.2605375 | U12: =BERG!J19 -> 0.25678711 | V12: =LIN!H19 -> 0.21745474 | W12: =LULU2!H19 -> 0.37013815 | X12: =ING!H19 -> 0.11510604 | Y12: =MUN!H19 -> 0.28969544 | Z12: ='WIE2'!H19 -> 0.27645505 | AA12: =HAM!H19 -> 0.19202036 | AB12: =SPICE!H19 -> 0.53562504 | AC12: =AC13/AC5 -> 0.26605428
A13: profit EUR | B13: ='CALZ MOS'!I19 -> 17607.531 | C13: ='INT GAL'!I18 -> 28587.266 | D13: =SWR!G19 -> 6233.2271 | E13: =KOB!G18 -> 12795.218 | F13: =VIL!C18 -> 16287.725 | G13: =BRA!I19 -> 45650.493 | H13: =GRA!K19 -> 8701.6815 | I13: =KLA!G18 -> 6409.1208 | J13: =WDON!G20 -> 17376.151 | K13: =STO!I19 -> 14795.958 | L13: =LEI!G19 -> 9756.8395 | M13: =MAT!O19 -> 13705.656 | N13: =OLA!I18 -> 11963.343 | O13: =FRA!Q18 -> 26034.526 | P13: =LULU!I18 -> 224740.93 | Q13: =STK!I18 -> 554.13696 | R13: =SEI!I19 -> 12600.499 | S13: =KRE!I18 -> 12385.828 | T13: =WIE!G19 -> 10160.962 | U13: =BERG!I19 -> 22784.271 | V13: =LIN!G19 -> 11960.011 | W13: =LULU2!G19 -> 9200.7684 | X13: =ING!G19 -> 7194.1275 | Y13: =MUN!G19 -> 26805.233 | Z13: ='WIE2'!G19 -> 22945.769 | AA13: =HAM!G19 -> 12295.066 | AB13: =SPICE!G19 -> 2532.537 | AC13: =SUM(B13:AB13) -> 612064.87
A14: construction works profit/ loss | B14: =B15-B16 -> 17607.531 | C14: =C15-C16 -> 28587.266 | D14: =D15-D16 -> 6233.2271 | E14: =E15-E16 -> 12795.218 | F14: =F15-F16 -> 16287.725 | G14: =G15-G16 -> 45650.493 | H14: =H15-H16 -> 8701.6815 | I14: =I15-I16 -> 6409.1208 | ... P14: =P15-P16 -> 224740.93 | Q14: =STK!I18 -> 554.13696 | R14: =SEI!I19 -> 12600.499 | S14: =KRE!G17 -> 0 | T14: =T15-T16 -> #REF! | U14: =U15-U16 -> 25094.111 | V14: =V15-V16 -> #REF! | W14: =W15-W16 -> #REF! | X14: =X15-X16 -> #REF! | Y14: =Y15-Y16 -> #REF! | Z14: =Z15-Z16 -> #REF! | AA14: =AA15-AA16 -> #REF!
A15: construction works budget | B15: =B5-B20 -> 55112.34 | C15: =C5-C20 -> 58921.11 | D15: =D5-D20 -> 13377.01 | E15: =E5-E20 -> 55924.07 | F15: =F5-F20 -> 52875.23 | G15: =G5-G20 -> 145868.93 | H15: =H5-H20 -> 46715.75 | I15: =I5-I20 -> 15752.95 | ... AA15: =AA5-AA20 -> #REF!
B16: ='CALZ MOS'!I5-'Total 2024'!B20 -> 37504.809 | C16: ='INT GAL'!I5-'Total 2024'!C21 -> 30333.844 | D16: =SWR!G5-'Total 2024'!D21 -> 7143.7829 | E16: =KOB!G5-'Total 2024'!E21 -> 43128.852 | F16: =VIL!G5-'Total 2024'!F21 -> 36587.505 | G16: =BRA!I5-'Total 2024'!G21 -> 100218.44 | H16: =GRA!K5-'Total 2024'!H21 -> 38014.069 | I16: =KLA!G5-'Total 2024'!I21 -> 9343.8292 | J16: =WDON!G5-'Total 2024'!J21 -> 26123.849 | K16: =STO!I19-'Total 2024'!K21 -> -30476.982 | L16: =LEI!G5-'Total 2024'!L20 -> 77569.391 | M16: =MAT!O5-M20 -> 74442.594 | N16: =OLA!I5-OLA!M27 -> 118947.71 | O16: =FRA!Q5-FRA!U27 -> 140051.77 | P16: =LULU!I5-LULU!M25 -> 405731.15 | Q16: =STK!I5-STK!I8 -> 6950.313 | R16: =SEI!I5-SEI!I8 -> 41051.121 | S16: =KRE!G5-KRE!G8 -> 0 | T16: =WIE!G5-WIE!G8 -> 20199.348 | U16: =BERG!I5-BERG!I8 -> 63634.139 | V16: =LIN!G5-'Total 2024'!V21 -> #REF! | W16: =LULU2!G5 -> 15656.892 | X16: =ING!I5-ING!I8 -> 0 | Y16: =MUN!G5-MUN!G8 -> 51569.827 | Z16: ='WIE2'!G5-'WIE2'!G8 -> 41148.281 | AA16: =HAM!I5-HAM!I8 -> 0
B17: =B14/B15 -> 0.31948436 | C17: =C14/C15 -> 0.48517868 | D17: =D14/D15 -> 0.46596564 | E17: =E14/E15 -> 0.22879626 | F17: =F14/F15 -> 0.30804074 | G17: =G14/G15 -> 0.31295556 | H17: =H14/H15 -> 0.18626869 | I17: =I14/I15 -> 0.4068521 | ... AA17: =AA14/AA15 -> #REF!
A19: subcontractors work profit/loss | B19: =B20-B21 -> 0 | C19: =C20-C21 -> 0 | D19: =D20-D21 -> 0 | E19: =E20-E21 -> 0 | F19: =F20-F21 -> 0 | G19: =G20-G21 -> 0 | H19: =H20-H21 -> 0 | I19: =I20-I21 -> 0 | ... T19: =T20-T21 -> #REF!
A20: subcontractors budget | B20: ='CALZ MOS'!M31 -> 0 | C20: ='INT GAL'!M31 -> 0 | D20: ='INT GAL'!M31 -> 0 | E20: =KOB!K31 -> 0 | F20: =VIL!K31 -> 0 | G20: =BRA!M31 -> 0 | H20: =GRA!O32 -> 0 | I20: =KLA!K31 -> 0 | J20: =WDON!K32 -> 0 | K20: =STO!M31 -> 39798.89 | L20: =LEI!K25 -> 0 | M20: =MAT!S26 -> 0 | N20: =OLA!M26 -> 0 | O20: =FRA!U26 -> 0 | P20: =LULU!M24 -> 0 | Q20: =STK!M31 -> 0 | R20: =SEI!M30 -> 0 | S20: =LULU!P24 -> 0 | T20: =WIE!#REF! -> #REF! | V20: =LIN!#REF! -> #REF! | W20: =LULU2!#REF! -> #REF! | X20: =ING!#REF! -> #REF! | Y20: =MUN!#REF! -> #REF! | Z20: ='WIE2'!#REF! -> #REF! | AA20: =HAM!#REF! -> #REF!
B21: ='CALZ MOS'!M32 -> 0 | C21: ='INT GAL'!M32 -> 0 | D21: =SWR!K27 -> 0 | E21: =KOB!K32 -> 0 | F21: =VIL!K32 -> 0 | G21: =BRA!M32 -> 0 | H21: =GRA!O33 -> 0 | I21: =KLA!K32 -> 0 | J21: =WDON!K33 -> 0 | K21: =STO!M32 -> 45272.94 | L21: =LEI!K26 -> 5200 | M21: =MAT!S27 -> 0 | N21: =OLA!M27 -> 0 | O21: =FRA!U27 -> 6000 | P21: =LULU!M25 -> 0 | Q21: =STK!M32 -> 0 | R21: =SEI!M31 -> 20244.68 | S21: =LULU!P25 -> 0 | T21: =WIE!#REF! -> #REF! | U21: =BERG!#REF! -> #REF! | V21: =LIN!#REF! -> #REF! | W21: =LULU2!#REF! -> #REF! | X21: =ING!#REF! -> #REF! | Y21: =MUN!#REF! -> #REF! | Z21: ='WIE2'!#REF! -> #REF! | AA21: =HAM!#REF! -> #REF!
B22: =B19/B20 -> #DIV/0! | C22: =C19/C20 -> #DIV/0! | D22: =D19/D20 -> #DIV/0! | E22: =E19/E20 -> #DIV/0! | F22: =F19/F20 -> #DIV/0! | G22: =G19/G20 -> #DIV/0! | H22: =H19/H20 -> #DIV/0! | I22: =I19/I20 -> #DIV/0! | ... AA22: =AA19/AA20 -> #REF!
A23: administrative costs 7% | B23: ='CALZ MOS'!I12 -> 3994.1914 | C23: ='INT GAL'!I12 -> 4124.4777 | D23: =SWR!G12 -> 936.3907 | E23: =KOB!G12 -> 3360 | F23: =VIL!G12 -> 3701.2661 | G23: =BRA!I12 -> 10172.276 | H23: =GRA!K12 -> 3270.1025 | I23: =KLA!G12 -> 956.17745 | J23: =WDON!G12 -> 3045 | K23: =STO!I12 -> 4743.2819 | L23: =LEI!G12 -> 6112.8361 | M23: =MAT!O12 -> 6170.3775 | N23: =OLA!I12 -> 9163.7735 | O23: =FRA!Q12 -> 12046.041 | P23: =LULU!I12 -> 75026.178 | Q23: =STK!I12 -> 525.3115 | R23: =SEI!I12 -> 5172.741 | S23: =KRE!I12 -> 2800 | T23: =WIE!G12 -> 2730 | U23: =BERG!I12 -> 5005 | V23: =LIN!G12 -> 3850 | W23: =LULU2!G12 -> 1740.0362 | X23: =ING!G12 -> 4375 | Y23: =MUN!G12 -> 6477.0307 | Z23: ='WIE2'!G12 -> 5810 | AA23: =HAM!G12 -> 4482.1007 | AB23: =SPICE!G12 -> 330.9733 | AC23: =SUM(B23:AB23) -> 190120.56 | AD23: =AC13/AC5 -> 0.26605428

Sheet Profit 
A1: Object | B1: object total | C1: Profit (%) | D1: Project manager
A2: ='INT GAL'!A1 -> GAL | B2: ='INT GAL'!I4 -> 58921.11 | C2: ='INT GAL'!J18 -> 0.48517868 | D2: Alens | E2: =B2*C2 -> 28587.266
A3: =SWR!A1 -> SWA | B3: =SWR!G4 -> 13377.01 | C3: =SWR!H19 -> 0.46596564 | D3: Māris | E3: =B3*C3 -> 6233.2271
A4: =HAM!A1 -> HAM | B4: =HAM!G4 -> 64030.01 | C4: =HAM!H19 -> 0.19202036 | D4: Kaspars | E4: =B4*C4 -> 12295.066
A5: =LULU2!A1 -> LULU2 | B5: =LULU2!G4 -> 24857.66 | C5: =LULU2!H19 -> 0.37013815 | D5: Alens | E5: =B5*C5 -> 9200.7684
A6: =KLA!A1 -> KLA | B6: =KLA!G4 -> 15752.95 | C6: =KLA!H18 -> 0.4068521 | D6: Kristaps | E6: =B6*C6 -> 6409.1208
A7: =WDON!A1 -> WDON | B7: =WDON!G4 -> 43500 | C7: =WDON!H20 -> 0.39945174 | D7: Mauro | E7: =B7*C7 -> 17376.151
A8: =LULU!A1 -> LULU | B8: =LULU!I4 -> 630472.08 | C8: =LULU!J18 -> 0.35646452 | D8: Alens | E8: =B8*C8 -> 224740.93
A9: =KRE!A1 -> KRE | B9: =KRE!I4 -> 40000 | C9: =KRE!J18 -> 0.30964571 | D9: Alexander | E9: =B9*C9 -> 12385.828
A10: ='CALZ MOS'!A1 -> MOS | B10: ='CALZ MOS'!I4 -> 55112.34 | C10: ='CALZ MOS'!J19 -> 0.31948436 | D10: Alens | E10: =B10*C10 -> 17607.531
A11: =WIE!A1 -> WIE | B11: =WIE!G4 -> 39000 | C11: =WIE!H19 -> 0.2605375 | D11: Alens | E11: =B11*C11 -> 10160.962
A12: =BRA!A1 -> BRA | B12: =BRA!I4 -> 145868.93 | C12: =BRA!J19 -> 0.31295556 | D12: Alens | E12: =B12*C12 -> 45650.493
A13: =VIL!A1 -> VIL | B13: =VIL!G4 -> 52875.23 | C13: =VIL!H18 -> 0.30804074 | D13: Mauro | E13: =B13*C13 -> 16287.725
A14: ='WIE2'!A1 -> WIE2 | B14: ='WIE2'!G4 -> 83000 | C14: ='WIE2'!H19 -> 0.27645505 | D14: Alexander | E14: =B14*C14 -> 22945.769
A15: =BERG!A1 -> BERG | B15: =BERG!I4 -> 88728.25 | C15: =BERG!J19 -> 0.25678711 | D15: Alens | E15: =B15*C15 -> 22784.271
A16: =MUN!A1 -> MUN | B16: =MUN!G4 -> 92529.01 | C16: =MUN!H19 -> 0.28969544 | D16: Kaspars | E16: =B16*C16 -> 26805.233
A17: =KOB!A1 -> KOB | B17: =KOB!G4 -> 55924.07 | C17: =KOB!H18 -> 0.22879626 | D17: Alex | E17: =B17*C17 -> 12795.218
A18: =STO!A1 -> STO | B18: =STO!I4 -> 67761.17 | C18: =STO!J19 -> 0.21835453 | D18: Māris | E18: =B18*C18 -> 14795.958
A19: =LIN!A1 -> LIN | B19: =LIN!G4 -> 55000 | C19: =LIN!H19 -> 0.21745474 | D19: Alens | E19: =B19*C19 -> 11960.011
A20: =GRA!A1 -> GRA | B20: =GRA!K4 -> 46715.75 | C20: =GRA!L19 -> 0.18626869 | D20: Mauro | E20: =B20*C20 -> 8701.6815
A21: =FRA!A1 -> FRA | B21: =FRA!Q4 -> 172086.3 | C21: =FRA!R18 -> 0.15128761 | D21: Kristaps/ Kaspars/Alex | E21: =B21*C21 -> 26034.526
A22: =SEI!A1 -> SEI | B22: =SEI!I4 -> 73896.3 | C22: =SEI!J19 -> 0.17051596 | D22: Alens | E22: =B22*C22 -> 12600.499
A23: =MAT!A1 -> MAT | B23: =MAT!O4 -> 88148.25 | C23: =MAT!P19 -> 0.15548415 | D23: Māris/ Jevgēņijs | E23: =B23*C23 -> 13705.656
A24: =ING!A1 -> ING | B24: =ING!G4 -> 62500 | C24: =ING!H19 -> 0.11510604 | D24: Alexander | E24: =B24*C24 -> 7194.1275
A25: =LEI!A1 -> LEI | B25: =LEI!G4 -> 87326.23 | C25: =LEI!H19 -> 0.11172862 | D25: Alens | E25: =B25*C25 -> 9756.8395
A26: =OLA!A1 -> OLA | B26: =OLA!I4 -> 130911.05 | C26: =OLA!J18 -> 0.091385283 | D26: Alexander | E26: =B26*C26 -> 11963.343
A27: =STK!A1 -> STK | B27: =STK!I4 -> 7504.45 | C27: =STK!J18 -> 0.073841116 | D27: Kristaps | E27: =B27*C27 -> 554.13696
A28: =SPICE!A1 -> SPICE | B28: =SPICE!K4 -> 4728.19 | C28: =SPICE!H19 -> 0.53562504 | E28: =SPICE!G19 -> 2532.537

Sheet Bezpeļņas objekti
A1: VSV | B1: Vesuvio
A2: Object costs | N2: KPI
C3: Janvāris | E3: Februāris | G3: Marts | I3: Aprīlis | K3: Total | N3: Object address | O3: execution of contract | AB3: execution of the contract
A4: Objekta ieņēmumi kopā | B4: Budget total | K4: =AC10 -> 16301.506 | N4: Time shedule, weeks | O4: 09/05-15/05 | P4: 16/05-22/05 | Q4: 23/05-29/05 | R4: 30/05-05/06 | S4: 06/06-12/06 | T4: 13/06-21/06 | Z4: total | AB4: planned
A5: Objekta tiešie izdevumi | B5: Direct costs | C5: =C6+C7+C8+C9+C10+C11+C13+C14+C16+C15+C12 -> 5618.1367 | E5: =E6+E7+E8+E9+E10+E11+E13+E14+E16+E15+E12 -> 2175.3267 | G5: =G6+G7+G8+G9+G10+G11+G13+G14+G16+G15+G12 -> 5325.8514 | I5: =I6+I7+I8+I9+I10+I11+I13+I14+I16+I15+I12 -> 605.96247 | K5: =K6+K7+K8+K9+K10+K11+K13+K14+K16+K15+K12 -> 14686.047 | O5: 1 | P5: 2 | Q5: 3 | R5: 4 | S5: 5 | T5: 6 | AB5: in fact
A6: materiālu un aprīkojuma iegāde | B6: materials and equipment | C6: =2099.96+70.62-3.56-37.19+110.67 -> 2240.5 | D6: =C6+C7+C8 -> 2440.69 | E6: =58.92+74.16 -> 133.08 | F6: =E6+E7+E8 -> 228.62 | G6: =73.29+17.97-15.8+22.51+52.68+155.39-7.48-105.91-9.81+22.33+303.5+14.9+6.78+16.9+4.96+66.05+22.03+541.32+7.96+9 -> 1198.57 | H6: =G6+G7+G8 -> 1241.79 | I6: =48.86+51.43+4.73 -> 105.02 | J6: =I6+I7+I8 -> 105.02 | K6: =C6+E6+G6+I6 -> 3677.17 | L6: =K6+K7+K8 -> 4016.12 | O6: 0.2 | P6: 0.4 | Q6: 0.6 | R6: 0.8 | S6: 1 | Z6: =S6 -> 1
A7: materiālu piegādes izdevumi | B7: delivery | K7: =C7+E7+G7+I7 -> 0 | O7: 0.2 | P7: 0.4 | Q7: 0.6 | R7: 0.8 | S7: 1 | Z7: =S7 -> 1 | AB7: planned
A8: apakšuzņēmēji | B8: subcontractors | C8: 200.19 | E8: 95.54 | G8: 43.22 | K8: =C8+E8+G8+I8 -> 338.95 | T8: =AC11/AC10 -> 0 | Z8: =T8 -> 0 | AB8: in fact
A9: darba algas | B9: salaries | C9: =(9*84+10*66+105.4+8*12.4)*1.42 -> 2301.252 | D9: =C9+C10+C11+C13+C12 -> 3071.6467 | E9: =(313.5+99+289+263.07+55.02)*1.42 -> 1447.8178 | F9: =E9+E10+E11+E13+E12 -> 1932.5067 | G9: =(80*11+123.27*10)*1.42 -> 3000.034 | H9: =G9+G10+G11+G13+G12 -> 4004.3614 | I9: =23.25*11*1.42 -> 363.165 | J9: =I9+I10+I11+I13+I12 -> 484.74247 | K9: =C9+E9+G9+I9 -> 7112.2688 | L9: =K9+K10+K11+K13+K12 -> 10454.027
A10: DD VSAOI | B10: tax for salaries | C10: =C9*0.2359 -> 542.86535 | E10: =E9*0.2359 -> 341.54022 | G10: =G9*0.2359 -> 707.70802 | I10: =I9*0.2359 -> 85.670623 | K10: =C10+E10+G10+I10 -> 1677.7842 | AB10: Contract amount EUR | AC10: =14686.05*1.11-0.01 -> 16301.506
A11: uzkrājums atvaļinājumam | B11: vacation allowance | C11: =(C9+C10)*0.08 -> 227.52939 | E11: =(E9+E10)*0.08 -> 143.14864 | G11: =(G9+G10)*0.08 -> 296.61936 | I11: =(I9+I10)*0.08 -> 35.90685 | K11: =C11+E11+G11+I11 -> 703.20424 | AB11: Additional works, EUR
A12: administratīvie izdevumi 7% | B12: administrative costs 7% | K12: =13725.28*0.07 -> 960.7696
A13: komandējuma dienas naudas | B13: travel allowance | K13: =C13+E13+G13+I13 -> 0 | AB13: square m2
A14: komandējuma izdevumi- naktsmītne | B14: travel expenses (hotels) | D14: =C14+C16+C15 -> 105.8 | F14: =E14+E16+E15 -> 14.2 | H14: =G14+G16+G15 -> 79.7 | J14: =I14+I16+I15 -> 16.2 | K14: =C14+E14+G14+I14 -> 0 | L14: =K14+K16+K15 -> 215.9 | AB14: object square | AC14: hours optimal/ m2
A15: komandējuma izdevumi- ceļš | B15: travel expenses ( tickets, road costs) | K15: =C15+E15+G15+I15 -> 0 | AB15: m2<50 | AC15: 13
A16: citi izdevumi | B16: other expenses | C16: =105.8 -> 105.8 | E16: 14.2 | G16: =11.6+7.6+10.6+4.6+12.6+6.6+2.6+11.6+8.3+1.6+2 -> 79.7 | I16: =7.6+8.6 -> 16.2 | K16: =C16+E16+G16+I16 -> 215.9 | AB16: 50<m2<100 | AC16: 12
A17: peļņa bruto | B17: profit/ loss | C17: =C4-C5 -> -5618.1367 | D17: =C17/C4 -> #DIV/0! | E17: =E4-E5 -> -2175.3267 | F17: =E17/E4 -> #DIV/0! | G17: =G4-G5 -> -5325.8514 | H17: =G17/G4 -> #DIV/0! | I17: =I4-I5 -> -605.96247 | J17: =I17/I4 -> #DIV/0! | K17: =K4-K5 -> 1615.4586 | L17: =K17/K4 -> 0.09909874
N18: Object address | O18: materials and equipments costs | AB18: materials and equipment costs
A19: Direct costs | B19: % | N19: Time shedule, weeks | O19: 09/05-15/05 | P19: 16/05-22/05 | Q19: 23/05-29/05 | R19: 30/05-05/06 | S19: 06/06-12/06 | T19: =T4 -> 13/06-21/06 | Z19: total | AB19: planned
A20: Materials, incl.delivery, and subcontractors | B20: =L6/K5*100 -> 27.346501 | O20: 1 | P20: 2 | Q20: 3 | R20: 4 | S20: 5 | T20: 6 | AB20: in fact | AC20: =K6+K7 -> 3677.17
A21: Salaries and taxes | B21: =L9/K5*100 -> 71.183396 | O21: =Z21/5 -> 0 | P21: =O21 -> 0 | Q21: =O21 -> 0 | R21: =Q21 -> 0 | S21: =R21 -> 0 | Z21: =AC19 -> 0 | AB21: travel and living costs
A22: Other costs | B22: =L14/K5*100 -> 1.4701029 | Z22: =O22+P22+Q22+R22+S22+T22+Y22+U22+V22+W22+X22 -> 0 | AB22: planned | AC22: 0
AB23: in fact | AC23: 0
AB25: Subcontractors budget, EUR
AB26: Payments to subcontractor, EUR
AB30: date of report
AB31: 45397
A36: Unas darbs- transporta organizēšana, dokumentu kārtošana
A37: Kristapa darbs- preču pieņemšana, piegādes, būvgružu izvešana
A40: A9 | B40: Alberta iela
A41: Object costs | N41: KPI
C42: Marts | E42: Aprīlis | G42: Maijs | K42: Total | N42: Object address | O42: execution of contract | AB42: execution of the contract
A43: Objekta ieņēmumi kopā | B43: Budget total | C43: =AC49 -> 3000 | E43: =AC50 -> 4000 | K43: =C43+E43+G43+I43 -> 7000 | N43: Time shedule, weeks | O43: 09/05-15/05 | P43: 16/05-22/05 | Q43: 23/05-29/05 | R43: 30/05-05/06 | S43: 06/06-12/06 | T43: 13/06-21/06 | Z43: total | AB43: planned | AC43: =Z45 -> 1
A44: Objekta tiešie izdevumi | B44: Direct costs | C44: =C45+C46+C47+C48+C49+C50+C52+C53+C55+C54+C51 -> 7081.5553 | E44: =E45+E46+E47+E48+E49+E50+E52+E53+E55+E54+E51 -> 0 | G44: =G45+G46+G47+G48+G49+G50+G52+G53+G55+G54+G51 -> 727.83 | I44: =I45+I46+I47+I48+I49+I50+I52+I53+I55+I54+I51 -> 0 | K44: =K45+K46+K47+K48+K49+K50+K52+K53+K55+K54+K51 -> 7081.5553 | O44: 1 | P44: 2 | Q44: 3 | R44: 4 | S44: 5 | T44: 6 | AB44: in fact | AC44: =Z46+Z47 -> 2.3333333
A45: materiālu un aprīkojuma iegāde | B45: materials and equipment | C45: =102.24+293.46+131.91+10.02+208.98+20.18 -> 766.79 | D45: =C45+C46+C47 -> 2565.17 | F45: =E45+E46+E47 -> 0 | G45: =399.6+328.23 -> 727.83 | H45: =G45+G46+G47 -> 727.83 | J45: =I45+I46+I47 -> 0 | K45: =C45+E45 -> 766.79 | L45: =K45+K46+K47 -> 2565.17 | O45: 0.2 | P45: 0.4 | Q45: 0.6 | R45: 0.8 | S45: 1 | Z45: =S45 -> 1 | AB45: hours per m2
A46: materiālu piegādes izdevumi | B46: delivery | K46: =C46+E46 -> 0 | O46: 0.2 | P46: 0.4 | Q46: 0.6 | R46: 0.8 | S46: 1 | Z46: =S46 -> 1 | AB46: planned | AC46: 0
A47: apakšuzņēmēji | B47: subcontractors | C47: =343.49+220.66+357.14+345.77+131.94+199.69*2 -> 1798.38 | K47: =C47+E47 -> 1798.38 | T47: =AC50/AC49 -> 1.3333333 | Z47: =T47 -> 1.3333333 | AB47: in fact | AC47: 0
A48: darba algas | B48: salaries | C48: =390+780/2+(50*11+100*10)*1.42 -> 2981 | D48: =C48+C49+C50+C52+C51 -> 4188.9553 | F48: =E48+E49+E50+E52+E51 -> 0 | H48: =G48+G49+G50+G52+G51 -> 0 | J48: =I48+I49+I50+I52+I51 -> 0 | K48: =C48+E48 -> 2981 | L48: =K48+K49+K50+K52+K51 -> 4188.9553
A49: DD VSAOI | B49: tax for salaries | C49: =C48*0.2359 -> 703.2179 | E49: =E48*0.2359 -> 0 | G49: =G48*0.2359 -> 0 | I49: =I48*0.2359 -> 0 | K49: =C49+E49 -> 703.2179 | AB49: Contract amount EUR | AC49: 3000
A50: uzkrājums atvaļinājumam | B50: vacation allowance | C50: =(C48+C49)*0.08 -> 294.73743 | E50: =(E48+E49)*0.08 -> 0 | G50: =(G48+G49)*0.08 -> 0 | I50: =(I48+I49)*0.08 -> 0 | K50: =C50+E50 -> 294.73743 | AB50: Additional works, EUR | AC50: 4000
A51: administratīvie izdevumi 7% | B51: administrative costs 7% | C51: =(C43)*0.07 -> 210 | E51: =(E52+E50+E49+E48)*0.07 -> 0 | G51: =(G52+G50+G49+G48)*0.07 -> 0 | I51: =(I52+I50+I49+I48)*0.07 -> 0 | K51: =C51+E51 -> 210
A52: komandējuma dienas naudas | B52: travel allowance | K52: =C52+E52 -> 0 | AB52: square m2
A53: komandējuma izdevumi- naktsmītne | B53: travel expenses (hotels) | D53: =C53+C55+C54 -> 327.43 | F53: =E53+E55+E54 -> 0 | H53: =G53+G55+G54 -> 0 | J53: =I53+I55+I54 -> 0 | K53: =C53+E53 -> 0 | L53: =K53+K55+K54 -> 327.43 | AB53: object square | AC53: hours optimal/ m2
A54: komandējuma izdevumi- ceļš | B54: travel expenses ( tickets, road costs) | K54: =C54+E54 -> 0 | AB54: m2<50 | AC54: 13
A55: citi izdevumi | B55: other expenses | C55: =165.13+125+37.3 -> 327.43 | K55: =C55+E55 -> 327.43 | AB55: 50<m2<100 | AC55: 12
A56: peļņa bruto | B56: profit/ loss | C56: =C43-C44 -> -4081.5553 | D56: =C56/C43 -> -1.3605184 | E56: =E43-E44 -> 4000 | F56: =E56/E43 -> 1 | G56: =G43-G44 -> -727.83 | H56: =G56/G43 -> #DIV/0! | I56: =I43-I44 -> 0 | J56: =I56/I43 -> #DIV/0! | K56: =K43-K44 -> -81.555332 | L56: =K56/K43 -> -0.011650762
N57: Object address | O57: materials and equipments costs | AB57: materials and equipment costs
A58: Direct costs | B58: % | N58: Time shedule, weeks | O58: 09/05-15/05 | P58: 16/05-22/05 | Q58: 23/05-29/05 | R58: 30/05-05/06 | S58: 06/06-12/06 | T58: =T43 -> 13/06-21/06 | Z58: total | AB58: planned
A59: Materials, incl.delivery, and subcontractors | B59: =L45/K44*100 -> 36.223257 | O59: 1 | P59: 2 | Q59: 3 | R59: 4 | S59: 5 | T59: 6 | AB59: in fact | AC59: =K45+K46 -> 766.79
A60: Salaries and taxes | B60: =L48/K44*100 -> 59.153041 | O60: =Z60/5 -> 0 | P60: =O60 -> 0 | Q60: =O60 -> 0 | R60: =Q60 -> 0 | S60: =R60 -> 0 | Z60: =AC58 -> 0 | AB60: travel and living costs
A61: Other costs | B61: =L53/K44*100 -> 4.6237018 | Z61: =O61+P61+Q61+R61+S61+T61+Y61+U61+V61+W61+X61 -> 0 | AB61: planned | AC61: 0
AB62: in fact | AC62: 0
AB64: Subcontractors budget, EUR
AB65: Payments to subcontractor, EUR
AB69: date of report
AB70: 45412
A76: M61, ofiss | B76: =SUM(B77:B85) -> 3653.96 | E76: K18-22 | F76: =SUM(F77:F85) -> 5052.4049 | H76: H36-34 | I76: =SUM(I77:I84) -> 8783.4363 | K76: K18-33 | L76: =SUM(L77:L83) -> 5570.166
A77: GSS, krāsošana | B77: =1630*0.68 -> 1108.4 | E77: Ikea | F77: =272.64+113.2+3761.33 -> 4147.17 | H77: Ikea | I77: =6661.97+52.9+19.76+142.49-91.72+172.2 -> 6957.6 | K77: Ikea | L77: =4791.82+63.62+41.32-86.74-154.52+8.18+16.53+172.6+142.47 -> 4995.28
A78: Beļajevs, atslēgu maiņa | B78: =100+161.19 -> 261.19 | E78: PTA (veļasmašīna) | F78: 359
A79: 4Room, lampas | B79: 918.84
A80: 4Room, lampas | B80: 326.61 | E80: krāsošana (19.2 h*10) | F80: =19.2*10*1.42*1.2359 -> 336.95578 | H80: krāsošana, grīdas seguma maiņa | I80: =(5.35+6.7+1.5+6.7+4.35+3.75+5.63+3.63+2.51+4)*10*1.42*1.2359 -> 774.29629 | K80: Alens, 13.78 h | L80: =13.78*10*1.42*1.2359 -> 241.83597
A81: Ikea, biroja galds Jevgenijam | B81: 370.25 | E81: Jysk, gultas veļa, dvieļi, 56.94 | F81: 56.94 | K81: Beļajevs, atslēgu maiņa | L81: 290
A82: Interdepo, biroja galds, apspriežu | B82: 189.26 | E82: būvgružu izvešana, 4 h*10, 78.26 eur | F82: =78.26+40*1.42*1.2359 -> 148.45912 | H82: būvgružu izvešana | I82: 347.11 | K82: būvgružu izvešana | L82: 43.05
A83: Euronics, monitori Jevgenijam/ Kristapam | B83: 390.02 | E83: Optimera, 3.88 | F83: 3.88 | H83: Optimera, grīdas segums | I83: 704.43
A84: PTA, mikroviļņu krāsns | B84: 79.34
A85: Optimera, lampa | B85: 10.05
A87: M61, 58.dzīvoklis | B87: =SUM(B88:B93) -> 5096.23
A88: Beļajevs, atslēgu maiņa | B88: =100+35.81 -> 135.81
A89: Ikea, interjera projekts+ mēbeles | B89: 3866.32
A90: GSS, krāsošana | B90: =1630*0.32 -> 521.6
A91: Jysk, gultas veļa, dvieļi | B91: 191.91
A92: PTA, veļasmašīna | B92: 283.47
A93: Rimi, virtuves piederumi | B93: 97.12
B95: =B93+B90+B89+B88 -> 4620.85
A97: PTA, trauku mašīna, 27/12/2024 | B97: 369
A105: VSV | B105: Vesuvio
A106: Object costs | N106: KPI
C107: Oktobris | E107: Novembris | G107: Decembris | K107: Total | N107: Object address | O107: execution of contract | AB107: execution of the contract
A108: Objekta ieņēmumi kopā | B108: Budget total | K108: =AC114 -> 4463.9647 | N108: Time shedule, weeks | O108: 09/05-15/05 | P108: 16/05-22/05 | Q108: 23/05-29/05 | R108: 30/05-05/06 | S108: 06/06-12/06 | T108: 13/06-21/06 | Z108: total | AB108: planned
A109: Objekta tiešie izdevumi | B109: Direct costs | C109: =C110+C111+C112+C113+C114+C115+C117+C118+C120+C119+C116 -> 2530.1824 | E109: =E110+E111+E112+E113+E114+E115+E117+E118+E120+E119+E116 -> 1452.1522 | G109: =G110+G111+G112+G113+G114+G115+G117+G118+G120+G119+G116 -> 75.81505 | I109: =I110+I111+I112+I113+I114+I115+I117+I118+I120+I119+I116 -> 0 | K109: =K110+K111+K112+K113+K114+K115+K117+K118+K120+K119+K116 -> 4058.1497 | O109: 1 | P109: 2 | Q109: 3 | R109: 4 | S109: 5 | T109: 6 | AB109: in fact
A110: materiālu un aprīkojuma iegāde | B110: materials and equipment | C110: =C141+314.68+86.59+87.18 -> 488.45 | D110: =C110+C111+C112 -> 488.45 | E110: =859.51+405 -> 1264.51 | F110: =E110+E111+E112 -> 1264.51 | H110: =G110+G111+G112 -> 0 | J110: =I110+I111+I112 -> 0 | K110: =C110+E110+G110+I110 -> 1752.96 | L110: =K110+K111+K112 -> 1752.96 | O110: 0.2 | P110: 0.4 | Q110: 0.6 | R110: 0.8 | S110: 1 | Z110: =S110 -> 1
A111: materiālu piegādes izdevumi | B111: delivery | K111: =C111+E111+G111+I111 -> 0 | O111: 0.2 | P111: 0.4 | Q111: 0.6 | R111: 0.8 | S111: 1 | Z111: =S111 -> 1 | AB111: planned
A112: apakšuzņēmēji | B112: subcontractors | K112: =C112+E112+G112+I112 -> 0 | T112: =AC115/AC114 -> 0 | Z112: =T112 -> 0 | AB112: in fact
A113: darba algas | B113: salaries | C113: =(14.82+21.75+36.1+32.82)*10*1.42 -> 1497.958 | D113: =C113+C114+C115+C117+C116 -> 1999.4324 | E113: =(2.5+0.7+2.08+3.12+1.5)*10*1.42 -> 140.58 | F113: =E113+E114+E115+E117+E116 -> 187.64225 | G113: =(4)*10*1.42 -> 56.8 | H113: =G113+G114+G115+G117+G116 -> 75.81505 | J113: =I113+I114+I115+I117+I116 -> 0 | K113: =C113+E113+G113+I113 -> 1695.338 | L113: =K113+K114+K115+K117+K116 -> 2262.8897
A114: DD VSAOI | B114: tax for salaries | C114: =C113*0.2359 -> 353.36829 | E114: =E113*0.2359 -> 33.162822 | G114: =G113*0.2359 -> 13.39912 | I114: =I113*0.2359 -> 0 | K114: =C114+E114+G114+I114 -> 399.93023 | AB114: Contract amount EUR | AC114: =K109*1.1 -> 4463.9647
A115: uzkrājums atvaļinājumam | B115: vacation allowance | C115: =(C113+C114)*0.08 -> 148.1061 | E115: =(E113+E114)*0.08 -> 13.899426 | G115: =(G113+G114)*0.08 -> 5.6159296 | I115: =(I113+I114)*0.08 -> 0 | K115: =C115+E115+G115+I115 -> 167.62146 | AB115: Additional works, EUR
A116: administratīvie izdevumi 7% | B116: administrative costs 7%
A117: komandējuma dienas naudas | B117: travel allowance | K117: =C117+E117+G117+I117 -> 0 | AB117: square m2
A118: komandējuma izdevumi- naktsmītne | B118: travel expenses (hotels) | D118: =C118+C120+C119 -> 42.3 | F118: =E118+E120+E119 -> 0 | H118: =G118+G120+G119 -> 0 | J118: =I118+I120+I119 -> 0 | K118: =C118+E118+G118+I118 -> 0 | L118: =K118+K120+K119 -> 42.3 | AB118: object square | AC118: hours optimal/ m2
A119: komandējuma izdevumi- ceļš | B119: travel expenses ( tickets, road costs) | K119: =C119+E119+G119+I119 -> 0 | AB119: m2<50 | AC119: 13
A120: citi izdevumi | B120: other expenses | C120: =4.6+10+4.5+2.6+7.6+2.5+3.5+7 -> 42.3 | K120: =C120+E120+G120+I120 -> 42.3 | AB120: 50<m2<100 | AC120: 12
A121: peļņa bruto | B121: profit/ loss | C121: =C108-C109 -> -2530.1824 | D121: =C121/C108 -> #DIV/0! | E121: =E108-E109 -> -1452.1522 | F121: =E121/E108 -> #DIV/0! | G121: =G108-G109 -> -75.81505 | H121: =G121/G108 -> #DIV/0! | I121: =I108-I109 -> 0 | J121: =I121/I108 -> #DIV/0! | K121: =K108-K109 -> 405.81497 | L121: =K121/K108 -> 0.090909091
N122: Object address | O122: materials and equipments costs | AB122: materials and equipment costs
A123: Direct costs | B123: % | N123: Time shedule, weeks | O123: 09/05-15/05 | P123: 16/05-22/05 | Q123: 23/05-29/05 | R123: 30/05-05/06 | S123: 06/06-12/06 | T123: =T108 -> 13/06-21/06 | Z123: total | AB123: planned
A124: Materials, incl.delivery, and subcontractors | B124: =L110/K109*100 -> 43.196041 | O124: 1 | P124: 2 | Q124: 3 | R124: 4 | S124: 5 | T124: 6 | AB124: in fact | AC124: =K110+K111 -> 1752.96
A125: Salaries and taxes | B125: =L113/K109*100 -> 55.761612 | O125: =Z125/5 -> 0 | P125: =O125 -> 0 | Q125: =O125 -> 0 | R125: =Q125 -> 0 | S125: =R125 -> 0 | Z125: =AC123 -> 0 | AB125: travel and living costs
A126: Other costs | B126: =L118/K109*100 -> 1.042347 | Z126: =O126+P126+Q126+R126+S126+T126+Y126+U126+V126+W126+X126 -> 0 | AB126: planned | AC126: 0
AB127: in fact | AC127: 0
AB129: Subcontractors budget, EUR
AB130: Payments to subcontractor, EUR
...

Sheet SPICE
A1: SPICE | B1: Rīga, 21/10-?
A2: Object costs
C3: Oktobris | G3: Total | J3: General data | M3: worked hours
A4: Objekta ieņēmumi kopā | B4: Budget total | C4: =K4 -> 4728.19 | G4: =E4+C4 -> 4728.19 | J4: Contract amount EUR | K4: 4728.19 | W4: total
A5: Objekta tiešie izdevumi | B5: Direct costs | C5: =C6+C7+C8+C9+C10+C11+C13+C14+C17+C15+C12 -> 2195.653 | E5: =E6+E7+E8+E9+E10+E11+E13+E14+E17+E15+E12 -> 0 | G5: =G6+G7+G8+G9+G10+G11+G13+G14+G17+G15+G12+G18 -> 2195.653 | J5: Additional works, EUR | M5: 1 | N5: 2 | O5: 3 | P5: 4 | Q5: 5 | R5: 6 | S5: 7 | T5: 8 | U5: 9 | V5: 10
A6: materiālu un aprīkojuma iegāde | B6: materials and equipment | C6: =89.12+8.69 -> 97.81 | D6: =C6+C7+C8 -> 97.81 | F6: =E6+E7+E8 -> 0 | G6: =C6+E6 -> 97.81 | H6: =G6+G7+G8 -> 97.81 | J6: square m2 | M6: =W6/4 -> 0 | N6: =M6 -> 0 | O6: =M6 -> 0 | P6: =M6 -> 0 | Q6: =M6 -> 0
A7: materiālu piegādes izdevumi | B7: delivery | G7: =C7+E7 -> 0 | J7: object square | K7: hours optimal/ m2 | M7: =16.4+14.5+14 -> 44.9 | W7: =M7+N7+O7+P7+Q7+R7+S7+T7+U7+V7 -> 44.9
A8: apakšuzņēmēji | B8: subcontractors | C8: =D40 -> 0 | G8: =C8+E8 -> 0 | J8: m2<50 | K8: 13
A9: darba algas | B9: salaries | C9: =313.11+331.57+33.57*10*1.42+28.5*5*1.42 -> 1323.724 | D9: =C9+C10+C11+C13+C12 -> 2097.843 | F9: =E9+E10+E11+E13+E12 -> 0 | G9: =C9+E9 -> 1323.724 | H9: =G9+G10+G11+G13+G12 -> 2097.843 | J9: 50<m2<100 | K9: 12
A10: DD VSAOI | B10: tax for salaries | C10: =C9*0.2359 -> 312.26649 | E10: =E9*0.2359 -> 0 | G10: =C10+E10 -> 312.26649
A11: uzkrājums atvaļinājumam | B11: vacation allowance | C11: =(C9+C10)*0.08 -> 130.87924 | E11: =(E9+E10)*0.08 -> 0 | G11: =C11+E11 -> 130.87924 | J11: materials and equipment costs
A12: administratīvie izdevumi 7% | B12: administrative costs 7% | C12: =(C4)*0.07 -> 330.9733 | E12: =(E4)*0.07 -> 0 | G12: =C12+E12 -> 330.9733 | J12: planned
A13: komandējuma dienas naudas | B13: travel allowance | G13: =C13+E13 -> 0 | J13: in fact
A14: komandējuma izdevumi- naktsmītne | B14: travel expenses (hotels) | D14: =C14+C17+C15 -> 0 | F14: =E14+E17+E15 -> 0 | G14: =C14+E14 -> 0 | H14: =G14+G17+G15+G18 -> 0
A15: komandējuma izdevumi- ceļš | B15: travel expenses ( tickets, road costs) | G15: =C15+E15 -> 0 | J15: Salaries and taxes
A16: komandējuma izdevumi (administrācija) | B16: travel expenses (administration) | G16: =C16+E16 -> 0 | J16: planned
A17: citi izdevumi | B17: other expenses | G17: =C17+E17 -> 0 | J17: in fact | K17: =H9-G12 -> 1766.8697
J18: hours cost in fact | K18: =K17/W7 -> 39.351219 | M18: travel and living costs
A19: peļņa bruto | B19: profit/ loss | C19: =C4-C5 -> 2532.537 | D19: =C19/C4 -> 0.53562504 | E19: =E4-E5 -> 0 | F19: =E19/E4 -> #DIV/0! | G19: =G4-G5 -> 2532.537 | H19: =G19/G4 -> 0.53562504 | W19: total
A20: plānotā peļņa | B20: planned profit | H20: =G20/K4 -> 0 | J20: hours per m2 | M20: 1 | N20: 2 | O20: 3 | P20: 4 | Q20: 5 | R20: 6 | S20: 7 | T20: 8 | U20: 9 | V20: 10
J21: planned | K21: =W6/K6 -> #DIV/0! | M21: =W21/4 -> 0 | N21: =M21 -> 0 | O21: =M21 -> 0 | P21: =M21 -> 0 | Q21: =M21 -> 0 | W21: =K26 -> 0
A22: Direct costs | B22: actual costs | C22: planned costs | J22: in fact | K22: =W7/K6 -> #DIV/0! | M22: =C14+C15 -> 0 | W22: =M22+N22+O22+P22+Q22+R22+S22+T22+U22+V22 -> 0
A23: Materials, incl.delivery, and subcontractors | B23: =H6/G5 -> 0.044547111 | J23: m2 costs | K23: =K22*K18 -> #DIV/0!
A24: Salaries and taxes | B24: =H9/G5 -> 0.95545289
A25: Other costs | B25: =H14/G5 -> 0 | J25: travel and living costs
J26: planned
J27: in fact | K27: =G14+G15 -> 0
J28: living costs per worked hour | K28: =G14/W7 -> 0
J30: Subcontractors budget, EUR
J31: Payments to subcontractor, EUR | K31: =G8 -> 0
J33: date of report
J34: 45586

Sheet HAM
A1: HAM | B1: Calzedonia store Phoenix Center, Hannoversche Str. 86, 21079 , Hamburg, Germania 1/10/2024-(22/10/2024) 12/11/2024
A2: Object costs
C3: Oktobris | E3: Novembris | G3: Total | J3: General data | M3: worked hours
A4: Objekta ieņēmumi kopā | B4: Budget total | C4: =K4 -> 57000 | E4: =K5 -> 7030.01 | G4: =E4+C4 -> 64030.01 | J4: Contract amount EUR | K4: 57000 | M4: 1/10-6/10 | N4: 7/10-13/10 | O4: 14/10-20/10 | P4: 21/10-22/10 | Q4: 31/10-10/11 | R4: 11/11/-12/11 | W4: total
A5: Objekta tiešie izdevumi | B5: Direct costs | C5: =C6+C7+C8+C9+C10+C11+C13+C14+C17+C15+C12 -> 22113.31 | E5: =E6+E7+E8+E9+E10+E11+E13+E14+E17+E15+E12 -> 29621.635 | G5: =G6+G7+G8+G9+G10+G11+G13+G14+G17+G15+G12+G18 -> 51734.944 | J5: Additional works, EUR | K5: 7030.01 | M5: 1 | N5: 2 | O5: 3 | P5: 4 | Q5: 5 | R5: 6 | S5: 7 | T5: 8 | U5: 9 | V5: 10
A6: materiālu un aprīkojuma iegāde | B6: materials and equipment | C6: =C39+1847.48+395.57+1349.81+30.95+24.95+7.3+127.43+598.08+305.25+6.75+15.8+33.92+3.88+144.22+129.45+10.8+60.5+24.6+136.6+5.4+263.93+233.22+13.6 -> 5769.49 | D6: =C6+C7+C8 -> 7239.49 | E6: =34.2+50.83+52+74.61+25.5+15.95+14+5.3+29.6+72.38+7+40+47.27 -> 468.64 | F6: =E6+E7+E8 -> 19542.49 | G6: =C6+E6 -> 6238.13 | H6: =G6+G7+G8 -> 26781.98 | J6: square m2 | K6: =50.07+0.52 -> 50.59 | M6: =W6/4 -> 123.9925 | N6: =M6 -> 123.9925 | O6: =M6 -> 123.9925 | P6: =M6 -> 123.9925 | Q6: =M6 -> 123.9925 | W6: 495.97
A7: materiālu piegādes izdevumi | B7: delivery | C7: =370+1100 -> 1470 | G7: =C7+E7 -> 1470 | J7: object square | K7: hours optimal/ m2 | M7: =48.73 -> 48.73 | N7: =36.8+109.23 -> 146.03 | O7: =42+5.59 -> 47.59 | Q7: 233 | W7: =M7+N7+O7+P7+Q7+R7+S7+T7+U7+V7 -> 475.35
A8: apakšuzņēmēji | B8: subcontractors | C8: =D40 -> 0 | E8: =2400+2871.28+814.83+411.99+12575.75 -> 19073.85 | G8: =C8+E8 -> 19073.85 | J8: m2<50 | K8: 13
A9: darba algas | B9: salaries | C9: =1561.6*1.42+((163.55*15-C13)*1.42) -> 2222.087 | D9: =C9+C10+C11+C13+C12 -> 9405.9795 | E9: =(1296.33+661.75+600)*1.42 -> 3632.4736 | F9: =E9+E10+E11+E13+E12 -> 7440.6248 | G9: =C9+E9 -> 5854.5606 | H9: =G9+G10+G11+G13+G12 -> 16846.604 | J9: 50<m2<100 | K9: 12
A10: DD VSAOI | B10: tax for salaries | C10: =C9*0.2359 -> 524.19032 | E10: =E9*0.2359 -> 856.90052 | G10: =C10+E10 -> 1381.0908
A11: uzkrājums atvaļinājumam | B11: vacation allowance | C11: =(C9+C10)*0.08 -> 219.70219 | E11: =(E9+E10)*0.08 -> 359.14993 | G11: =C11+E11 -> 578.85212 | J11: materials and equipment costs
A12: administratīvie izdevumi 7% | B12: administrative costs 7% | C12: =(C4)*0.07 -> 3990 | E12: =(E4)*0.07 -> 492.1007 | G12: =C12+E12 -> 4482.1007 | J12: planned | K12: 7013.12
A13: komandējuma dienas naudas | B13: travel allowance | C13: =400+41*50 -> 2450 | E13: =500*4+100 -> 2100 | G13: =C13+E13 -> 4550 | J13: in fact | K13: =G6+G7 -> 7708.13
A14: komandējuma izdevumi- naktsmītne | B14: travel expenses (hotels) | C14: 2520 | D14: =C14+C17+C15 -> 5467.84 | E14: =1044+116+40+240.48 -> 1440.48 | F14: =E14+E17+E15 -> 2638.52 | G14: =C14+E14 -> 3960.48 | H14: =G14+G17+G15+G18 -> 8106.36
A15: komandējuma izdevumi- ceļš | B15: travel expenses ( tickets, road costs) | C15: =125.99+194.98+546.6+593.5 -> 1461.07 | E15: =215.99+308.92 -> 524.91 | G15: =C15+E15 -> 1985.98 | J15: Salaries and taxes
A16: komandējuma izdevumi (administrācija) | B16: travel expenses (administration) | G16: =C16+E16 -> 0 | J16: planned | K16: 12399.33
A17: citi izdevumi | B17: other expenses | C17: =125+187.13+9+14*9+253.25+786.39 -> 1486.77 | E17: =14+4+14+14+14+14+61.4+14+14+14+82.59+413.14 -> 673.13 | G17: =C17+E17 -> 2159.9 | J17: in fact | K17: =H9-G12 -> 12364.504
J18: hours cost in fact | K18: =K17/W7 -> 26.011368 | M18: travel and living costs
A19: peļņa bruto | B19: profit/ loss | C19: =C4-C5 -> 34886.69 | D19: =C19/C4 -> 0.6120472 | E19: =E4-E5 -> -22591.625 | F19: =E19/E4 -> -3.2135978 | G19: =G4-G5 -> 12295.066 | H19: =G19/G4 -> 0.19202036 | M19: 1/10-6/10 | N19: 7/10-13/10 | O19: 14/10-20/10 | P19: 21/10-22/10 | Q19: 31/10-10/11 | R19: 11/11/-12/11 | W19: total
A20: plānotā peļņa | B20: planned profit | G20: =K4-46240.38 -> 10759.62 | H20: =G20/K4 -> 0.18876526 | J20: hours per m2 | M20: 1 | N20: 2 | O20: 3 | P20: 4 | Q20: 5 | R20: 6 | S20: 7 | T20: 8 | U20: 9 | V20: 10
J21: planned | K21: =W6/K6 -> 9.8037161 | M21: =W21/4 -> 1625 | N21: =M21 -> 1625 | O21: =M21 -> 1625 | P21: =M21 -> 1625 | W21: =K26 -> 6500
A22: Direct costs | B22: actual costs | C22: planned costs | J22: in fact | K22: =W7/K6 -> 9.3961257 | M22: 2841 | O22: 546.6 | P22: 593.5 | Q22: =1160+308.92+40 -> 1508.92 | R22: =215.99+240.48 -> 456.47 | W22: =M22+N22+O22+P22+Q22+R22+S22+T22+U22+V22 -> 5946.49
A23: Materials, incl.delivery, and subcontractors | B23: =H6/G5 -> 0.51767679 | C23: =(7013.12)/46240.38 -> 0.15166657 | J23: m2 costs | K23: =K22*K18 -> 244.40608
A24: Salaries and taxes | B24: =H9/G5 -> 0.32563298 | C24: =12399.33/46240.38 -> 0.2681494
A25: Other costs | B25: =H14/G5 -> 0.15669022 | C25: =26827.92/46240.38 -> 0.58018381 | J25: travel and living costs
J26: planned | K26: 6500
J27: in fact | K27: =G14+G15 -> 5946.46
J28: living costs per worked hour | K28: =G14/W7 -> 8.3317135
J30: Subcontractors budget, EUR
J31: Payments to subcontractor, EUR | K31: =G8 -> 19073.85
J33: date of report
J34: 45638

Sheet BERG
A1: BERG | B1: Calzedonia and Intimissimi Hauptstraße 152, 51465 Bergisch Gladbach, Germany 25/09/2024-(22/10/2024) 9/11/2024
A2: Object costs
C3: Septembris | E3: Oktobris | G3: Novembris | I3: Total | L3: General data | O3: worked hours
A4: Objekta ieņēmumi kopā | B4: Budget total | C4: =M4/4 -> 17875 | E4: =M4/4*3 -> 53625 | G4: =M5 -> 17228.25 | I4: =E4+C4+G4 -> 88728.25 | L4: Contract amount EUR | M4: =31000+40500 -> 71500 | O4: 25/09-29/09 | P4: 30/09-06/10 | Q4: 07/10-13/10 | R4: 14/10-20/10 | S4: 21/10-27/10 | T4: 28/10- | Y4: total
A5: Objekta tiešie izdevumi | B5: Direct costs | C5: =C6+C7+C8+C9+C10+C11+C13+C14+C17+C15+C12 -> 23294.582 | E5: =E6+E7+E8+E9+E10+E11+E13+E14+E17+E15+E12 -> 35381.728 | G5: =G6+G7+G8+G9+G10+G11+G13+G14+G17+G15+G12 -> 8473.6467 | I5: =I6+I7+I8+I9+I10+I11+I13+I14+I17+I15+I12+I18 -> 65943.979 | L5: Additional works, EUR | M5: =9908.43+7863.01-543.19 -> 17228.25 | O5: 1 | P5: 2 | Q5: 3 | R5: 4 | S5: 5 | T5: 6 | U5: 7 | V5: 8 | W5: 9 | X5: 10
A6: materiālu un aprīkojuma iegāde | B6: materials and equipment | C6: =C38+566.67+350.03+484.96+3881.69+491.65+238.29+160.22+39.39+59.47+1378.82+224.18+7.44+88.75+67.53+255.48+90.9+442.73 -> 8828.2 | D6: =C6+C7+C8 -> 10577.18 | E6: =118+104.7+146.58+194.59+16.8+62.82+67.5+17.46+25.7+93.8+206.8+331.93+59.95+30.78+23.25+57.46+31.99+53.37+162.83+46.05+17.4+99.45+57.88+140.94+568.34+10.3+500.95+1062.12+2.95+58.45+32.3+103.05+96 -> 4602.49 | F6: =E6+E7+E8 -> 7112.06 | G6: =24.98+174.93+26.76+36.95+57.49+5.55+96.33 -> 422.99 | H6: =G6+G7+G8 -> 2405.86 | I6: =C6+E6+G6 -> 13853.68 | J6: =I6+I7+I8 -> 20095.1 | L6: square m2 | M6: =41+8.92+46.59+15.07 -> 111.58 | O6: =Y6/4 -> 248.18 | P6: =O6 -> 248.18 | Q6: =O6 -> 248.18 | R6: =O6 -> 248.18 | S6: =O6 -> 248.18 | Y6: =398+594.72 -> 992.72
A7: materiālu piegādes izdevumi | B7: delivery | C7: 1450 | E7: =870+550+730+180 -> 2330 | G7: 151.58 | I7: =C7+E7+G7 -> 3931.58 | L7: object square | M7: hours optimal/ m2 | O7: 159.67 | P7: =54.03+28.32+40.37-6.5+157.72 -> 273.94 | Q7: =47.47+56.07+194.66 -> 298.2 | R7: =20.7+44.7+221.68 -> 287.08 | S7: 170.52 | T7: =64.63+67.68+69.37 -> 201.68 | Y7: =O7+P7+Q7+R7+S7+T7+U7+V7+W7+X7 -> 1391.09
A8: apakšuzņēmēji | B8: subcontractors | C8: =319.98/2+138.99 -> 298.98 | E8: 179.57 | G8: =1478.14+107.74+245.41 -> 1831.29 | I8: =C8+E8+G8 -> 2309.84 | L8: m2<50 | M8: 13
A9: darba algas | B9: salaries | C9: =((30.72*15+38.55*14.5+47.43*13+97*13)-C13)*1.42 -> 1416.2583 | D9: =C9+C10+C11+C13+C12 -> 5041.6319 | E9: =(106.48+834.82+1063.11+1179.22+1686.47+1939.75)*1.42 -> 9669.987 | F9: =E9+E10+E11+E13+E12 -> 23910.978 | G9: =(581.36+540.55+100)*1.42 -> 1735.1122 | H9: =G9+G10+G11+G13+G12 -> 4521.9567 | I9: =C9+E9+G9 -> 12821.357 | J9: =I9+I10+I11+I13+I12 -> 32268.589 | L9: 50<m2<100 | M9: 12
A10: DD VSAOI | B10: tax for salaries | C10: =C9*0.2359 -> 334.09533 | E10: =E9*0.2359 -> 2281.1499 | G10: =G9*0.2359 -> 409.31297 | I10: =C10+E10+G10 -> 3024.5582
A11: uzkrājums atvaļinājumam | B11: vacation allowance | C11: =(C9+C10)*0.08 -> 140.02829 | E11: =(E9+E10)*0.08 -> 956.09095 | G11: =(G9+G10)*0.08 -> 171.55401 | I11: =C11+E11+G11 -> 1267.6733 | L11: materials and equipment costs
A12: administratīvie izdevumi 7% | B12: administrative costs 7% | C12: =(C4)*0.07 -> 1251.25 | E12: =(E4)*0.07 -> 3753.75 | G12: =(G4)*0.07 -> 1205.9775 | I12: =C12+E12 -> 5005 | L12: planned | M12: =5803.46+7075.73 -> 12879.19
A13: komandējuma dienas naudas | B13: travel allowance | C13: =(4*7+10)*50 -> 1900 | E13: =900+21*50+2*25*50+28*2*50 -> 7250 | G13: 1000 | I13: =C13+E13+G13 -> 10150 | L13: in fact | M13: =I6+I7 -> 17785.26
A14: komandējuma izdevumi- naktsmītne | B14: travel expenses (hotels) | C14: 5390.63 | D14: =C14+C17+C15 -> 7675.77 | E14: 1122.84 | F14: =E14+E17+E15 -> 4358.69 | G14: =336.45+151 -> 487.45 | H14: =G14+G17+G15 -> 1545.83 | I14: =C14+E14+G14 -> 7000.92 | J14: =I14+I17+I15+I18 -> 13580.29
A15: komandējuma izdevumi- ceļš | B15: travel expenses ( tickets, road costs) | C15: =279.98+837.97 -> 1117.95 | E15: =109.35+148.3+699.98 -> 957.63 | G15: =544.3+8 -> 552.3 | I15: =C15+E15+G15 -> 2627.88 | L15: Salaries and taxes
A16: komandējuma izdevumi (administrācija) | B16: travel expenses (administration) | C16: =319.98/2+34.99+22.27+3.69+22.64+18.22+19+218+152+23.5+3+21.4+34.14+150+276.28+208.69+99.97 -> 1467.78 | E16: 53 | I16: =C16+E16+G16 -> 1520.78 | L16: planned | M16: =9465.28+13741.35 -> 23206.63
A17: citi izdevumi | B17: other expenses | C17: =25+226.55+3.2+15.56+6.89+6.41+99.76+8.62+5.75*2+125+79.6+167.1+392 -> 1167.19 | E17: =12.49+10+110.78+25.1+2+229.75+1888.1 -> 2278.22 | G17: =47.4+36.3+78.29+133.9+210.19 -> 506.08 | I17: =C17+E17+G17 -> 3951.49 | L17: in fact | M17: =J9-I12 -> 27263.589
L18: hours cost in fact | M18: =M17/Y7 -> 19.598724 | O18: travel and living costs
A19: peļņa bruto | B19: profit/ loss | C19: =C4-C5 -> -5419.5819 | D19: =C19/C4 -> -0.30319339 | E19: =E4-E5 -> 18243.272 | F19: =E19/E4 -> 0.34020088 | G19: =G4-G5 -> 8754.6033 | H19: =G19/G4 -> 0.50815395 | I19: =I4-I5 -> 22784.271 | J19: =I19/I4 -> 0.25678711 | O19: 25/09-29/09 | P19: 30/09-06/10 | Q19: 07/10-13/10 | R19: 14/10-20/10 | S19: 21/10-27/10 | T19: 28/10- | Y19: total
A20: plānotā peļņa | B20: planned profit | I20: =M4-23477.28-30628.18 -> 17394.54 | J20: =I20/M4 -> 0.24328028 | L20: hours per m2 | O20: 1 | P20: 2 | Q20: 3 | R20: 4 | S20: 5 | T20: 6 | U20: 7 | V20: 8 | W20: 9 | X20: 10
L21: planned | M21: =Y6/M6 -> 8.8969349 | O21: =Y21/4 -> 1800 | P21: =O21 -> 1800 | Q21: =O21 -> 1800 | R21: =O21 -> 1800 | S21: =O21 -> 1800 | Y21: =M26 -> 7200
A22: Direct costs | B22: actual costs | C22: planned costs | L22: in fact | M22: =Y7/M6 -> 12.467198 | O22: =C14+C15 -> 6508.58 | P22: 1232 | R22: 148.3 | S22: 699.98 | T22: =336.45+544.3+8+151 -> 1039.75 | Y22: =O22+P22+Q22+R22+S22+T22+U22+V22+W22+X22 -> 9628.61
A23: Materials, incl.delivery, and subcontractors | B23: =J6/I5 -> 0.30472987 | C23: =(M12)/54105.46 -> 0.23803864 | L23: m2 costs | M23: =M22*M18 -> 244.34118
A24: Salaries and taxes | B24: =J9/I5 -> 0.48933336 | C24: =(M16)/54105.46 -> 0.42891475
A25: Other costs | B25: =J14/I5 -> 0.20593677 | C25: =(7946.33+9811.1)/54105.46 -> 0.32820033 | L25: travel and living costs
L26: planned | M26: =3000+4200 -> 7200
L27: in fact | M27: =I14+I15 -> 9628.8
L28: living costs per worked hour | M28: =I14/Y7 -> 5.0326866
L30: Subcontractors budget, EUR
L31: Payments to subcontractor, EUR | M31: =I8 -> 2309.84
L33: date of report
L34: 45636
B38: avansi | C38: =C39+C40 -> 0

Sheet WIE2
A1: WIE2 | B1: Calzedonia Mariahilfer Str. 88, 1070 Wien, Austria 16/09-09/10
A2: Object costs
C3: Septembris | E3: Oktobris | G3: Total | J3: General data | M3: worked hours
A4: Objekta ieņēmumi kopā | B4: Budget total | C4: =K4/2 -> 41500 | E4: =K4/2 -> 41500 | G4: =E4+C4 -> 83000 | J4: Contract amount EUR | K4: 83000 | M4: 16/09-22/09 | N4: 23/09-29/09 | O4: 30/09-6/10 | P4: 7/10-9/10 | W4: total
A5: Objekta tiešie izdevumi | B5: Direct costs | C5: =C6+C7+C8+C9+C10+C11+C13+C14+C17+C15+C12 -> 26783.316 | E5: =E6+E7+E8+E9+E10+E11+E13+E14+E17+E15+E12 -> 33270.915 | G5: =G6+G7+G8+G9+G10+G11+G13+G14+G17+G15+G12+G18 -> 60054.231 | J5: Additional works, EUR | M5: 1 | N5: 2 | O5: 3 | P5: 4 | Q5: 5 | R5: 6 | S5: 7 | T5: 8 | U5: 9 | V5: 10
A6: materiālu un aprīkojuma iegāde | B6: materials and equipment | C6: =1774.01+198.91+193.28+238.59+1848.36+101.7+79.78+260.47+103.44+159.4+131.79+191.03 -> 5280.76 | D6: =C6+C7+C8 -> 7498.81 | E6: =121.42+40.74+21.47+18.98+33.8+233.43+14.95+20.88+23.99+257.85 -> 787.51 | F6: =E6+E7+E8 -> 19686.35 | G6: =C6+E6 -> 6068.27 | H6: =G6+G7+G8 -> 27185.16 | J6: square m2 | K6: =66.3+16.03 -> 82.33 | M6: =W6/4 -> 206.5 | N6: =M6 -> 206.5 | O6: =M6 -> 206.5 | P6: =M6 -> 206.5 | Q6: =M6 -> 206.5 | W6: 826
A7: materiālu piegādes izdevumi | B7: delivery | C7: =950+790 -> 1740 | E7: =220+250.94 -> 470.94 | G7: =C7+E7 -> 2210.94 | J7: object square | K7: hours optimal/ m2 | M7: =213.9+54.22 -> 268.12 | N7: =213+59.2 -> 272.2 | O7: =38.5+9.67+22+48.93+116+8.87 -> 243.97 | P7: =56.88 -> 56.88 | W7: =M7+N7+O7+P7+Q7+R7+S7+T7+U7+V7 -> 841.17
A8: apakšuzņēmēji | B8: subcontractors | C8: 478.05 | E8: =2822.9+956.1+478.05+12120.85+797+1253 -> 18427.9 | G8: =C8+E8 -> 18905.95 | J8: m2<50 | K8: 13
A9: darba algas | B9: salaries | C9: =((123.08*16+9.53*15+236.03*14.5+101.55*14+118.37*13.5)-C13)*1.42 -> 6467.1912 | D9: =C9+C10+C11+C13+C12 -> 15537.226 | E9: =(352+685.02+2581.5+250+128.61-E13)*1.42 -> 2693.9246 | F9: =E9+E10+E11+E13+E12 -> 8600.7751 | G9: =C9+E9 -> 9161.1158 | H9: =G9+G10+G11+G13+G12 -> 24138.001 | J9: 50<m2<100 | K9: 12
A10: DD VSAOI | B10: tax for salaries | C10: =C9*0.2359 -> 1525.6104 | E10: =E9*0.2359 -> 635.49681 | G10: =C10+E10 -> 2161.1072
A11: uzkrājums atvaļinājumam | B11: vacation allowance | C11: =(C9+C10)*0.08 -> 639.42413 | E11: =(E9+E10)*0.08 -> 266.35371 | G11: =C11+E11 -> 905.77784 | J11: materials and equipment costs
A12: administratīvie izdevumi 7% | B12: administrative costs 7% | C12: =(C4)*0.07 -> 2905 | E12: =(E4)*0.07 -> 2905 | G12: =C12+E12 -> 5810 | J12: planned | K12: 8093.49
A13: komandējuma dienas naudas | B13: travel allowance | C13: =(5*15+3-2+4)*50 -> 4000 | E13: =150+50*7+400+1200 -> 2100 | G13: =C13+E13 -> 6100 | J13: in fact | K13: =G6+G7 -> 8279.21
A14: komandējuma izdevumi- naktsmītne | B14: travel expenses (hotels) | C14: =2339.08 -> 2339.08 | D14: =C14+C17+C15 -> 3747.28 | E14: =80+95 -> 175 | F14: =E14+E17+E15 -> 4983.79 | G14: =C14+E14 -> 2514.08 | H14: =G14+G17+G15+G18 -> 8731.07
A15: komandējuma izdevumi- ceļš | B15: travel expenses ( tickets, road costs) | C15: =232.99+466.45+70.23+111.72 -> 881.39 | E15: =66.81+117.71 -> 184.52 | G15: =C15+E15 -> 1065.91 | J15: Salaries and taxes
A16: komandējuma izdevumi (administrācija) | B16: travel expenses (administration) | C16: 60.48 | E16: =113.79+27.9+60+27+43.2+19.91+42.36+22.36+20.09+392.51+35.47 -> 804.59 | G16: =C16+E16 -> 865.07 | J16: planned | K16: 20641.85
A17: citi izdevumi | B17: other expenses | C17: =125+253.31+11.55+11.57+88.85+25+11.53 -> 526.81 | E17: =11.53+11.49+93.08+9+152+156+232.38+125+2559.12+1274.67 -> 4624.27 | G17: =C17+E17 -> 5151.08 | J17: in fact | K17: =H9-G12 -> 18328.001
J18: hours cost in fact | K18: =K17/W7 -> 21.7887 | M18: travel and living costs
A19: peļņa bruto | B19: profit/ loss | C19: =C4-C5 -> 14716.684 | D19: =C19/C4 -> 0.3546189 | E19: =E4-E5 -> 8229.0849 | F19: =E19/E4 -> 0.1982912 | G19: =G4-G5 -> 22945.769 | H19: =G19/G4 -> 0.27645505 | M19: 16/09-22/09 | N19: 23/09-29/09 | O19: 30/09-6/10 | P19: 7/10-9/10 | W19: total
A20: plānotā peļņa | B20: planned profit | G20: =K4-61896.21 -> 21103.79 | H20: =G20/K4 -> 0.25426253 | J20: hours per m2 | M20: 1 | N20: 2 | O20: 3 | P20: 4 | Q20: 5 | R20: 6 | S20: 7 | T20: 8 | U20: 9 | V20: 10
J21: planned | K21: =W6/K6 -> 10.032795 | M21: =W21/4 -> 1687.5 | N21: =M21 -> 1687.5 | O21: =M21 -> 1687.5 | P21: =M21 -> 1687.5 | Q21: =M21 -> 1687.5 | W21: =K26 -> 6750
A22: Direct costs | B22: actual costs | C22: planned costs | J22: in fact | K22: =W7/K6 -> 10.217053 | M22: =C14+C15 -> 3220.47 | O22: =80+66.81 -> 146.81 | P22: =117.71+95 -> 212.71 | W22: =M22+N22+O22+P22+Q22+R22+S22+T22+U22+V22 -> 3579.99
A23: Materials, incl.delivery, and subcontractors | B23: =H6/G5 -> 0.45267685 | C23: =(8093.49)/61896.21 -> 0.13075906 | J23: m2 costs | K23: =K22*K18 -> 222.61631
A24: Salaries and taxes | B24: =H9/G5 -> 0.40193672 | C24: =20641.85/61896.21 -> 0.33349134
A25: Other costs | B25: =H14/G5 -> 0.14538643 | C25: =23685.87/61896.21 -> 0.38267076 | J25: travel and living costs
J26: planned | K26: 6750
J27: in fact | K27: =G14+G15 -> 3579.99
J28: living costs per worked hour | K28: =G14/W7 -> 2.9887894
J30: Subcontractors budget, EUR
J31: Payments to subcontractor, EUR | K31: =G8 -> 18905.95
J33: date of report
J34: 45691

Sheet MUN
A1: MUN | B1: Calzedonia and Intimissimi SC Riem Arcaden Willy-Brandt-Platz 5, 81829 München, Germany 19/08-16/09
A2: Object costs
C3: Augusts | E3: Septembris | G3: Total | J3: General data | M3: worked hours
A4: Objekta ieņēmumi kopā | B4: Budget total | C4: =K4/2 -> 44912.735 | E4: =C4+K5 -> 47616.275 | G4: =E4+C4 -> 92529.01 | J4: Contract amount EUR | K4: =F43+F44 -> 89825.47 | M4: 19/08-25/08 | N4: 26/08-01/09 | O4: 2/09-8/09 | P4: 09/08-16/09 | W4: total
A5: Objekta tiešie izdevumi | B5: Direct costs | C5: =C6+C7+C8+C9+C10+C11+C13+C14+C17+C15+C12 -> 33523.523 | E5: =E6+E7+E8+E9+E10+E11+E13+E14+E17+E15+E12 -> 32200.254 | G5: =G6+G7+G8+G9+G10+G11+G13+G14+G17+G15+G12+G18 -> 65723.777 | J5: Additional works, EUR | K5: 2703.54 | M5: 1 | N5: 2 | O5: 3 | P5: 4 | Q5: 5 | R5: 6 | S5: 7 | T5: 8 | U5: 9 | V5: 10
A6: materiālu un aprīkojuma iegāde | B6: materials and equipment | C6: =D39+2284.76+114.07+317+615.63+133.67+94.81+80.9+12.96+32.15+309.35+239.14+220.72+839.25+118.4+212.87+6.48+78.72+54.99+490.55+49.8+3.95+122.02+66.9+117.3+41.95+173.3+149.11 -> 6980.75 | D6: =C6+C7+C8 -> 9330.75 | E6: =417.56+17.3+330.3+114.86+44.71+13.38+15.95+39.3+11.99+7.63+87.48+15.4+13.08+92.76+36.44+138.5+17.9+62.3+45.24+44.92+20.94+4.39+12.09+46.05+211.97+41.95+34.44+27.5-212.22+20.99+72.7+145.43+44.5 -> 2037.73 | F6: =E6+E7+E8 -> 15541.68 | G6: =C6+E6 -> 9018.48 | H6: =G6+G7+G8 -> 24872.43 | J6: square m2 | K6: =50.16+8.72+75.13+7.53 -> 141.54 | M6: =W6/5 -> 211.16 | N6: =M6 -> 211.16 | O6: =M6 -> 211.16 | P6: =M6 -> 211.16 | Q6: =M6 -> 211.16 | W6: =394.74+661.06 -> 1055.8
A7: materiālu piegādes izdevumi | B7: delivery | C7: 850 | E7: 850 | G7: =C7+E7 -> 1700 | J7: object square | K7: hours optimal/ m2 | M7: 337 | N7: 319 | O7: 271.8 | P7: 180.18 | W7: =M7+N7+O7+P7+Q7+R7+S7+T7+U7+V7 -> 1107.98
A8: apakšuzņēmēji | B8: subcontractors | C8: 1500 | E8: =4190.77+542.13+583.56+5295.33+1733.83+308.33 -> 12653.95 | G8: =C8+E8 -> 14153.95 | J8: m2<50 | K8: 13
A9: darba algas | B9: salaries | C9: =((1810.08+1948.95+1758.85+1735.76+6.5+847.86+1042.3+500)-C13)*1.42 -> 8165.426 | D9: =C9+C10+C11+C13+C12 -> 17942.873 | E9: =((113.92*13.5+113.62*13+7.78*13.5+114.1*14.5+102.57*15)-E13)*1.42 -> 3852.4742 | F9: =E9+E10+E11+E13+E12 -> 12075.314 | G9: =C9+E9 -> 12017.9 | H9: =G9+G10+G11+G13+G12 -> 30018.187 | J9: 50<m2<100 | K9: 12
A10: DD VSAOI | B10: tax for salaries | C10: =C9*0.2359 -> 1926.224 | E10: =E9*0.2359 -> 908.79866 | G10: =C10+E10 -> 2835.0227
A11: uzkrājums atvaļinājumam | B11: vacation allowance | C11: =(C9+C10)*0.08 -> 807.332 | E11: =(E9+E10)*0.08 -> 380.90183 | G11: =C11+E11 -> 1188.2338 | J11: materials and equipment costs
A12: administratīvie izdevumi 7% | B12: administrative costs 7% | C12: =(C4)*0.07 -> 3143.8915 | E12: =(E4)*0.07 -> 3333.1393 | G12: =C12+E12 -> 6477.0307 | J12: planned | K12: =4475.02+6479.72 -> 10954.74
A13: komandējuma dienas naudas | B13: travel allowance | C13: =6*13*50 -> 3900 | E13: =72*50 -> 3600 | G13: =C13+E13 -> 7500 | J13: in fact | K13: =G6+G7 -> 10718.48
A14: komandējuma izdevumi- naktsmītne | B14: travel expenses (hotels) | C14: =2520+540 -> 3060 | D14: =C14+C17+C15 -> 6249.9 | E14: =2700+28+167.4 -> 2895.4 | F14: =E14+E17+E15 -> 4583.26 | G14: =C14+E14 -> 5955.4 | H14: =G14+G17+G15+G18 -> 10833.16
A15: komandējuma izdevumi- ceļš | B15: travel expenses ( tickets, road costs) | C15: =191.92+333.67*2+416.98 -> 1276.24 | E15: 106.52 | G15: =C15+E15 -> 1382.76 | J15: Salaries and taxes
A16: komandējuma izdevumi (administrācija) | B16: travel expenses (administration) | C16: =346.99*2 -> 693.98 | E16: =21+21.4+10+19+291.53+5.99+19.5+575.1+206.99+184.99+23.32+45.92+236.64+23.6+1.9*4+13.6+18.2+353.9 -> 2078.28 | G16: =C16+E16 -> 2772.26 | J16: planned | K16: =10658.07+17832.33 -> 28490.4
A17: citi izdevumi | B17: other expenses | C17: =250.21+327.73+12+189.57+13.4+1120.75 -> 1913.66 | E17: =125+26.46+5+38+24+5+24.99+30+271.45+101.99+20.45+909 -> 1581.34 | G17: =C17+E17 -> 3495 | J17: in fact | K17: =H9-G12 -> 23541.157
J18: hours cost in fact | K18: =K17/W7 -> 21.246915 | M18: travel and living costs
A19: peļņa bruto | B19: profit/ loss | C19: =C4-C5 -> 11389.212 | D19: =C19/C4 -> 0.25358535 | E19: =E4-E5 -> 15416.021 | F19: =E19/E4 -> 0.32375529 | G19: =G4-G5 -> 26805.233 | H19: =G19/G4 -> 0.28969544 | M19: 19/08-25/08 | N19: 26/08-01/09 | O19: 2/09-8/09 | P19: 09/08-16/09 | W19: total
A20: plānotā peļņa | B20: planned profit | G20: =K4-27609-37391.69 -> 24824.78 | H20: =G20/K4 -> 0.27636683 | J20: hours per m2 | M20: 1 | N20: 2 | O20: 3 | P20: 4 | Q20: 5 | R20: 6 | S20: 7 | T20: 8 | U20: 9 | V20: 10
J21: planned | K21: =W6/K6 -> 7.4593754 | M21: =W21/5 -> 2000 | N21: =M21 -> 2000 | O21: =M21 -> 2000 | P21: =M21 -> 2000 | Q21: =M21 -> 2000 | W21: =K26 -> 10000
A22: Direct costs | B22: actual costs | C22: planned costs | J22: in fact | K22: =W7/K6 -> 7.8280345 | M22: =C14+C15 -> 4336.24 | N22: 2700 | O22: 106.52 | P22: =28+167.4 -> 195.4 | W22: =M22+N22+O22+P22+Q22+R22+S22+T22+U22+V22 -> 7338.16
A23: Materials, incl.delivery, and subcontractors | B23: =H6/G5 -> 0.37843884 | C23: =(4475.02+6479.72)/(27609+37391.69) -> 0.16853267 | J23: m2 costs | K23: =K22*K18 -> 166.32158
A24: Salaries and taxes | B24: =H9/G5 -> 0.45673253 | C24: =(10658.07+17832.33)/(27609+37391.69) -> 0.43830919
A25: Other costs | B25: =H14/G5 -> 0.16482863 | C25: =(12476.78+13063.44)/(27609+37391.69) -> 0.39292229 | J25: travel and living costs
J26: planned | K26: 10000
J27: in fact | K27: =G14+G15 -> 7338.16
J28: living costs per worked hour | K28: =G14/W7 -> 5.3750068
J30: Subcontractors budget, EUR
J31: Payments to subcontractor, EUR | K31: =G8 -> 14153.95
J33: date of report
J34: 45607
C38: avansi
C39: Riga Wood
C40: EL Support
C42: 0.3 | D42: 0.6 | E42: 0.1 | F42: KOPĀ
B43: 38864.31 | C43: =ROUND(B43*0.3,2) -> 11659.29 | D43: =ROUND(B43*0.6,2) -> 23318.59 | E43: =ROUND(B43*0.1,2) -> 3886.43 | F43: =C43+D43+E43 -> 38864.31 | G43: Calzedonia
B44: 50961.16 | C44: =ROUND(B44*0.3,2) -> 15288.35 | D44: =ROUND(B44*0.6,2) -> 30576.7 | E44: =ROUND(B44*0.1,2)-0.01 -> 5096.11 | F44: =C44+D44+E44 -> 50961.16 | G44: Intimissimi
D45: =SUM(D43:D44) -> 53895.29 | E45: =SUM(E43:E44) -> 8982.54

Sheet ING
A1: ING | B1: Calzedonia Am Westpark 6, 85057 Ingolstadt, Germany, 2/08/2024-22/08/2024
A2: Object costs
C3: Augusts | G3: Total | J3: General data | M3: worked hours
A4: Objekta ieņēmumi kopā | B4: Budget total | C4: =K4+K5 -> 62500 | G4: =E4+C4 -> 62500 | J4: Contract amount EUR | K4: 59000 | M4: 2/8-11/8 | N4: 12/08-18/08 | O4: 19/08-25/08 | Y4: total
A5: Objekta tiešie izdevumi | B5: Direct costs | C5: =C6+C7+C8+C9+C10+C11+C13+C14+C17+C15+C12 -> 55305.872 | E5: =E6+E7+E8+E9+E10+E11+E13+E14+E17+E15+E12 -> 0 | G5: =G6+G7+G8+G9+G10+G11+G13+G14+G17+G15+G12+G18 -> 55305.872 | J5: Additional works, EUR | K5: 3500 | M5: 1 | N5: 2 | O5: 3 | P5: 4 | R5: 5 | S5: 6 | T5: 7 | U5: 8 | V5: 9 | W5: 10 | X5: 11
A6: materiālu un aprīkojuma iegāde | B6: materials and equipment | C6: =1788.53+124.45+225.42+110.55+145+38.49+212.65+587.33+541.51+135.29+166.45+37.55+13.7+137.55+35.75+170.8+94.05+82.74+98.05+78.98+26.65+99.7+77.9+102.75+23.74+332.96+128.69+99.1+123.24+76.8+34.75+34.95+76.95+26.9 -> 6089.92 | D6: =C6+C7+C8 -> 27208.25 | F6: =E6+E7+E8 -> 0 | G6: =C6+E6 -> 6089.92 | H6: =G6+G7+G8 -> 27208.25 | J6: square m2 | K6: =50.67+1.72 -> 52.39 | M6: =Y6/3 -> 208.17 | N6: =M6 -> 208.17 | O6: =N6 -> 208.17 | Y6: 624.51
A7: materiālu piegādes izdevumi | B7: delivery | C7: =730+618 -> 1348 | G7: =C7+E7 -> 1348 | J7: object square | K7: hours optimal/ m2 | M7: 376.15 | N7: 235 | O7: 190 | Y7: =M7+N7+O7+P7+R7+S7+X7+T7+U7+V7+W7 -> 801.15 | Z7: ir ok, bez Alex
A8: apakšuzņēmēji | B8: subcontractors | C8: =3834.45+2626.62+945.3+12363.96 -> 19770.33 | G8: =C8+E8 -> 19770.33 | J8: m2<50 | K8: 13
A9: darba algas | B9: salaries | C9: =(200+181.3*16+176.98*13+84.32*12+358.84*14.5-C13)*1.42 -> 8685.5152 | D9: =C9+C10+C11+C13+C12 -> 21468.182 | F9: =E9+E10+E11+E13+E12 -> 0 | G9: =C9+E9 -> 8685.5152 | H9: =G9+G10+G11+G13+G12 -> 21468.182 | J9: 50<m2<100 | K9: 12
A10: DD VSAOI | B10: tax for salaries | C10: =C9*0.2359 -> 2048.913 | E10: =E9*0.2359 -> 0 | G10: =C10+E10 -> 2048.913
A11: uzkrājums atvaļinājumam | B11: vacation allowance | C11: =(C9+C10)*0.08 -> 858.75426 | E11: =(E9+E10)*0.08 -> 0 | G11: =C11+E11 -> 858.75426 | J11: materials and equipment costs
A12: administratīvie izdevumi 7% | B12: administrative costs 7% | C12: =(C4)*0.07 -> 4375 | E12: =(E4)*0.07 -> 0 | G12: =C12+E12 -> 4375 | J12: planned | K12: 7144.64
A13: komandējuma dienas naudas | B13: travel allowance | C13: =110*50 -> 5500 | G13: =C13+E13 -> 5500 | J13: in fact | K13: =G6+G7 -> 7437.92
A14: komandējuma izdevumi- naktsmītne | B14: travel expenses (hotels) | C14: =3375+100.11+35.05+70.8 -> 3580.96 | D14: =C14+C17+C15 -> 6629.44 | F14: =E14+E17+E15 -> 0 | G14: =C14+E14 -> 3580.96 | H14: =G14+G17+G15+G18 -> 6629.44
A15: komandējuma izdevumi- ceļš | B15: travel expenses ( tickets, road costs) | C15: =386.97+271.75 -> 658.72 | G15: =C15+E15 -> 658.72 | J15: Salaries and taxes
A16: komandējuma izdevumi (administrācija) | B16: travel expenses (administration) | C16: =206.4+503.98+15.97+33.8+23.32+211.07+174.4+28 -> 1196.94 | G16: =C16+E16 -> 1196.94 | J16: planned | K16: =13233.85+3000 -> 16233.85
A17: citi izdevumi | B17: other expenses | C17: =188.78+11.68+9+28.54+125+161+398.47+15+27.72+17.77+18.4+24.55+109.95+1253.9 -> 2389.76 | G17: =C17+E17 -> 2389.76 | J17: in fact | K17: =H9-G12 -> 17093.182
J18: hours cost in fact | K18: =K17/Y7 -> 21.335808 | M18: travel and living costs
A19: peļņa bruto | B19: profit/ loss | C19: =C4-C5 -> 7194.1275 | D19: =C19/C4 -> 0.11510604 | E19: =E4-E5 -> 0 | F19: =E19/E4 -> #DIV/0! | G19: =G4-G5 -> 7194.1275 | H19: =G19/G4 -> 0.11510604 | M19: 2/8-11/8 | N19: 12/08-18/08 | O19: 19/08-25/08 | Y19: total
A20: plānotā peļņa | B20: planned profit | G20: =K4-45823.45 -> 13176.55 | H20: =G20/K4 -> 0.22333136 | J20: hours per m2 | M20: 1 | N20: 2 | O20: 3 | P20: 4 | R20: 5 | S20: 6 | T20: 7 | U20: 8 | V20: 9 | W20: 10 | X20: 11
J21: planned | K21: =Y6/K6 -> 11.920405 | M21: =Y21/3 -> 1333.3333 | N21: =M21 -> 1333.3333 | O21: =M21 -> 1333.3333 | Y21: =K26 -> 4000
A22: Direct costs | B22: actual costs | C22: planned costs | J22: in fact | K22: =Y7/K6 -> 15.29204 | M22: =G15+G14 -> 4239.68 | Y22: =M22+N22+O22+P22+R22+S22+X22+T22+U22+V22+W22 -> 4239.68
A23: Materials, incl.delivery, and subcontractors | B23: =H6/G5 -> 0.49195951 | C23: =7144.64/45823.45 -> 0.15591668 | J23: m2 costs | K23: =K22*K18 -> 326.26804
A24: Salaries and taxes | B24: =H9/G5 -> 0.38817184 | C24: =13233.85/45823.46 -> 0.28880076
A25: Other costs | B25: =H14/G5 -> 0.11986865 | C25: =(19887.76+5603)/45823.45 -> 0.55628199 | J25: travel and living costs
J26: planned | K26: 4000
J27: in fact | K27: =G14+G15 -> 4239.68
J28: living costs per worked hour | K28: =G14/Y7 -> 4.4697747
J30: Subcontractors budget, EUR
J31: Payments to subcontractor, EUR | K31: =G8 -> 19770.33
J33: date of report
J34: 45575
C38: avansi | D38: =D39+D40 -> 1254.7
C39: Megie | D39: 200
C40: Buchl | D40: 1054.7

Sheet LULU2
A1: LULU2 | B1: lululemon , Existing Store Demolition Works, 08/07-22/07
A2: Object costs
C3: Jūlijs | E3: Novembris | G3: Total | J3: General data | M3: worked hours
A4: Objekta ieņēmumi kopā | B4: Budget total | C4: =K4 -> 12910 | E4: =K5 -> 11947.66 | G4: =E4+C4 -> 24857.66 | J4: Contract amount EUR | K4: 12910 | M4: 08/07-14/07 | N4: 15/07-21/07 | X4: total | Z4: total
A5: Objekta tiešie izdevumi | B5: Direct costs | C5: =C6+C7+C8+C9+C10+C11+C13+C14+C17+C15+C12 -> 7479.4685 | E5: =E6+E7+E8+E9+E10+E11+E13+E14+E17+E15+E12 -> 8177.4231 | G5: =G6+G7+G8+G9+G10+G11+G13+G14+G17+G15+G12+G18 -> 15656.892 | J5: Additional works, EUR | K5: =992.02+2200+8755.64 -> 11947.66 | M5: 1 | N5: 2 | O5: 3 | P5: 4 | Q5: 5 | R5: 6 | S5: 7 | T5: 8 | U5: 9 | V5: 10 | W5: 11 | Y5: 11
A6: materiālu un aprīkojuma iegāde | B6: materials and equipment | D6: =C6+C7+C8 -> 1985.9996 | E6: =E51+1114.21 -> 7341.0869 | F6: =E6+E7+E8 -> 7341.0869 | G6: =C6+E6 -> 7341.0869 | H6: =G6+G7+G8 -> 9327.0866 | J6: square m2 | M6: =X6/4 -> 0 | N6: =M6 -> 0 | O6: =M6 -> 0 | P6: =X6/4 -> 0
A7: materiālu piegādes izdevumi | B7: delivery | G7: =C7+E7 -> 0 | J7: object square | K7: hours optimal/ m2 | M7: 200.75 | X7: =M7+N7+O7+P7+Q7+R7+W7+S7+T7+U7+V7 -> 200.75 | Z7: =O7+P7+Q7+R7+S7+T7+Y7+U7+V7+W7+X7 -> 200.75
A8: apakšuzņēmēji | B8: subcontractors | C8: =D40+D41+D45 -> 1985.9996 | G8: =C8+E8 -> 1985.9996 | J8: m2<50 | K8: 13
A9: darba algas | B9: salaries | C9: =(2786-C13)*1.42 -> 1755.12 | D9: =C9+C10+C11+C13+C12 -> 4796.385 | F9: =E9+E10+E11+E13+E12 -> 836.3362 | G9: =C9+E9 -> 1755.12 | H9: =G9+G10+G11+G13+G12 -> 5632.7212 | J9: 50<m2<100 | K9: 12
A10: DD VSAOI | B10: tax for salaries | C10: =C9*0.2359 -> 414.03281 | E10: =E9*0.2359 -> 0 | G10: =C10+E10 -> 414.03281
A11: uzkrājums atvaļinājumam | B11: vacation allowance | C11: =(C9+C10)*0.08 -> 173.53222 | E11: =(E9+E10)*0.08 -> 0 | G11: =C11+E11 -> 173.53222 | J11: materials and equipment costs
A12: administratīvie izdevumi 7% | B12: administrative costs 7% | C12: =(C4)*0.07 -> 903.7 | E12: =(E4)*0.07 -> 836.3362 | G12: =C12+E12 -> 1740.0362 | J12: planned
A13: komandējuma dienas naudas | B13: travel allowance | C13: =31*50 -> 1550 | G13: =C13+E13 -> 1550 | J13: in fact | K13: =G6+G7 -> 7341.0869
A14: komandējuma izdevumi- naktsmītne | B14: travel expenses (hotels) | C14: =D43 -> 697.08381 | D14: =C14+C17+C15 -> 697.08381 | F14: =E14+E17+E15 -> 0 | G14: =C14+E14 -> 697.08381 | H14: =G14+G17+G15+G18 -> 697.08381
A15: komandējuma izdevumi- ceļš | B15: travel expenses ( tickets, road costs) | G15: =C15+E15 -> 0 | J15: Salaries and taxes
A16: komandējuma izdevumi (administrācija) | B16: travel expenses (administration) | G16: =C16+E16 -> 0 | J16: planned
A17: citi izdevumi | B17: other expenses | G17: =C17+E17 -> 0 | J17: in fact | K17: =H9-G12 -> 3892.685
J18: hours cost in fact | K18: =K17/Z7 -> 19.39071 | M18: travel and living costs
A19: peļņa bruto | B19: profit/ loss | C19: =C4-C5 -> 5430.5315 | D19: =C19/C4 -> 0.42064535 | E19: =E4-E5 -> 3770.2369 | F19: =E19/E4 -> 0.31556278 | G19: =G4-G5 -> 9200.7684 | H19: =G19/G4 -> 0.37013815 | M19: 09/09-15/09 | N19: 16/09-22/09 | X19: total | Z19: total
A20: plānotā peļņa | B20: planned profit | H20: =G20/K4 -> 0 | J20: hours per m2 | M20: 1 | N20: 2 | O20: 3 | P20: 4 | Q20: 5 | R20: 6 | S20: 7 | T20: 8 | U20: 9 | V20: 10 | W20: 11 | Y20: 11
J21: planned | K21: =#REF!/K6 -> #REF! | M21: =X21/4 -> #REF! | N21: =M21 -> #REF! | O21: =M21 -> #REF! | P21: =X21/4 -> #REF! | X21: =#REF! -> #REF! | Z21: =#REF! -> #REF!
A22: Direct costs | B22: actual costs | C22: planned costs | J22: in fact | K22: =#REF!/K6 -> #REF! | M22: =G15+G14 -> 697.08381 | X22: =M22+N22+O22+P22+Q22+R22+W22+S22+T22+U22+V22 -> 697.08381 | Z22: =O22+P22+Q22+R22+S22+T22+Y22+U22+V22+W22+X22 -> 697.08381
A23: Materials, incl.delivery, and subcontractors | B23: =H6/G5 -> 0.59571764 | J23: m2 costs | K23: =K22*K18 -> #REF!
A24: Salaries and taxes | B24: =H9/G5 -> 0.35975987
A25: Other costs | B25: =H14/G5 -> 0.04452249 | J25: travel and living costs
J26: planned | K26: =#REF! -> #REF!
J27: in fact | K27: =#REF! -> #REF!
J28: living costs per worked hour | K28: =K27/#REF! -> #REF!
J30: Subcontractors budget, EUR
J31: Payments to subcontractor, EUR | K31: =G8 -> 1985.9996
J33: date of report
J34: 45628
A39: Buildup rēķini | B39: nr. | C39: SEK | D39: EUR | E39: 11.54 | G39: 11.419
A40: Big BAg | B40: 149296691 | C40: 2150.04 | D40: =C40/$G$39 -> 188.28619
B41: 149402893 | C41: 16495.09 | D41: =C41/$G$39 -> 1444.5302
D42: =C42/$G$39 -> 0
A43: Easy Flat | B43: 46008 | C43: 7960 | D43: =C43/$G$39 -> 697.08381
D44: =C44/$G$39 -> 0
A45: Lantz | B45: 182333111606229 | C45: 4033 | D45: =C45/$G$39 -> 353.18329
A47: Artel | B47: 34746 | D47: 54600
A48: Cramo | B48: 11858599 | D48: 12458.16
A49: Stromfeldt | B49: 2414 | D49: 4800
D51: =D47+D48+D49 -> 71858.16 | E51: =D51/E39 -> 6226.8769

Sheet LIN
A1: LIN | B1: Intimissimi Landstraße 9, 4020 Linz, Austria , 09/09/2024-(22)25/09/2024
A2: Object costs
C3: Septembris | G3: Total | J3: General data | M3: worked hours
A4: Objekta ieņēmumi kopā | B4: Budget total | C4: =K4 -> 55000 | G4: =E4+C4 -> 55000 | J4: Contract amount EUR | K4: 55000 | M4: 09/09-15/09 | N4: 16/09-22/09 | O4: 23/09-25/09 | X4: total
A5: Objekta tiešie izdevumi | B5: Direct costs | C5: =C6+C7+C8+C9+C10+C11+C13+C14+C17+C15+C12 -> 43039.989 | E5: =E6+E7+E8+E9+E10+E11+E13+E14+E17+E15+E12 -> 0 | G5: =G6+G7+G8+G9+G10+G11+G13+G14+G17+G15+G12+G18 -> 43039.989 | J5: Additional works, EUR | M5: 1 | N5: 2 | O5: 3 | P5: 4 | Q5: 5 | R5: 6 | S5: 7 | T5: 8 | U5: 9 | V5: 10 | W5: 11
A6: materiālu un aprīkojuma iegāde | B6: materials and equipment | C6: =75.43+1388.66+156.65+27.87+24.83+96.7+7.99+112.7+14.15+58+20.29+56.85+7+206.3+39.92+129.35+69.35+21.72+32.9+18.72+38.9+184.24+109.65 -> 2898.17 | D6: =C6+C7+C8 -> 7336.39 | F6: =E6+E7+E8 -> 0 | G6: =C6+E6 -> 2898.17 | H6: =G6+G7+G8 -> 7336.39 | J6: square m2 | K6: 96.48 | M6: =X6/2 -> 340 | N6: =M6 -> 340 | X6: 680
A7: materiālu piegādes izdevumi | B7: delivery | C7: =103.62+350 -> 453.62 | G7: =C7+E7 -> 453.62 | J7: object square | K7: hours optimal/ m2 | M7: =211.52 -> 211.52 | N7: 269.38 | O7: 117.88 | X7: =M7+N7+O7+P7+Q7+R7+W7+S7+T7+U7+V7 -> 598.78
A8: apakšuzņēmēji | B8: subcontractors | C8: =39+445.6+3500 -> 3984.6 | G8: =C8+E8 -> 3984.6 | J8: m2<50 | K8: 13
A9: darba algas | B9: salaries | C9: =((752.24*15+121.3*14.5+121.07*13.5)-C13)*1.42 -> 14806.191 | D9: =C9+C10+C11+C13+C12 -> 27862.889 | F9: =E9+E10+E11+E13+E12 -> 0 | G9: =C9+E9 -> 14806.191 | H9: =G9+G10+G11+G13+G12 -> 27862.889 | J9: 50<m2<100 | K9: 12
A10: DD VSAOI | B10: tax for salaries | C10: =C9*0.2359 -> 3492.7804 | E10: =E9*0.2359 -> 0 | G10: =C10+E10 -> 3492.7804
A11: uzkrājums atvaļinājumam | B11: vacation allowance | C11: =(C9+C10)*0.08 -> 1463.9177 | E11: =(E9+E10)*0.08 -> 0 | G11: =C11+E11 -> 1463.9177 | J11: materials and equipment costs
A12: administratīvie izdevumi 7% | B12: administrative costs 7% | C12: =(C4)*0.07 -> 3850 | E12: =(E4)*0.07 -> 0 | G12: =C12+E12 -> 3850 | J12: planned | K12: 6238.99
A13: komandējuma dienas naudas | B13: travel allowance | C13: =17*5*50 -> 4250 | G13: =C13+E13 -> 4250 | J13: in fact | K13: =G6+G7 -> 3351.79
A14: komandējuma izdevumi- naktsmītne | B14: travel expenses (hotels) | C14: =1905+872.73 -> 2777.73 | D14: =C14+C17+C15 -> 7840.71 | F14: =E14+E17+E15 -> 0 | G14: =C14+E14 -> 2777.73 | H14: =G14+G17+G15+G18 -> 7840.71
A15: komandējuma izdevumi- ceļš | B15: travel expenses ( tickets, road costs) | C15: =191.99+216.66+345.62+47.4+241.92+53.38+152.95 -> 1249.92 | G15: =C15+E15 -> 1249.92 | J15: Salaries and taxes
A16: komandējuma izdevumi (administrācija) | B16: travel expenses (administration) | C16: =22.5+161.39+447.77+47.4+5.9+9.58+5*50+20.89+21.48+307.6+82.21 -> 1376.72 | G16: =C16+E16 -> 1376.72 | J16: planned | K16: 17771.54
A17: citi izdevumi | B17: other expenses | C17: =181.57+41.66+27.72+3.65+40+6.5*2+10.5*2+60+193.01+35.01*2+37.41+17.41+18.06+6.9+13.4+1.49+13.34+4.2+46.4+8.4+115.39+12.95+3.46+32.97+5.14+87.11+2737.4 -> 3813.06 | G17: =C17+E17 -> 3813.06 | J17: in fact | K17: =H9-G12 -> 24012.889
J18: hours cost in fact | K18: =K17/X7 -> 40.103025 | M18: travel and living costs
A19: peļņa bruto | B19: profit/ loss | C19: =C4-C5 -> 11960.011 | D19: =C19/C4 -> 0.21745474 | E19: =E4-E5 -> 0 | F19: =E19/E4 -> #DIV/0! | G19: =G4-G5 -> 11960.011 | H19: =G19/G4 -> 0.21745474 | M19: 09/09-15/09 | N19: 16/09-22/09 | O19: 23/09-25/09 | X19: total
A20: plānotā peļņa | B20: planned profit | G20: =K4-42347.69 -> 12652.31 | H20: =G20/K4 -> 0.230042 | J20: hours per m2 | M20: 1 | N20: 2 | O20: 3 | P20: 4 | Q20: 5 | R20: 6 | S20: 7 | T20: 8 | U20: 9 | V20: 10 | W20: 11
J21: planned | K21: =X6/K6 -> 7.0480929 | M21: =X21/2 -> 2400 | N21: =M21 -> 2400 | X21: =K26 -> 4800
A22: Direct costs | B22: actual costs | C22: planned costs | J22: in fact | K22: =X7/K6 -> 6.2062604 | M22: =G15+G14-241.92-872.73 -> 2913 | N22: 241.92 | O22: 872.73 | X22: =M22+N22+O22+P22+Q22+R22+W22+S22+T22+U22+V22 -> 4027.65
A23: Materials, incl.delivery, and subcontractors | B23: =H6/G5 -> 0.1704552 | C23: =6238.99/42347.69 -> 0.14732775 | J23: m2 costs | K23: =K22*K18 -> 248.88981
A24: Salaries and taxes | B24: =H9/G5 -> 0.64737212 | C24: =17771.54/42347.69 -> 0.41965784
A25: Other costs | B25: =H14/G5 -> 0.18217268 | C25: =18506.15/42347.69 -> 0.43700495 | J25: travel and living costs
J26: planned | K26: 4800
J27: in fact | K27: =G14+G15 -> 4027.65
J28: living costs per worked hour | K28: =G14/X7 -> 4.6389826
J30: Subcontractors budget, EUR
J31: Payments to subcontractor, EUR | K31: =G8 -> 3984.6
J33: date of report
J34: 45604
C38: avansi
C39: WTW konteiners | D39: 348.01

Sheet WIE
A1: WIE | B1: Calzedonia SC Fischapark, Zehnergürtel 12/24, 2700 Wiener Neustadt, Austria, 19/08-1/09
A2: Object costs
C3: Augusts | E3: Septembris | G3: Total | J3: General data | M3: worked hours
A4: Objekta ieņēmumi kopā | B4: Budget total | C4: =(K4+K5)/2 -> 19500 | E4: =(K4+K5)/2 -> 19500 | G4: =E4+C4 -> 39000 | J4: Contract amount EUR | K4: 39000 | M4: 19/08-25/08 | N4: 26/08-01/09 | O4: 02/09-8/09 | P4: 9/09-15/09 | X4: total
A5: Objekta tiešie izdevumi | B5: Direct costs | C5: =C6+C7+C8+C9+C10+C11+C13+C14+C17+C15+C12 -> 20702.348 | E5: =E6+E7+E8+E9+E10+E11+E13+E14+E17+E15+E12 -> 8136.69 | G5: =G6+G7+G8+G9+G10+G11+G13+G14+G17+G15+G12+G18 -> 28839.038 | J5: Additional works, EUR | M5: 1 | N5: 2 | O5: 3 | P5: 4 | Q5: 5 | R5: 6 | S5: 7 | T5: 8 | U5: 9 | V5: 10 | W5: 11
A6: materiālu un aprīkojuma iegāde | B6: materials and equipment | C6: =992.01+312.77+260.42+153.76+133.67+180.67+154.5+41.95+6.3+8.95+7.15+27.98+2.65+27.8+27.35 -> 2337.93 | D6: =C6+C7+C8 -> 7165.49 | F6: =E6+E7+E8 -> 5792.69 | G6: =C6+E6 -> 2337.93 | H6: =G6+G7+G8 -> 12958.18 | J6: square m2 | K6: =59.19+14.4 -> 73.59 | M6: =X6/2 -> 187.875 | N6: =M6 -> 187.875 | X6: =375.75 -> 375.75
A7: materiālu piegādes izdevumi | B7: delivery | C7: =103.43+57.13 -> 160.56 | E7: =930+890 -> 1820 | G7: =C7+E7 -> 1980.56 | J7: object square | K7: hours optimal/ m2 | M7: 145.57 | N7: 94.9 | X7: =M7+N7+O7+P7+Q7+R7+W7+S7+T7+U7+V7 -> 240.47 | Y7: =X6-X7 -> 135.28
A8: apakšuzņēmēji | B8: subcontractors | C8: =3733.6/8*10 -> 4667 | E8: =695.19+1049+2228.5 -> 3972.69 | G8: =C8+E8 -> 8639.69 | J8: m2<50 | K8: 13
A9: darba algas | B9: salaries | C9: =((1297.55+1174.7+1257.3+450*3)-C13)*1.42 -> 4869.961 | D9: =C9+C10+C11+C13+C12 -> 9515.2876 | F9: =E9+E10+E11+E13+E12 -> 1815 | G9: =C9+E9 -> 4869.961 | H9: =G9+G10+G11+G13+G12 -> 11330.288 | J9: 50<m2<100 | K9: 12
A10: DD VSAOI | B10: tax for salaries | C10: =C9*0.2359 -> 1148.8238 | E10: =E9*0.2359 -> 0 | G10: =C10+E10 -> 1148.8238
A11: uzkrājums atvaļinājumam | B11: vacation allowance | C11: =(C9+C10)*0.08 -> 481.50278 | E11: =(E9+E10)*0.08 -> 0 | G11: =C11+E11 -> 481.50278 | J11: materials and equipment costs
A12: administratīvie izdevumi 7% | B12: administrative costs 7% | C12: =(C4)*0.07 -> 1365 | E12: =(E4)*0.07 -> 1365 | G12: =C12+E12 -> 2730 | J12: planned | K12: =3244.78 -> 3244.78
A13: komandējuma dienas naudas | B13: travel allowance | C13: =11*3*50 -> 1650 | E13: =3*3*50 -> 450 | G13: =C13+E13 -> 2100 | J13: in fact | K13: =G6+G7 -> 4318.49
A14: komandējuma izdevumi- naktsmītne | B14: travel expenses (hotels) | C14: 2010.89 | D14: =C14+C17+C15 -> 4021.57 | E14: 258 | F14: =E14+E17+E15 -> 529 | G14: =C14+E14 -> 2268.89 | H14: =G14+G17+G15+G18 -> 4550.57 | Z14: =G14+G15 -> 2546.48
A15: komandējuma izdevumi- ceļš | B15: travel expenses ( tickets, road costs) | C15: 172.59 | E15: 105 | G15: =C15+E15 -> 277.59 | J15: Salaries and taxes | Z15: =Z14/X7 -> 10.589595
A16: komandējuma izdevumi (administrācija) | B16: travel expenses (administration) | G16: =C16+E16 -> 0 | J16: planned | K16: =10685.56 -> 10685.56
A17: citi izdevumi | B17: other expenses | C17: =134.83+125+27.72+82.75+84.07+1383.72 -> 1838.09 | E17: =10.5+6.5+149 -> 166 | G17: =C17+E17 -> 2004.09 | J17: in fact | K17: =H9-G12 -> 8600.2876
J18: hours cost in fact | K18: =K17/X7 -> 35.764493
A19: peļņa bruto | B19: profit/ loss | C19: =C4-C5 -> -1202.3476 | D19: =C19/C4 -> -0.06165885 | E19: =E4-E5 -> 11363.31 | F19: =E19/E4 -> 0.58273385 | G19: =G4-G5 -> 10160.962 | H19: =G19/G4 -> 0.2605375 | M19: travel and living costs
A20: plānotā peļņa | B20: planned profit | G20: =K4-30125.14 -> 8874.86 | H20: =G20/K4 -> 0.22756051 | J20: hours per m2 | M20: 19/08-25/08 | N20: 26/08-01/09 | O20: 02/09-8/09 | P20: 9/09-15/09 | Q20: 25/09-01/10 | R20: 02/10-06/10 | X20: total
J21: planned | K21: =X6/K6 -> 5.1059927 | M21: 1 | N21: 2 | O21: 3 | P21: 4 | Q21: 5 | R21: 6 | S21: 7 | T21: 8 | U21: 9 | V21: 10 | W21: 11
A22: Direct costs | B22: actual costs | C22: planned costs | J22: in fact | K22: =X7/K6 -> 3.2676994 | M22: =X22/2 -> 1900 | N22: =M22 -> 1900 | X22: =K26 -> 3800
A23: Materials, incl.delivery, and subcontractors | B23: =H6/G5 -> 0.44932775 | C23: =(3244.78)/(30125.14) -> 0.10771004 | J23: m2 costs | K23: =K22*K18 -> 116.86761 | M23: =C14+C15 -> 2183.48 | N23: =258+105 -> 363 | X23: =M23+N23+O23+P23+Q23+R23+W23+S23+T23+U23+V23 -> 2546.48
A24: Salaries and taxes | B24: =H9/G5 -> 0.39288023 | C24: =(10685.56)/(30125.14) -> 0.35470574
A25: Other costs | B25: =H14/G5 -> 0.15779202 | C25: =(16194.81)/(30125.14) -> 0.53758456 | J25: travel and living costs
J26: planned | K26: =3800 -> 3800
J27: in fact | K27: =X23 -> 2546.48
J28: living costs per worked hour | K28: =K27/X7 -> 10.589595
J30: Subcontractors budget, EUR
J31: Payments to subcontractor, EUR | K31: =G8 -> 8639.69
J33: date of report
J34: 45691

Sheet SEI
A1: SEI | B1: Intimissimi Shopping City Seiersberg, 8055 Seiersberg, Austria , 25/07/2024-25/08/2024
A2: Object costs
C3: Jūlijs | E3: Augusts | G3: Septembris | I3: Total | L3: General data | O3: Object address | P3: worked hours
A4: Objekta ieņēmumi kopā | B4: Budget total | C4: =(M4+M5)/3 -> 24632.1 | E4: =(M4+M5)/3*2 -> 49264.2 | I4: =E4+C4+G4 -> 73896.3 | L4: Contract amount EUR | M4: 68000 | O4: Time shedule, weeks | P4: 25/07-28/07 | Q4: 29/07-04/08 | R4: 05/08-11/08 | S4: 12/08-18/08 | T4: 19/08-25/08 | U4: 30/08-31/08 | V4: 45536 | AA4: total
A5: Objekta tiešie izdevumi | B5: Direct costs | C5: =C6+C7+C8+C9+C10+C11+C13+C14+C17+C15+C12 -> 18952.009 | E5: =E6+E7+E8+E9+E10+E11+E13+E14+E17+E15+E12 -> 39557.283 | G5: =G6+G7+G8+G9+G10+G11+G13+G14+G17+G15+G12 -> 2786.5087 | I5: =I6+I7+I8+I9+I10+I11+I13+I14+I17+I15+I12+I18 -> 61295.801 | L5: Additional works, EUR | M5: 5896.3 | P5: 1 | Q5: 2 | R5: 3 | S5: 4 | T5: 5 | U5: 6 | V5: 7 | W5: 8 | X5: 9 | Y5: 10 | Z5: 11
A6: materiālu un aprīkojuma iegāde | B6: materials and equipment | C6: =250.25+2070.8+1280.89+326.24+71.57+66+342.33+64.3+31.9+111.18+109.16+59.94+23.95+52.97+105.68+34.7+132.62+157.83 -> 5292.31 | D6: =C6+C7+C8 -> 6897.31 | E6: =254.98+39.95+114.16+30.47+319.25+5.34+6.62+22.29+16.12+41.03+39.45+44.8+13.38+34.65+18.08+7.15+22.65+7.9+67.45+29.6+16.84+29.8+9.5+23.75+29.9+15.85+53.01+14.95 -> 1328.92 | F6: =E6+E7+E8 -> 21146.7 | H6: =G6+G7+G8 -> 391.9 | I6: =C6+E6+G6 -> 6621.23 | J6: =I6+I7+I8 -> 28435.91 | L6: square m2 | M6: 53.5 | P6: =AA6/5 -> 143.044 | Q6: =P6 -> 143.044 | R6: =P6 -> 143.044 | S6: =P6 -> 143.044 | T6: =P6 -> 143.044 | AA6: 715.22
A7: materiālu piegādes izdevumi | B7: delivery | C7: =670+450+450 -> 1570 | I7: =C7+E7+G7 -> 1570 | L7: object square | M7: hours optimal/ m2 | P7: 73 | Q7: 148 | R7: 107.68 | S7: 217.4 | T7: 188.4 | U7: 30.75 | V7: =45+16 -> 61 | AA7: =P7+Q7+R7+S7+T7+U7+Z7+V7+W7+X7+Y7 -> 826.23 | AB7: ir ok, add.works
A8: apakšuzņēmēji | B8: subcontractors | C8: 35 | E8: =2784.8+1360.55+12027.33+480+2000+1165.1 -> 19817.78 | G8: 391.9 | I8: =C8+E8+G8 -> 20244.68 | L8: m2<50 | M8: 13
A9: darba algas | B9: salaries | C9: =(3551.3-C13)*1.42 -> 2486.846 | D9: =C9+C10+C11+C13+C12 -> 6843.6194 | E9: =(8018.59-E13)*1.42 -> 4570.3978 | F9: =E9+E10+E11+E13+E12 -> 14348.933 | G9: =((44.76*15+8.9*14.5+8.92*13.5+350+14.75*7.5)-G13)*1.42 -> 1606.7229 | H9: =G9+G10+G11+G13+G12 -> 2394.6087 | I9: =C9+E9+G9 -> 8663.9667 | J9: =I9+I10+I11+I13+I12 -> 23587.161 | L9: 50<m2<100 | M9: 12
A10: DD VSAOI | B10: tax for salaries | C10: =C9*0.2359 -> 586.64697 | E10: =E9*0.2359 -> 1078.1568 | G10: =G9*0.2359 -> 379.02593 | I10: =C10+E10+G10 -> 2043.8297
A11: uzkrājums atvaļinājumam | B11: vacation allowance | C11: =(C9+C10)*0.08 -> 245.87944 | E11: =(E9+E10)*0.08 -> 451.88437 | G11: =(G9+G10)*0.08 -> 158.85991 | I11: =C11+E11+G11 -> 856.62372 | L11: materials and equipment costs
A12: administratīvie izdevumi 7% | B12: administrative costs 7% | C12: =(C4)*0.07 -> 1724.247 | E12: =(E4)*0.07 -> 3448.494 | G12: =(G4)*0.07 -> 0 | I12: =C12+E12+G12 -> 5172.741 | L12: planned | M12: 6423.92
A13: komandējuma dienas naudas | B13: travel allowance | C13: =36*50 -> 1800 | E13: =(18*5+6)*50 -> 4800 | G13: =5*50 -> 250 | I13: =C13+E13+G13 -> 6850 | L13: in fact | M13: =I6+I7 -> 8191.23
A14: komandējuma izdevumi- naktsmītne | B14: travel expenses (hotels) | C14: =3049.09+28.88+70.87 -> 3148.84 | D14: =C14+C17+C15 -> 5211.08 | E14: =516.6+182.25 -> 698.85 | F14: =E14+E17+E15 -> 4061.65 | H14: =G14+G17+G15 -> 0 | I14: =C14+E14+G14 -> 3847.69 | J14: =I14+I17+I15+I18 -> 9272.73
A15: komandējuma izdevumi- ceļš | B15: travel expenses ( tickets, road costs) | C15: =186.98+145.47+32.48 -> 364.93 | I15: =C15+E15+G15 -> 364.93 | L15: Salaries and taxes
A16: komandējuma izdevumi (administrācija) | B16: travel expenses (administration) | I16: =C16+E16+G16 -> 0 | L16: planned | M16: 17165.25
A17: citi izdevumi | B17: other expenses | C17: =213.12+24.87+10.78+10+4.4+41.66+27.73+1364.75 -> 1697.31 | E17: =37.5+215.86+85.55+56.89+82.2+72.4+11.5+63.7+1660.8+538.2+538.2 -> 3362.8 | I17: =C17+E17+G17 -> 5060.11 | L17: in fact | M17: =J9-I12 -> 18414.42
I18: =C18+E18+G18 -> 0 | L18: hours cost in fact | M18: =M17/AA7 -> 22.287281
A19: peļņa bruto | B19: profit/ loss | C19: =C4-C5 -> 5680.0906 | D19: =C19/C4 -> 0.23059709 | E19: =E4-E5 -> 9706.917 | F19: =E19/E4 -> 0.19703795 | G19: =G4-G5 -> -2786.5087 | H19: =G19/G4 -> #DIV/0! | I19: =I4-I5 -> 12600.499 | J19: =I19/I4 -> 0.17051596
A20: plānotā peļņa | B20: planned profit | I20: =M4-52859.18 -> 15140.82 | J20: =I20/M4 -> 0.22265912 | L20: hours per m2
L21: planned | M21: =AA6/M6 -> 13.368598 | O21: Object address | P21: travel and living costs
A22: Direct costs | B22: actual costs | C22: planned costs | L22: in fact | M22: =AA7/M6 -> 15.443551 | O22: Time shedule, weeks | P22: 25/07-28/07 | Q22: 29/07-04/08 | R22: 05/08-11/08 | S22: 12/08-18/08 | T22: 19/08-25/08 | AA22: total
A23: Materials, incl.delivery, and subcontractors | B23: =J6/I5 -> 0.46391285 | C23: =6423.92/52859.18 -> 0.12152894 | L23: m2 costs | M23: =M22*M18 -> 344.19477 | P23: 1 | Q23: 2 | R23: 3 | S23: 4 | T23: 5 | U23: 6 | V23: 7 | W23: 8 | X23: 9 | Y23: 10 | Z23: 11
A24: Salaries and taxes | B24: =J9/I5 -> 0.38480876 | C24: =17165.26/52859.18 -> 0.32473565 | P24: =AA24/5 -> 740 | Q24: =P24 -> 740 | R24: =P24 -> 740 | S24: =P24 -> 740 | T24: =P24 -> 740 | AA24: =M26 -> 3700
A25: Other costs | B25: =J14/I5 -> 0.15127839 | C25: =29270/52859.18 -> 0.55373542 | L25: travel and living costs | P25: =186.98+70.87 -> 257.85 | Q25: =3194.54+28.88+32.48 -> 3255.9 | T25: =516.6+182.25 -> 698.85 | AA25: =S25+R25+Q25+P25+T25 -> 4212.6
L26: planned | M26: 3700
L27: in fact | M27: =AA25 -> 4212.6
L28: living costs per worked hour | M28: =M27/AA7 -> 5.0985803
L30: Subcontractors budget, EUR
L31: Payments to subcontractor, EUR | M31: =I8 -> 20244.68
L33: date of report
L34: 45575

Sheet KRE
A1: KRE | B1: Calzedonia restyling Obere Landstrasse 6, Krems, Austria, 26/08-08/09
A2: Object costs
C3: Augusts | E3: Septembris | I3: Total | L3: General data | O3: worked hours
A4: Objekta ieņēmumi kopā | B4: Budget total | C4: =M4/2 -> 20000 | E4: =M4/2 -> 20000 | I4: =E4+C4 -> 40000 | J4: =D4+F4 -> 0 | L4: Contract amount EUR | M4: 40000 | O4: 26/08-01/09 | P4: 02/09-08/09 | Q4: 05/09-07/09 | Z4: total
A5: Objekta tiešie izdevumi | B5: Direct costs | C5: =C6+C7+C8+C9+C10+C11+C13+C14+C17+C15+C12 -> 13937.932 | E5: =E6+E7+E8+E9+E10+E11+E13+E14+E17+E15+E12 -> 13676.239 | G5: =G6+G7+G8+G9+G10+G11+G13+G14+G17+G15+G12 -> 0 | I5: =I6+I7+I8+I9+I10+I11+I13+I14+I17+I15+I12 -> 27614.172 | L5: Additional works, EUR | O5: 1 | P5: 2 | Q5: 3 | R5: 4 | S5: 5 | T5: 6 | U5: 7 | V5: 8 | W5: 9 | X5: 10 | Y5: 11
A6: materiālu un aprīkojuma iegāde | B6: materials and equipment | C6: 3248.29 | D6: =C6+C7+C8 -> 5839.89 | E6: =46.23+50.44+10.49+92.66 -> 199.82 | F6: =E6+E7+E8 -> 6035.7 | H6: =G6+G7+G8 -> 0 | I6: =C6+E6+G6 -> 3448.11 | J6: =I6+I7+I8 -> 11875.59 | L6: square m2 | M6: 73.18 | O6: =Z6/2 -> 181.5 | P6: =O6 -> 181.5 | Q6: =O6 -> 181.5 | R6: =Z6/4 -> 90.75 | Z6: 363
A7: materiālu piegādes izdevumi | B7: delivery | I7: =C7+E7+G7 -> 0 | L7: object square | M7: hours optimal/ m2 | O7: =179.2+10.95 -> 190.15 | P7: =210.32 -> 210.32 | Z7: =O7+P7+Q7+R7+S7+T7+Y7+U7+V7+W7+X7 -> 400.47
A8: apakšuzņēmēji | B8: subcontractors | C8: =1000+1591.6 -> 2591.6 | E8: =2000+17.28+952+1613.6+1253 -> 5835.88 | I8: =C8+E8+G8 -> 8427.48 | L8: m2<50 | M8: 13
A9: darba algas | B9: salaries | C9: =(2618+168.27-C13)*1.42 -> 2039.5034 | D9: =C9+C10+C11+C13+C12 -> 5472.272 | E9: =((55.98*16+102.9*14.5+51.45*14)-E13)*1.42 -> 2425.4026 | F9: =E9+E10+E11+E13+E12 -> 6037.3595 | H9: =G9+G10+G11+G13+G12 -> 0 | I9: =C9+E9+G9 -> 4464.906 | J9: =I9+I10+I11+I13+I12 -> 11509.632 | L9: 50<m2<100 | M9: 12
A10: DD VSAOI | B10: tax for salaries | C10: =C9*0.2359 -> 481.11885 | E10: =E9*0.2359 -> 572.15247 | G10: =G9*0.2359 -> 0 | I10: =C10+E10+G10 -> 1053.2713
A11: uzkrājums atvaļinājumam | B11: vacation allowance | C11: =(C9+C10)*0.08 -> 201.64978 | E11: =(E9+E10)*0.08 -> 239.80441 | G11: =(G9+G10)*0.08 -> 0 | I11: =C11+E11+G11 -> 441.45419 | L11: materials and equipment costs
A12: administratīvie izdevumi 7% | B12: administrative costs 7% | C12: =(C4)*0.07 -> 1400 | E12: =(E4)*0.07 -> 1400 | G12: =(G13+G11+G10+G9)*0.07 -> 0 | I12: =C12+E12+G12 -> 2800 | L12: planned | M12: 122603.78
A13: komandējuma dienas naudas | B13: travel allowance | C13: =4*6*50+3*50 -> 1350 | E13: =7*4*50 -> 1400 | I13: =C13+E13+G13 -> 2750 | L13: in fact | M13: =J6-I8 -> 3448.11
A14: komandējuma izdevumi- naktsmītne | B14: travel expenses (hotels) | C14: 1432.25 | D14: =C14+C17+C15+C16 -> 2625.77 | E14: =D48 -> 0 | F14: =E14+E17+E15+E16 -> 1603.18 | G14: =D49+D50 -> 0 | H14: =G14+G17+G15+G16 -> 0 | I14: =C14+E14+G14 -> 1432.25 | J14: =I14+I17+I15+I16 -> 4228.95
A15: komandējuma izdevumi- ceļš | B15: travel expenses ( tickets, road costs) | E15: 126.32 | I15: =C15+E15+G15 -> 126.32 | L15: Salaries and taxes
A16: komandējuma izdevumi (administrācija) | B16: travel expenses (administration) | I16: =C16+E16+G16 -> 0 | L16: planned | M16: 9194.43
A17: citi izdevumi | B17: other expenses | C17: =137.53+41.66+27.72+0.93+88.68+224.25*4 -> 1193.52 | E17: =125+2.67+3.7+4.52+1.82+63.95+146.73+1.95+3.94+3.44+100.27*2+918.6 -> 1476.86 | I17: =C17+E17+G17 -> 2670.38 | L17: in fact | M17: =J9-I12 -> 8709.6315
A18: peļņa bruto | B18: profit/ loss | C18: =C4-C5 -> 6062.068 | D18: =C18/C4 -> 0.3031034 | E18: =E4-E5 -> 6323.7605 | F18: =E18/E4 -> 0.31618803 | G18: =G4-G5 -> 0 | H18: =G18/G4 -> #DIV/0! | I18: =I4-I5 -> 12385.828 | J18: =I18/I4 -> 0.30964571 | L18: hours cost in fact | M18: =M17/Z7 -> 21.748524 | O18: travel and living costs
A19: plānotā peļņa | B19: planned profit | I19: =M4-31324.13 -> 8675.87 | J19: =I19/M4 -> 0.21689675 | O19: 26/08-01/09 | P19: 02/09-08/09 | Q19: 05/09-07/09 | Z19: total
L20: hours per m2 | O20: 1 | P20: 2 | Q20: 3 | R20: 4 | S20: 5 | T20: 6 | U20: 7 | V20: 8 | W20: 9 | X20: 10 | Y20: 11
A21: Direct costs | B21: actual costs | C21: planned costs | L21: planned | M21: =Z6/M6 -> 4.9603717 | O21: =Z21/2 -> 2400 | P21: =O21 -> 2400 | Q21: =O21 -> 2400 | R21: =Z21/4 -> 1200 | Z21: =M26 -> 4800
A22: Materials, incl.delivery, and subcontractors | B22: =(J6)/I5 -> 0.43005418 | C22: =3765.11/31324.13 -> 0.12019839 | L22: in fact | M22: =Z7/M6 -> 5.4723968 | O22: =1432.25 -> 1432.25 | P22: =E15 -> 126.32 | Z22: =Q22+P22+O22 -> 1558.57
A23: Salaries and taxes | B23: =J9/I5 -> 0.41680162 | C23: =9194.43/31324.13 -> 0.29352547 | L23: m2 costs | M23: =M22*M18 -> 119.01656
A24: Other costs | B24: =(J14)/I5 -> 0.15314419 | C24: =18364.58/31324.13 -> 0.58627582
L25: travel and living costs
L26: planned | M26: =2800+2000 -> 4800
L27: in fact | M27: =I14+I15 -> 1558.57
L28: living costs per worked hour | M28: =M27/Z7 -> 3.8918521
L30: Subcontractors budget, EUR
L31: Payments to subcontractor, EUR | M31: =I8 -> 8427.48
L33: date of report
L34: 45691

Sheet STK
A1: STK | B1: Stockholm, Calzedonia and Intimissimi 22/04-28/04/2024
A2: Object costs
C3: Aprīlis | G3: Novembris | I3: Total | L3: General data | O3: worked hours
A4: Objekta ieņēmumi kopā | B4: Budget total | C4: =M4 -> 7504.45 | E4: =M11 -> 0 | I4: =C4 -> 7504.45 | J4: =D4+F4 -> 0 | L4: Contract amount EUR | M4: =5009.11+2495.34 -> 7504.45 | O4: 22/04-28/04 | P4: 11/09-17/09 | Q4: 18/09-24/09 | R4: 25/09-01/10 | S4: 02/10-06/10 | T4: 45231 | Z4: total
A5: Objekta tiešie izdevumi | B5: Direct costs | C5: =C6+C7+C8+C9+C10+C11+C13+C14+C17+C15+C12 -> 6950.313 | E5: =E6+E7+E8+E9+E10+E11+E13+E14+E17+E15+E12 -> 0 | G5: =G6+G7+G8+G9+G10+G11+G13+G14+G17+G15+G12 -> 0 | I5: =C5+E5+G5 -> 6950.313 | L5: Additional works, EUR | O5: 1 | P5: 2 | Q5: 3 | R5: 4 | S5: 5 | T5: 6 | U5: 7 | V5: 8 | W5: 9 | X5: 10 | Y5: 11
A6: materiālu un aprīkojuma iegāde | B6: materials and equipment | C6: =59+312.53+155.94+101.62+80.77+151.85 -> 861.71 | D6: =C6+C7+C8 -> 861.71 | F6: =E6+E7+E8 -> 0 | H6: =G6+G7+G8 -> 0 | I6: =C6+E6+G6 -> 861.71 | J6: =I6+I7+I8 -> 861.71 | L6: square m2 | O6: =Z6/4 -> 0 | P6: =O6 -> 0 | Q6: =O6 -> 0 | R6: =O6 -> 0
A7: materiālu piegādes izdevumi | B7: delivery | I7: =C7+E7+G7 -> 0 | L7: object square | M7: hours optimal/ m2 | O7: =44.67+43.12 -> 87.79 | Z7: =O7+P7+Q7+R7+S7+T7+Y7+U7+V7+W7+X7 -> 87.79
A8: apakšuzņēmēji | B8: subcontractors | I8: =C8+E8+G8 -> 0 | L8: m2<50 | M8: 13
A9: darba algas | B9: salaries | C9: =(155+469.84+492.1)*1.42 -> 1586.0548 | D9: =C9+C10+C11+C13+C12 -> 3692.333 | F9: =E9+E10+E11+E13+E12 -> 0 | H9: =G9+G10+G11+G13+G12 -> 0 | I9: =C9+E9+G9 -> 1586.0548 | J9: =I9+I10+I11+I13+I12 -> 3692.333 | L9: 50<m2<100 | M9: 12
A10: DD VSAOI | B10: tax for salaries | C10: =C9*0.2359 -> 374.15033 | E10: =E9*0.2359 -> 0 | I10: =C10+E10+G10 -> 374.15033
A11: uzkrājums atvaļinājumam | B11: vacation allowance | C11: =(C9+C10)*0.08 -> 156.81641 | E11: =(E9+E10)*0.08 -> 0 | I11: =C11+E11+G11 -> 156.81641 | L11: materials and equipment costs
A12: administratīvie izdevumi 7% | B12: administrative costs 7% | C12: =M4*0.07 -> 525.3115 | E12: =(E4)*0.07 -> 0 | I12: =C12+E12+G12 -> 525.3115 | L12: planned
A13: komandējuma dienas naudas | B13: travel allowance | C13: =350*3 -> 1050 | I13: =C13+E13+G13 -> 1050 | L13: in fact | M13: =J6-I8 -> 861.71
A14: komandējuma izdevumi- naktsmītne | B14: travel expenses (hotels) | C14: 766.52 | D14: =C14+C17+C15+C16 -> 2396.27 | F14: =E14+E17+E15 -> 0 | H14: =G14+G17+G15 -> 0 | I14: =C14+E14+G14 -> 766.52 | J14: =I14+I17+I15+I16 -> 2396.27
A15: komandējuma izdevumi- ceļš | B15: travel expenses ( tickets, road costs) | C15: =598.17+255+7.07+680.1 -> 1540.34 | I15: =C15+E15+G15 -> 1540.34 | L15: Salaries and taxes
A16: komandējuma izdevumi- administrācija | B16: travel expenses (administration) | I16: =C16+E16+G16 -> 0
A17: citi izdevumi | B17: other expenses | C17: =4.9*2+1.86+2.47+8.01+11.92+3.25+52.1 -> 89.41 | I17: =C17+E17+G17 -> 89.41 | L17: planned
A18: peļņa bruto | B18: profit/ loss | C18: =C4-C5 -> 554.13696 | D18: =C18/C4 -> 0.073841116 | E18: =E4-E5 -> 0 | F18: =E18/E4 -> #DIV/0! | G18: =G4-G5 -> 0 | H18: =G18/G4 -> #DIV/0! | I18: =I4-I5 -> 554.13696 | J18: =I18/I4 -> 0.073841116 | L18: in fact | M18: =J9-I12 -> 3167.0215
L19: hours cost in fact | M19: =M18/V7 -> #DIV/0! | O19: travel and living costs
A20: Direct costs | B20: % | O20: =O4 -> 22/04-28/04 | P20: 11/09-17/09 | Q20: 18/09-24/09 | R20: 25/09-02/10 | S20: 02/10-06/10 | T20: 45231 | Z20: total
A21: Materials, incl.delivery, and subcontractors | B21: =J6/I5*100 -> 12.398147 | L21: hours per m2 | O21: 1 | P21: 2 | Q21: 3 | R21: 4 | S21: 5 | T21: 6 | U21: 7 | V21: 8 | W21: 9 | X21: 10 | Y21: 11
A22: Salaries and taxes | B22: =J9/I5*100 -> 53.124701 | L22: planned | M22: =Y6/M6 -> #DIV/0! | O22: =Z22/5 -> 0 | P22: =O22 -> 0 | Q22: =O22 -> 0 | R22: =O22 -> 0
A23: Other costs | B23: =J14/I5*100 -> 34.477152 | L23: in fact | M23: =Y7/M6 -> #DIV/0! | O23: =598.17+255+7.07+680.1+766.52 -> 2306.86 | Z23: =M28 -> 2306.86
L24: m2 costs | M24: =M23*M19 -> #DIV/0! | P24: ]
L26: travel and living costs
L27: planned
L28: in fact | M28: =J14-I17 -> 2306.86
L29: living costs per worked hour | M29: =M28/V7 -> #DIV/0!
L31: Subcontractors budget, EUR
L32: Payments to subcontractor, EUR
L34: date of report
L35: 45419

Sheet LULU
A1: LULU | B1: lululemon store Biblioteksgatan nr. 9, 11146 Stockholm, Sweden 06/05/2024-28/06/2024
A2: Object costs
C3: Maijs | E3: Jūnijs | G3: Jūlijs | I3: Total | L3: General data | O3: worked hours
A4: Objekta ieņēmumi kopā | B4: Budget total | C4: =M4/2 -> 315236.04 | E4: =M4/2 -> 315236.04 | G4: =I4*0.7 -> 441330.46 | I4: =E4+C4 -> 630472.08 | J4: =D4+F4 -> 0 | L4: Contract amount EUR | M4: =B42-49112 -> 630472.08 | O4: 06/05-12/05 | P4: 13/05-19/05 | Q4: 20/05-26/05 | R4: 27/05-02/06 | S4: 03/06-09/06 | T4: 10/06-16/06 | U4: 17/06-23/06 | V4: 24/06-30/06 | W4: 01/07-07/07 | X4: 08/07-14/07 | Z4: total
A5: Objekta tiešie izdevumi | B5: Direct costs | C5: =C6+C7+C8+C9+C10+C11+C13+C14+C17+C15+C12+C16 -> 135618.18 | E5: =E6+E7+E8+E9+E10+E11+E13+E14+E17+E15+E12+E16 -> 141437.42 | G5: =G6+G7+G8+G9+G10+G11+G13+G14+G17+G15+G12+G16 -> 128675.55 | I5: =I6+I7+I8+I9+I10+I11+I13+I14+I17+I15+I12+I16 -> 405731.15 | L5: Additional works, EUR | O5: 1 | P5: 2 | Q5: 3 | R5: 4 | S5: 5 | T5: 6 | U5: 7 | V5: 8 | W5: 9 | X5: 10 | Y5: 11
A6: materiālu un aprīkojuma iegāde | B6: materials and equipment | C6: =20076.75+D92-D88+2530.04 -> 42486.909 | D6: =C6+C7+C8 -> 78079.436 | E6: =D120+24619.13+42.06 -> 48834.635 | F6: =E6+E7+E8 -> 63278.691 | G6: =D140+6488.27+227.61 -> 11148.182 | H6: =G6+G7+G8 -> 86858.283 | I6: =C6+E6+G6 -> 102469.73 | J6: =I6+I7+I8 -> 228216.41 | L6: square m2 | M6: 555 | O6: =Z6/8 -> 437.87125 | P6: =O6 -> 437.87125 | Q6: =O6 -> 437.87125 | R6: =O6 -> 437.87125 | S6: =O6 -> 437.87125 | T6: =O6 -> 437.87125 | U6: =O6 -> 437.87125 | V6: =O6 -> 437.87125 | Z6: 3502.97
A7: materiālu piegādes izdevumi | B7: delivery | E7: =650+490+840+1200+390+540+250 -> 4360 | G7: =190+690+650+440+390+100+675 -> 3135 | I7: =C7+E7+G7 -> 7495 | L7: object square | M7: hours optimal/ m2 | O7: =21.78+15.13+15.65+20.3+21.72 -> 94.58 | P7: =54.83+54.1+44.77+54.72+54.87+44.82+54.78 -> 362.89 | Q7: =54.65+58.15+8.67+54.28+54.52+8.68+54.43 -> 293.38 | R7: =50.03+49.88+49.03+49.92+50.12+38.98+50+7.23+7.32+7.27+7.33+7.3+7.27+10.2 -> 391.88 | S7: 375 | T7: 485.8 | U7: 485.08 | V7: 441.48 | W7: 306.47 | X7: 200.75 | Z7: =O7+P7+Q7+R7+S7+T7+Y7+U7+V7+W7+X7 -> 3437.31 | AB7: =I9+I10+I11+I13+I14+I15 -> 81898.107
A8: apakšuzņēmēji | B8: subcontractors | C8: =197.38+D54+D58 -> 35592.527 | E8: =D59+D61+D65+D67 -> 10084.055 | G8: =D55+D66+D62+6838.36-3700+D53+D63+D60+D57+D56+D64 -> 72575.102 | I8: =C8+E8+G8 -> 118251.68 | L8: m2<50 | M8: 13 | AB8: =AB7/Z7 -> 23.826221
A9: darba algas | B9: salaries | C9: =7493*1.42 -> 10640.06 | D9: =C9+C10+C11+C13+C12 -> 43918.577 | E9: =(13789.43+30.61+107+109.69+109.14)*1.42 -> 20087.135 | F9: =E9+E10+E11+E13+E12 -> 60778.269 | G9: =(5104.42-G13)*1.42 -> 3840.2764 | H9: =G9+G10+G11+G13+G12 -> 38419.025 | I9: =C9+E9+G9 -> 34567.472 | J9: =I9+I10+I11+I13+I12 -> 143115.87 | L9: 50<m2<100 | M9: 12
A10: DD VSAOI | B10: tax for salaries | C10: =C9*0.2359 -> 2509.9902 | E10: =E9*0.2359 -> 4738.5552 | G10: =G9*0.2359 -> 905.9212 | I10: =C10+E10+G10 -> 8154.4666 | J10: =J9-I12 -> 68089.693 | AB10: =73312+I14+I15 -> 87120.414
A11: uzkrājums atvaļinājumam | B11: vacation allowance | C11: =(C9+C10)*0.08 -> 1052.004 | E11: =(E9+E10)*0.08 -> 1986.0553 | G11: =(G9+G10)*0.08 -> 379.69581 | I11: =C11+E11+G11 -> 3417.7551 | L11: materials and equipment costs | AB11: =AB10/Z7 -> 25.345521
A12: administratīvie izdevumi 7% | B12: administrative costs 7% | C12: =(C4)*0.07 -> 22066.523 | E12: =(E4)*0.07 -> 22066.523 | G12: =(G4)*0.07 -> 30893.132 | I12: =C12+E12+G12 -> 75026.178 | L12: planned | M12: 122603.78
A13: komandējuma dienas naudas | B13: travel allowance | C13: 7650 | E13: 11900 | G13: =(5*7+4+9)*50 -> 2400 | I13: =C13+E13+G13 -> 21950 | L13: in fact | M13: =J6-I8 -> 109964.73
A14: komandējuma izdevumi- naktsmītne | B14: travel expenses (hotels) | C14: =D47 -> 2740.4679 | D14: =C14+C17+C15+C16 -> 13620.171 | E14: =D48+D49+D50+D51+D52+66.6 -> 6872.9258 | F14: =E14+E17+E15+E16 -> 17380.463 | H14: =G14+G17+G15+G16 -> 3398.24 | I14: =C14+E14+G14 -> 9613.3938 | J14: =I14+I17+I15+I16 -> 34398.874
A15: komandējuma izdevumi- ceļš | B15: travel expenses ( tickets, road costs) | C15: =373.6+117.18+82.18+63.32 -> 636.28 | E15: =122.14+46.29+10.15+153.26+71.96+345.05+10.15+6.28+13.29+187.23+776.91 -> 1742.71 | G15: =70.13+327.34+87.13+46.29+582.3+273.84+429 -> 1816.03 | I15: =C15+E15+G15 -> 4195.02 | L15: Salaries and taxes
A16: komandējuma izdevumi (administrācija) | B16: travel expenses (administration) | C16: =72.87+2656.15+137.97+22.03+25.49+20.74+11.15+30.17+200+55.19+6+212.04+90.19+23.32+66.91+29.7+29.3+15.25+118.45+23.32+29.29*2+20.99+77.11+92.58+61.75+186.19 -> 4343.44 | E16: =12+97.73+328.24+186.19+52.95+55.29+61.65+84.82+87.63+11.41+20+41.37+37.65+250+200+200*1.42+252.78+161.95 -> 2225.66 | G16: =48.77+38.05+202.47+42.97+163.41+52.72+30.75+178.18+118.48+29.62+12 -> 917.42 | I16: =C16+E16+G16 -> 7486.52 | L16: planned | M16: 126505.68
A17: citi izdevumi | B17: other expenses | C17: =125+1625.76+73.36+424.66+86.56+10.46+9.35+36.37+36.57+36.62+36.44+36.48+15.41+36.37+36.62+36.69+1.03+1.69+36.66+36.69+36.64+26.92+51.65+47.39+21.63+36.92+36.82+37.13+37.08+37.03+4.96+19.97+262.72+D88+D91 -> 5899.9828 | E17: =37.25+42.09+248.52+174.02+27.41+37.86+38.14+1.09+37.7+25.72+37.53+22.35+496.14+24.92+37.83+37.83+5.12+1.09+37.82+D117+358.44+37.92+38*2+6.78*2+67.78+37.46+37.91+37.89+37.82+17.73+29.64*2+29.73+37.46+4+63.31+192.83+38+D118+174.13 -> 6539.167 | G17: =21.11+158.7+37.5+10.58+109.78+5.29+7.64+7.31+213.29+93.59 -> 664.79 | I17: =C17+E17+G17 -> 13103.94 | L17: in fact | M17: =J9-I12 -> 68089.693
A18: peļņa bruto | B18: profit/ loss | C18: =C4-C5 -> 179617.86 | D18: =C18/C4 -> 0.56978846 | E18: =E4-E5 -> 173798.62 | F18: =E18/E4 -> 0.55132851 | G18: =G4-G5 -> 312654.91 | H18: =G18/G4 -> 0.70843719 | I18: =I4-I5 -> 224740.93 | J18: =I18/I4 -> 0.35646452 | L18: hours cost in fact | M18: =M17/Z7 -> 19.809006
A19: plānotā peļņa | B19: planned profit | I19: =M4-299847 -> 330625.08 | J19: =I19/M4 -> 0.52440876
L20: hours per m2 | O20: travel and living costs
A21: Direct costs | B21: actual costs | C21: planned costs | L21: planned | M21: =Z6/M6 -> 6.3116577 | O21: 02/05-12/05 | P21: 13/05-19/05 | Q21: 20/05-26/05 | R21: 27/05-02/06 | S21: 03/06-09/06 | T21: 10/06-16/06 | U21: 17/06-23/06 | V21: 24/06-28/06 | W21: 01/07-07/07 | X21: 08/07-14/07 | Z21: total
A22: Materials, incl.delivery, and subcontractors | B22: =(J6)/I5 -> 0.56248185 | C22: =126505.68/299847 -> 0.42190077 | L22: in fact | M22: =Z7/M6 -> 6.1933514 | O22: 1 | P22: 2 | Q22: 3 | R22: 4 | S22: 5 | T22: 6 | U22: 7 | V22: 8 | W22: 9 | X22: 10 | Y22: 11
A23: Salaries and taxes | B23: =J9/I5 -> 0.35273572 | C23: =122603.78/299847 -> 0.4088878 | L23: m2 costs | M23: =M22*M18 -> 122.68413 | O23: =Z23/8 -> 1912.5 | P23: =O23 -> 1912.5 | Q23: =O23 -> 1912.5 | R23: =O23 -> 1912.5 | S23: =O23 -> 1912.5 | T23: =O23 -> 1912.5 | U23: =O23 -> 1912.5 | V23: =O23 -> 1912.5 | Z23: =M26 -> 15300
A24: Other costs | B24: =(J14)/I5 -> 0.084782431 | C24: =50737.73/299847 -> 0.16921206 | O24: =373.6+117.18+82.18+D47 -> 3313.4279 | Q24: =63.32+D48 -> 3351.8815 | S24: =122.14+438.47+776.91 -> 1337.52 | T24: =46.29+1981+10.15+153.26 -> 2190.7 | U24: =71.96+345.05+10.15 -> 427.16 | V24: =66.6+6.28+13.29+187.23 -> 273.4 | W24: =87.13+46.29 -> 133.42 | X24: =327.34+582.3+273.84+429 -> 1612.48 | Z24: =O24+P24+Q24+R24+S24+T24+Y24+U24+V24+W24+X24 -> 12639.989
L25: travel and living costs
L26: planned | M26: =1400*9+300*9 -> 15300
L27: in fact | M27: =I14+I15 -> 13808.414
L28: living costs per worked hour | M28: =M27/Z7 -> 4.0172151
L30: Subcontractors budget, EUR | M30: 201713.27
L31: Payments to subcontractor, EUR | M31: =I8 -> 118251.68
L33: date of report
L34: 45547
C37: 0.3 | D37: 0.6 | E37: 0.1
A38: Contract amount SEK | B38: 7883509.4 | C38: =ROUND(B38*0.3,2) -> 2365052.8 | D38: =ROUND(B38*0.6,2) -> 4730105.6 | E38: =ROUND(B38*0.1,2) -> 788350.94
A39: exchange rate | B39: 11.639
A40: Contract amount EUR | B40: =ROUND(B38/B39,2) -> 677335.63 | C40: =ROUND(B40*0.3,2) -> 203200.69 | D40: =ROUND(B40*0.6,2) -> 406401.38 | E40: =ROUND(B40*0.1,2) -> 67733.56
B42: 679584.08 | C42: =ROUND(B42*0.3,2) -> 203875.22 | D42: =C42 -> 203875.22 | E42: =D42 -> 203875.22 | F42: =ROUND(B42*0.1,2)+0.01 -> 67958.42 | I42: =C42+D42+E42+F42 -> 679584.08
E43: 0.025 | F43: =ROUND(B42*0.025,2) -> 16989.6 | I43: garantijas ieturējums
E44: 0.075 | F44: =F42-F43 -> 50968.82 | I44: pēdējais maksājums
A46: Buildup rēķini | B46: nr. | C46: SEK | D46: EUR | E46: 11.54 | L46: Iemaksātie avansi, gaidām preci
A47: EasyFlat, dzīvošana 05 | B47: 103506 | C47: 31625 | D47: =C47/$E$46 -> 2740.4679 | L47: Produs
A48: EasyFlat, dzīvošana 06 | B48: 45479 | C48: 37950 | D48: =C48/$E$46 -> 3288.5615 | L48: Kondair
A49: EasyFlat, dzīvošana 07 | B49: 45701 | C49: 5060 | D49: =C49/$E$46 -> 438.47487 | L49: AJ Produkti
A50: EasyFlat, dzīvošana 07 | B50: 45874 | C50: 22885 | D50: =C50/$E$46 -> 1983.1023 | L50: Salons Objekts
B51: 46009 | C51: 12650 | D51: =C51/$E$46 -> 1096.1872 | E51: =D47+D48+D49+D50+D51 -> 9546.7938 | L51: Stokker
L52: SGM
A53: High Competent Sweden AB | B53: 6927 | C53: 20000 | D53: =C53/$E$46 -> 1733.1023 | M53: =SUM(M47:M52) -> 0
A54: Artel AB, elektriķi 05 | B54: 34659 | C54: 158460 | D54: =C54/$E$46 -> 13731.369
A55: Artel AB, elektriķi 07 | B55: 34678 | C55: 50000 | D55: =C55/$E$46 -> 4332.7556
B56: 34680 | C56: 10000 | D56: =C56/$E$46 -> 866.55113
A57: Artel AB, elektriķi | B57: 34683 | C57: 263000 | D57: =C57/$E$46 -> 22790.295
A58: Motala, līgumssumma | B58: 45420 | C58: 250000 | D58: =C58/$E$46 -> 21663.778
A59: Strömfeldt Projektpartner AB | B59: 45328 | C59: 8000 | D59: =C59/$E$46 -> 693.2409
A60: Strömfeldt Projektpartner AB | B60: 2408/9 | C60: 4800 | D60: =C60/$E$46 -> 415.94454
A61: tretum | C61: 5170 | D61: =C61/$E$46 -> 448.00693
A62: BST sprinkleri | B62: 92403721 | C62: 257550 | D62: =C62/$E$46 -> 22318.024
A63: BST Brandskyddsteamet AB | B63: 92404436 | C63: 171450 | D63: =C63/$E$46 -> 14857.019
A64: Babbis Panagiotidis | B64: 6297 | C64: 20000 | D64: =C64/$E$46 -> 1733.1023
A65: Larm Teletjanst | B65: 23002 | C65: 50000 | D65: =C65/$E$46 -> 4332.7556
A66: Larm Teletjanst | B66: 23155 | C66: 4500 | D66: =C66/$E$46 -> 389.94801
A67: Larm Teletjanst | B67: 23032 | C67: 53200 | D67: =C67/$E$46 -> 4610.052 | E67: =D67+D66+D65+D64+D63+D62+D61+D60+D59+D58+D57+D56+D55+D54+D53 -> 114915.94
A68: Optimera | B68: 6759525-00 | C68: 26229.32 | D68: =C68/$E$46 -> 2272.9047
B69: 69726354 | C69: 1121.26 | D69: =C69/$E$46 -> 97.162912
B70: 69516680 | C70: 1754.81 | D70: =C70/$E$46 -> 152.06326
B71: 69494797 | C71: 716.32 | D71: =C71/$E$46 -> 62.07279
B72: 69452902 | C72: 1324 | D72: =C72/$E$46 -> 114.73137
B73: 69452910 | C73: 31830.27 | D73: =C73/$E$46 -> 2758.2556
B74: 69378826 | C74: 1374.74 | D74: =C74/$E$46 -> 119.12825
B75: 69317709 | C75: 1893.53 | D75: =C75/$E$46 -> 164.08406
B76: 69282242 | C76: 20555.29 | D76: =C76/$E$46 -> 1781.221
B77: 69207942 | C77: 1118.84 | D77: =C77/$E$46 -> 96.953206
B78: 69207959 | C78: 28776.76 | D78: =C78/$E$46 -> 2493.6534
B79: 69188175 | C79: 891.12 | D79: =C79/$E$46 -> 77.220104
B80: 69169027 | C80: 52889.82 | D80: =C80/$E$46 -> 4583.1733
... B82: 69024412 | C82: 15765.75 | D82: =C82/$E$46 -> 1366.1828
A83: BigBag | B83: 146647698 | C83: 4135 | D83: =C83/11.54 -> 358.31889
B84: 146484993 | C84: 3090.08 | D84: =C84/11.54 -> 267.77123
B85: 146913496 | C85: 7939.06 | D85: =C85/11.54 -> 687.96014
B86: 147421994 | C86: 3129 | D86: =C86/11.54 -> 271.14385
B87: 147277891 | C87: 2244 | D87: =C87/11.54 -> 194.45407
A88: weDRAW AB | B88: 240-4 | C88: 27300 | D88: =C88/11.54 -> 2365.6846
B89: 11591517 | C89: 1934.56 | D89: =C89/11.54 -> 167.63951
A90: Cramo | B90: 11605740 | C90: 20264.56 | D90: =C90/11.54 -> 1756.0277
A91: Stockholms Stadt | B91: 8500032230 | C91: 1600 | D91: =C91/11.54 -> 138.64818 | E91: =D88+D91+D117+D118 -> 6351.8198
B92: 45413 | D92: =SUM(D68:D90) -> 22245.803 | E92: =D92+D120+D140 -> 50851.55
A94: Optimera | B94: 69844058 | C94: 2427.59 | D94: =C94/$E$46 -> 210.36308 | E94: =E92+E91+E67+LULU2!D40+LULU2!D41+LULU2!D43+LULU2!D45 -> 174802.4 | F94: Buildup apmaksātie rēķini
B95: 69862811 | C95: 14494.87 | D95: =C95/$E$46 -> 1256.0546 | E95: =(5693+35000+20000+10000+20000+20000+50000+50000)/1.25 -> 168554.4 | F95: Buildup samaksāts
B96: 69954832 | C96: 77933.7 | D96: =C96/$E$46 -> 6753.3536 | E96: =E95-E94 -> -6247.998
B97: 69935476 | C97: 32215.41 | D97: =C97/$E$46 -> 2791.63
B98: 10124972 | C98: 773.79 | D98: =C98/$E$46 -> 67.05286
B99: 10188738 | C99: 1637.05 | D99: =C99/$E$46 -> 141.85875
B100: 10341782 | C100: 1809.28 | D100: =C100/$E$46 -> 156.78336
B101: 10496925 | C101: 52805.85 | D101: =C101/$E$46 -> 4575.8969
A102: Flakt group | B102: 407356858 | C102: 20745 | D102: =C102/$E$46 -> 1797.6603
A104: Ikea | B104: 21102056283 | C104: 12716.8 | D104: =C104/$E$46 -> 1101.9757
A105: Cramo | B105: 11647878 | C105: 9101.28 | D105: =C105/$E$46 -> 788.67244
B106: 11617937 | C106: 8149 | D106: =C106/$E$46 -> 706.15251
B107: 11626598 | C107: 8107 | D107: =C107/$E$46 -> 702.513
A108: BigBag | B108: 147801898 | C108: 2240 | D108: =C108/$E$46 -> 194.10745
B109: 147703896 | C109: 2805 | D109: =C109/$E$46 -> 243.06759
...

Sheet FRA
A1: FRA | B1: Stenders store construction, Main-Taunus-Zentrum 1, 65843 Sulzbach (Taunus), Vācija, 15.05.2024-7.07.2024, 08.08.2024-15.08.2024
A2: Object costs
C3: Maijs 2024 | E3: Jūnijs 2024 | G3: Jūlijs 2024 | I3: Augusts | K3: Septembris | M3: Oktobris | O3: Novembris | Q3: Total | T3: General data | W3: worked hours
A4: Objekta ieņēmumi kopā | B4: Budget total | C4: =(U4+U5-13202.46-8066.3-4330.85)/4*3 -> 109865.02 | E4: =(U4+U5-13202.46-8066.3-4330.85)/4 -> 36621.673 | G4: =13202.46-1825.8 -> 11376.66 | I4: 1825.8 | K4: 8066.3 | M4: 4330.85 | Q4: =E4+C4+G4+I4+K4+M4 -> 172086.3 | T4: Contract amount EUR | U4: 119402.13 | W4: 15/05-19/05 | X4: 20/05-26/05 | Y4: 27/05-02/06 | Z4: 03/06-07/06 | AA4: 10/06-16/06 | AB4: 17/06-23/06 | AC4: 24/06-30/06 | AD4: 01/07-07/07 | AE4: 08/07-14/07 | AF4: augusts | AG4: septembris | AH4: oktobris | AI4: total
A5: Objekta tiešie izdevumi | B5: Direct costs | C5: =C6+C7+C8+C9+C10+C11+C13+C14+C17+C15+C12 -> 33204.929 | E5: =E6+E7+E8+E9+E10+E11+E13+E14+E17+E15+E12 -> 36213.248 | G5: =G6+G7+G8+G9+G10+G11+G13+G14+G17+G15+G12 -> 13896.514 | I5: =I6+I7+I8+I9+I10+I11+I13+I14+I17+I15+I12 -> 50774.488 | K5: =K6+K7+K8+K9+K10+K11+K13+K14+K17+K15+K12 -> 6787.7573 | M5: =M6+M7+M8+M9+M10+M11+M13+M14+M17+M15+M12 -> 5174.8371 | O5: =O6+O7+O8+O9+O10+O11+O13+O14+O17+O15+O12 -> 0 | Q5: =Q6+Q7+Q8+Q9+Q10+Q11+Q13+Q14+Q17+Q15+Q12 -> 146051.77 | T5: Additional works, EUR | U5: =9600+2950+5502+13204.46+7204.76+1825.8+8066.3+4330.85 -> 52684.17 | W5: 1 | X5: 2 | Y5: 3 | Z5: 4 | AA5: 5 | AB5: 6 | AC5: 7 | AD5: 8 | AE5: 9 | AF5: 10 | AG5: 11
A6: materiālu un aprīkojuma iegāde | B6: materials and equipment | C6: =298+414.87+2173.71+1318+38.95+186.89+589.97+68.75-69.95+165.6+92+1100.51+150.69+99.29+114.45+179+46.75+87.7+15.1+42+101.6+477.95+662-107.1+413.21+69.99+369.64+509.58+50.6+7.49+173.98+201.94+187.19 -> 10230.35 | D6: =C6+C7+C8 -> 11420.35 | E6: =72.79+37.29+69.99+129.3-95.15+14.97+118.9+8.25+6.99+188.18+459.23+912.05+148.76+22.7+304.92+260.8+57.9+1206.69+435.35+336.39+141.88+167.9+218.92 -> 5225 | F6: =E6+E7+E8 -> 17539.57 | G6: =26.05-87.61+131.98+164.6+137.55+30.98+84.92 -> 488.47 | H6: =G6+G7+G8 -> 4778.74 | I6: =169.13+10.85+31.05+18.7+10.35+354.3+23.45+51.75+35.5+186+10.8+49.99+15+64.64+87.89+51.1+35.95+92.2+23.28+171.3+17.95-125.8-377.4 -> 1007.98 | J6: =I6+I7+I8 -> 41283.37 | K6: 254.8 | L6: =K6+K7+K8 -> 5138.36 | M6: =279.51+57.34 -> 336.85 | N6: =M6+M7+M8 -> 3520.89 | P6: =O6+O7+O8 -> 0 | Q6: =C6+E6+G6+I6+K6+M6 -> 17543.45 | R6: =Q6+Q7+Q8 -> 83681.28 | T6: square m2 | U6: =115.5+19.7+3.1 -> 138.3 | W6: =AI6/4 -> 226.1475 | X6: =W6 -> 226.1475 | Y6: =W6 -> 226.1475 | Z6: =W6 -> 226.1475 | AI6: 904.59
A7: materiālu piegādes izdevumi | B7: delivery | C7: 390 | E7: =75.97+590 -> 665.97 | Q7: =C7+E7+G7+I7+K7+M7 -> 1055.97 | T7: object square | U7: hours optimal/ m2 | X7: =46.58+45+46.08 -> 137.66 | Y7: =46.17+44.35+46+27.85 -> 164.37 | Z7: 149.03 | AA7: 30.73 | AB7: 8.87 | AC7: 108.45 | AD7: 166.7 | AE7: 28.52 | AF7: 233.3 | AG7: 7.5 | AH7: =18.44+22.63 -> 41.07 | AI7: =W7+X7+Y7+Z7+AA7+AB7+AG7+AC7+AD7+AE7+AF7+AH7 -> 1076.2
A8: apakšuzņēmēji | B8: subcontractors | C8: =800 -> 800 | E8: =3272+140.4+4000+861.9+734.3+2640 -> 11648.6 | G8: =2150+403.37+692.7+1044.2 -> 4290.27 | I8: =22646.88+68.45+735.73+355.4+292+1650+12084.47+262.06+1650+530.4 -> 40275.39 | K8: =600+1080+1350+850+442.8+560.76 -> 4883.56 | M8: =254.8+2929.24 -> 3184.04 | Q8: =C8+E8+G8+I8+K8+M8 -> 65081.86 | T8: m2<50 | U8: 13
A9: darba algas | B9: salaries | C9: 4090.24 | D9: =C9+C10+C11+C13+C12 -> 15350.089 | E9: =(4756.68-2800)*1.42+(689.21+573.45)*1.42+47.21*1.42 -> 4638.501 | F9: =E9+E10+E11+E13+E12 -> 13004.858 | G9: =(3174+300+847-G13)*1.42 -> 3295.82 | H9: =G9+G10+G11+G13+G12 -> 7195.5345 | I9: =((116.28*15+28.45*7.5+117.02*14.5+28.52*7.25+750)-I13)*1.42 -> 3778.8117 | J9: =I9+I10+I11+I13+I12 -> 7121.6581 | K9: =(7.5*16+100-K13)*1.42 -> 99.4 | L9: =K9+K10+K11+K13+K12 -> 847.31734 | M9: =(18.44*14.5+2*7.25+22.62*15+2*7.5-M13)*1.42 -> 477.3756 | N9: =M9+M10+M11+M13+M12 -> 1240.3471 | P9: =O9+O10+O11+O13+O12 -> 0 | Q9: =C9+E9+G9+I9+K9+M9 -> 16380.148 | R9: =Q9+Q10+Q11+Q13+Q12 -> 44759.804 | T9: 50<m2<100 | U9: 12
A10: DD VSAOI | B10: tax for salaries | C10: =C9*0.2359 -> 964.88762 | E10: =E9*0.2359 -> 1094.2224 | G10: =G9*0.2359 -> 777.48394 | I10: =I9*0.2359 -> 891.42168 | K10: =K9*0.2359 -> 23.44846 | M10: =M9*0.2359 -> 112.6129 | O10: =O9*0.2359 -> 0 | Q10: =C10+E10+G10+I10+K10+M10 -> 3864.077
A11: uzkrājums atvaļinājumam | B11: vacation allowance | C11: =(C9+C10)*0.08 -> 404.41021 | E11: =(E9+E10)*0.08 -> 458.61787 | G11: =(G9+G10)*0.08 -> 325.86432 | I11: =(I9+I10)*0.08 -> 373.61867 | K11: =(K9+K10)*0.08 -> 9.8278768 | M11: =(M9+M10)*0.08 -> 47.19908 | O11: =(O9+O10)*0.08 -> 0 | Q11: =C11+E11+G11+I11+K11+M11 -> 1619.538 | T11: materials and equipment costs
A12: administratīvie izdevumi 7% | B12: administrative costs 7% | C12: =(C4)*0.07 -> 7690.5512 | E12: =(E4)*0.07 -> 2563.5171 | G12: =(G4)*0.07 -> 796.3662 | I12: =(I4)*0.07 -> 127.806 | K12: =(K4)*0.07 -> 564.641 | M12: =(M4)*0.07 -> 303.1595 | O12: =(O4)*0.07 -> 0 | Q12: =C12+E12+G12+I12+K12+M12 -> 12046.041 | T12: planned | U12: 24441.7
A13: komandējuma dienas naudas | B13: travel allowance | C13: 2200 | E13: =4*6*50+2*18*50+5*50+20*50 -> 4250 | G13: =4*10*50 -> 2000 | I13: =3*13*50 -> 1950 | K13: 150 | M13: =3*2*50 -> 300 | Q13: =C13+E13+G13+I13+K13+M13 -> 10850 | T13: in fact | U13: =R6-Q8 -> 18599.42
A14: komandējuma izdevumi- naktsmītne | B14: travel expenses (hotels) | C14: =3014.02+414.33 -> 3428.35 | D14: =C14+C17+C15+C16 -> 6434.49 | E14: 2480.95 | F14: =E14+E17+E15+E16 -> 5668.82 | G14: 1214.14 | H14: =G14+G17+G15+G16 -> 1922.24 | I14: =1098.24+134.43+435+28.73 -> 1696.4 | J14: =I14+I17+I15+I16 -> 3643.33 | K14: 208 | L14: =K14+K17+K15+K16 -> 1186.57 | M14: 346 | N14: =M14+M17+M15+M16 -> 1111.55 | P14: =O14+O17+O15+O16 -> 0 | Q14: =C14+E14+G14+I14+K14+M14 -> 9373.84 | R14: =Q14+Q17+Q15+Q16 -> 19967
A15: komandējuma izdevumi- ceļš | B15: travel expenses ( tickets, road costs) | C15: =715.96+322.99+200+153.98 -> 1392.93 | E15: =636.93+59.89+113.67+481.08+116.74+73.07 -> 1481.38 | K15: 278.99 | Q15: =C15+E15+G15+I15+K15+M15 -> 3153.3 | T15: Salaries and taxes
A16: komandējuma izdevumi (administrācija) | B16: travel expenses (administration) | G16: =C16+E16 -> 0 | I16: =240.3+288.98+42+17.68+49.35+384.69+131.8+119.07 -> 1273.87 | K16: =223.3+161.19 -> 384.49 | M16: =84.37+20+301.61+200.32+91.65 -> 697.95 | Q16: =C16+E16+G16+I16+K16+M16 -> 2356.31
A17: citi izdevumi | B17: other expenses | C17: =125+356.21+112.93+14.1+90.9+394.9-164.98+40+5.99+177.9+3.64+456.62 -> 1613.21 | E17: =5+241.2+398.91+78+1.65+318.53+663.2 -> 1706.49 | G17: =9.87+16.73+12+258.15+68.75+69.1+273.5 -> 708.1 | I17: =10+23.1+33.16+42+35.8+23+31+460.48+14.52 -> 673.06 | K17: =37.5+18+24+12+31.5+192.09 -> 315.09 | M17: =26.6+29+12 -> 67.6 | Q17: =C17+E17+G17+I17+K17+M17 -> 5083.55 | T17: planned | U17: =23617.58 -> 23617.58
A18: peļņa bruto | B18: profit/ loss | C18: =C4-C5 -> 76660.088 | D18: =C18/C4 -> 0.69776613 | E18: =E4-E5 -> 408.42417 | F18: =E18/E4 -> 0.011152526 | G18: =G4-G5 -> -2519.8545 | H18: =G18/G4 -> -0.22149334 | I18: =I4-I5 -> -48948.688 | J18: =I18/I4 -> -26.809447 | K18: =K4-K5 -> 1278.5427 | L18: =K18/K4 -> 0.15850423 | M18: =M4-M5 -> -843.98708 | N18: =M18/M4 -> -0.19487793 | O18: =O4-O5 -> 0 | P18: =O18/O4 -> #DIV/0! | Q18: =Q4-Q5 -> 26034.526 | R18: =Q18/Q4 -> 0.15128761 | T18: in fact | U18: =R9-Q12 -> 32713.763
A19: plānotā peļņa | B19: planned profit | Q19: =U4-92234.3 -> 27167.83 | R19: =Q19/U4 -> 0.22753221 | T19: hours cost in fact | U19: =U18/AI7 -> 30.397476
W20: travel and living costs
A21: Direct costs | B21: actual costs | C21: planned costs | T21: hours per m2 | W21: 15/05-19/05 | X21: 20/05-26/05 | Y21: 27/05-02/06 | Z21: 03/06-07/06 | AA21: 10/06-16/06 | AB21: 17/06-23/06 | AC21: 24/06-30/06 | AD21: 01/07-07/07 | AE21: 08/07-14/07 | AF21: augusts | AG21: septembris | AI21: total
A22: Materials, incl.delivery, and subcontractors | B22: =(R6-Q8)/Q5 -> 0.12734813 | C22: =23617.58/92234.3 -> 0.25606071 | T22: planned | U22: =AI6/U6 -> 6.5407809 | W22: 1 | X22: 2 | Y22: 3 | Z22: 4 | AA22: 5 | AB22: 6 | AC22: 7 | AD22: 8 | AE22: 9 | AF22: 10 | AG22: 11
A23: Salaries and taxes | B23: =R9/Q5 -> 0.30646532 | C23: =24441.7/92234.3 -> 0.26499578 | T23: in fact | U23: =AI7/U6 -> 7.7816341 | W23: =AI23/4 -> 1500 | X23: =W23 -> 1500 | Y23: =W23 -> 1500 | Z23: =W23 -> 1500 | AI23: =U27 -> 6000
A24: Other costs | B24: =(R14+Q8)/Q5 -> 0.58231994 | C24: =44175.02/92234.3 -> 0.47894352 | T24: m2 costs | U24: =U23*U19 -> 236.54203 | W24: =715.96+3014.02+414.33+322.99+200 -> 4667.3 | Y24: 153.98 | Z24: =636.93+59.89+113.67 -> 810.49 | AB24: =481.08+116.74+73.07+2480.95 -> 3151.84 | AD24: 1214.14 | AF24: =1098+134.43+435 -> 1667.43 | AI24: =W24+X24+Y24+Z24+AA24+AB24+AG24+AC24+AD24+AE24+AF24 -> 11665.18
T26: travel and living costs
T27: planned | U27: =4500+1500 -> 6000
T28: in fact | U28: =Q14+Q15 -> 12527.14
T29: living costs per worked hour | U29: =U28/AI7 -> 11.64016
T31: Subcontractors budget, EUR
T32: Payments to subcontractor, EUR | U32: =Q8 -> 65081.86
T34: date of report
T35: 45636
D38: 0.3 | E38: 0.6 | F38: 0.1
B39: FR_2024-04-1 | C39: 119402.13 | D39: =ROUND(C39*0.3,2) -> 35820.64 | E39: =ROUND(C39*0.6,2) -> 71641.28 | F39: =ROUND(C39*0.1,2) -> 11940.21
D40: +PVN
D41: 5 darba dienas

Sheet OLA
A1: OLA | B1: Sinsay store ShC OLANIJA, located in Zeiferta street 6, Olaine, Latvia, LV-2114, 15/04/2024-14/06/2024
A2: Object costs
C3: Aprīlis | E3: Maijs | G3: Jūnijs | I3: Total | L3: General data | O3: worked hours
A4: Objekta ieņēmumi kopā | B4: Budget total | C4: =(M4+M5)/8*2 -> 32727.763 | E4: =(M4+M5)/8*4 -> 65455.525 | G4: =(M4+M5)/8*2 -> 32727.763 | I4: =C4+E4+G4 -> 130911.05 | L4: Contract amount EUR | M4: 129183.05 | O4: 15/04-21/04 | P4: 22/04-28/04 | Q4: 29/04-05/05 | R4: 06/05-12/05 | S4: 13/05-19/05 | T4: 20/05-26/05 | U4: 27/05-02/06 | V4: 03/06-07/06 | W4: 08/06-14/06 | Z4: total
A5: Objekta tiešie izdevumi | B5: Direct costs | C5: =C6+C7+C8+C9+C10+C11+C13+C14+C16+C15+C12 -> 18285.353 | E5: =E6+E7+E8+E9+E10+E11+E13+E14+E16+E15+E12 -> 27893.591 | G5: =G6+G7+G8+G9+G10+G11+G13+G14+G16+G15+G12 -> 72768.763 | I5: =I6+I7+I8+I9+I10+I11+I13+I14+I16+I15+I12+I17 -> 118947.71 | L5: Additional works, EUR | M5: 1728 | O5: 1 | P5: 2 | Q5: 3 | R5: 4 | S5: 5 | T5: 6 | U5: 7 | V5: 8 | W5: 9 | X5: 10 | Y5: 11
A6: materiālu un aprīkojuma iegāde | B6: materials and equipment | C6: =325.2+3691.78+120+2287.44+848.2+725.03+522.61+62.7+39.71+26.87+1402.52-676.86 -> 9375.2 | D6: =C6+C7+C8 -> 9792.55 | E6: =391.9+1265.79+13.15+340.63+243.09+47.89+15.62+814.96+81.7+472.66+202.84+18.54+16.51+85.11+164.46+61.29+19.71+755.23+19.45+51.38+37.11+0.5+45.2+2.52+250 -> 5417.24 | F6: =E6+E7+E8 -> 8849.31 | G6: =97.56+53.09+211.77+84.43+10.59+2.2+6.4+11.02+32.16+3.96+15.88+10.24+81.69+9.98+57.98-250+280+180.05+247.74 -> 1146.74 | H6: =G6+G7+G8 -> 65707.66 | I6: =C6+E6+G6 -> 15939.18 | J6: =I6+I7+I8 -> 84349.52 | L6: square m2 | M6: 600.6 | O6: =Z6/9 -> 126.61222 | P6: =O6 -> 126.61222 | Q6: =O6 -> 126.61222 | R6: =Q6 -> 126.61222 | S6: =R6 -> 126.61222 | T6: =O6 -> 126.61222 | U6: =O6 -> 126.61222 | V6: =O6 -> 126.61222 | W6: =O6 -> 126.61222 | Z6: =1139.51 -> 1139.51
A7: materiālu piegādes izdevumi | B7: delivery | E7: 80 | I7: =C7+E7+G7 -> 80 | L7: object square | M7: hours optimal/ m2 | P7: =35.93+37.82+28.88+35.33+36+27 -> 200.96 | Q7: =9.02+18.02+18.82+18.02+18+18+24.62+24.65+10+9.4+26.08+24.65 -> 219.28 | R7: =47.88+46.02+50.43+48.58+39.42+48.65 -> 280.98 | S7: =47.27+42.72+21.12+42.7 -> 153.81 | T7: =36.37+8.77+27.12+9+8.5+9.02+27.77 -> 126.55 | U7: =37.85+25+26+6.73+3.5 -> 99.08 | V7: =86.1+36 -> 122.1 | W7: 75.7 | X7: 25.7 | Z7: =O7+P7+Q7+R7+S7+T7+Y7+U7+V7+W7+X7 -> 1304.16 | AA7: =Z6-Z7 -> -164.65
A8: apakšuzņēmēji | B8: subcontractors | C8: =417.35 -> 417.35 | E8: =452.07+2900 -> 3352.07 | G8: =7125+417.35+480+17+21810.7+417.25+H38+H39+19354.07+252.45 -> 64560.92 | I8: =C8+E8+G8 -> 68330.34 | L8: m2<50 | M8: 13
A9: darba algas | B9: salaries | C9: =((54+45)*9+53.95*12+147.88*10)*1.42 -> 4284.424 | D9: =C9+C10+C11+C13+C12 -> 8009.6726 | E9: =9765.98+459*1.42 -> 10417.76 | F9: =E9+E10+E11+E13+E12 -> 18487.221 | G9: =(123.37*11+70.89*9+50+39.5*10)*1.42 -> 3464.9136 | H9: =G9+G10+G11+G13+G12 -> 6915.813 | I9: =C9+E9+G9 -> 18167.098 | J9: =I9+I10+I11+I13+I12 -> 33412.707 | L9: 50<m2<100 | M9: 12
A10: DD VSAOI | B10: tax for salaries | C10: =C9*0.2359 -> 1010.6956 | E10: =E9*0.2359 -> 2457.5496 | G10: =G9*0.2359 -> 817.37312 | I10: =C10+E10+G10 -> 4285.6183
A11: uzkrājums atvaļinājumam | B11: vacation allowance | C11: =(C9+C10)*0.08 -> 423.60957 | E11: =(E9+E10)*0.08 -> 1030.0248 | G11: =(G9+G10)*0.08 -> 342.58294 | I11: =C11+E11+G11 -> 1796.2173 | L11: materials and equipment costs
A12: administratīvie izdevumi 7% | B12: administrative costs 7% | C12: =(C4)*0.07 -> 2290.9434 | E12: =(E4)*0.07 -> 4581.8868 | G12: =(G4)*0.07 -> 2290.9434 | I12: =C12+E12+G12 -> 9163.7735 | L12: planned | M12: 16356.41
A13: komandējuma dienas naudas | B13: travel allowance | I13: =C13+E13+G13 -> 0 | L13: in fact | M13: =J6-I8 -> 16019.18
A14: komandējuma izdevumi- naktsmītne | B14: travel expenses (hotels) | D14: =C14+C16+C15 -> 483.13 | E14: 45 | F14: =E14+E16+E15 -> 557.06 | G14: 60 | H14: =G14+G16+G15 -> 145.29 | I14: =C14+E14+G14 -> 105 | J14: =I14+I16+I15+I17 -> 1185.48
A15: komandējuma izdevumi- ceļš | B15: travel expenses ( tickets, road costs) | C15: 100 | I15: =C15+E15+G15 -> 100 | L15: Salaries and taxes
A16: citi izdevumi | B16: other expenses | C16: =155.63+125+102.5 -> 383.13 | E16: =282.63+229.43 -> 512.06 | G16: =85.29 -> 85.29 | I16: =C16+E16+G16 -> 980.48 | L16: planned | M16: 23929.69
L17: in fact | M17: =J9-I12 -> 24248.933
A18: peļņa bruto | B18: profit/ loss | C18: =C4-C5 -> 14442.41 | D18: =C18/C4 -> 0.44128926 | E18: =E4-E5 -> 37561.934 | F18: =E18/E4 -> 0.57385429 | G18: =G4-G5 -> -40041.001 | H18: =G18/G4 -> -1.2234567 | I18: =I4-I5 -> 11963.343 | J18: =I18/I4 -> 0.091385283 | L18: hours cost in fact | M18: =M17/Y7 -> #DIV/0!
A19: plānotā peļņa | B19: planned profit | I19: =M4-111344.98 -> 17838.07 | J19: =I19/M4 -> 0.13808367
L20: hours per m2 | O20: travel and living costs
A21: Direct costs | B21: actual costs | C21: planned costs | L21: planned | M21: =Z6/M6 -> 1.897286 | O21: 15/04-21/04 | P21: 22/04-28/04 | Q21: 29/04-05/05 | R21: 06/05-12/05 | S21: 13/05-19/05 | T21: 20/05-26/05 | U21: 27/05-02/06 | V21: 03/06-07/06 | W21: 08/06-14/06 | Z21: total
A22: Materials, incl.delivery, and subcontractors | B22: =(J6-I8)/I5 -> 0.13467414 | C22: =16356.41/111344.98 -> 0.1468985 | L22: in fact | M22: =Z7/M6 -> 2.1714286 | O22: 1 | P22: 2 | Q22: 3 | R22: 4 | S22: 5 | T22: 6 | U22: 7 | V22: 8 | W22: 9 | X22: 10 | Y22: 11
A23: Salaries and taxes | B23: =J9/I5 -> 0.28090249 | C23: =23929.69/111344.98 -> 0.21491485 | L23: m2 costs | M23: =M22*M18 -> #DIV/0! | O23: =Z23/5 -> 0 | P23: =O23 -> 0 | Q23: =O23 -> 0 | R23: =Z23/4 -> 0 | S23: =R23 -> 0
A24: Other costs | B24: =(J14+I8)/I5 -> 0.58442337 | C24: =71058.88/111344.98 -> 0.63818665 | U24: 45 | Z24: =O24+P24+Q24+R24+S24+T24+Y24+U24+V24+W24+X24 -> 45
L25: travel and living costs
L26: planned | M26: =Y27 -> 0
L27: in fact | M27: =Y28 -> 0
L28: living costs per worked hour | M28: =M27/Y7 -> #DIV/0!
L30: Subcontractors budget, EUR | M30: =66858.34 -> 66858.34
L31: Payments to subcontractor, EUR | M31: =I8 -> 68330.34
L33: date of report
L34: 45470
G37: Avansi apakšuzņēmējiem
G38: ElektroLAt | H38: =20626.31-19354.07 -> 1272.24
G39: Ekosilti | H39: 13414.86

Sheet MAT
A1: MAT | B1: Matrožu iela 15, Rīga, 04/04/2024-30/05/2024, 14/06/2024-?
A2: Object costs
C3: Aprīlis | E3: Maijs | G3: Jūnijs | I3: Jūlijs | K3: Augusts | M3: Septembris | O3: Total | R3: General data | U3: Object address | V3: worked hours
A4: Objekta ieņēmumi kopā | B4: Budget total | C4: =(S4)/2 -> 20405.59 | E4: =(S4)/2+5464.29 -> 25869.88 | G4: =886.15+2570.74 -> 3456.89 | I4: =6508.45 -> 6508.45 | K4: =10508.3+360+17200 -> 28068.3 | M4: =1720.14+619+1500 -> 3839.14 | O4: =E4+C4+G4+I4+K4+M4 -> 88148.25 | R4: Contract amount EUR | S4: =40811.18 -> 40811.18 | U4: Time shedule, weeks | V4: 04/04-14/04 | W4: 15/04-21/04 | X4: 22/04-28/04 | Y4: 29/04-05/05 | Z4: 06/05-12/05 | AA4: 13/05-19/05 | AB4: 20/05-26/05 | AC4: 27/05-30/05 | AD4: 14/06-23/06 | AE4: 24/06-30/06 | AG4: total
A5: Objekta tiešie izdevumi | B5: Direct costs | C5: =C6+C7+C8+C9+C10+C11+C13+C14+C17+C15+C12 -> 17675.342 | E5: =E6+E7+E8+E9+E10+E11+E13+E14+E17+E15+E12 -> 22444.996 | G5: =G6+G7+G8+G9+G10+G11+G13+G14+G17+G15+G12 -> 6765.9834 | I5: =I6+I7+I8+I9+I10+I11+I13+I14+I17+I15+I12 -> 2621.7121 | K5: =K6+K7+K8+K9+K10+K11+K13+K14+K17+K15+K12 -> 10464.101 | M5: =M6+M7+M8+M9+M10+M11+M13+M14+M17+M15+M12 -> 14470.46 | O5: =E5+C5+G5+I5+K5+M5 -> 74442.594 | R5: Additional works, EUR | S5: =5464.29+2570.74+886.15+6508.45+10508.3+360+17200+1500+619+1720.14 -> 47337.07 | V5: 1 | W5: 2 | X5: 3 | Y5: 4 | Z5: 5 | AA5: 6 | AB5: 7 | AC5: 8 | AD5: 9 | AE5: 10 | AF5: 11
A6: materiālu un aprīkojuma iegāde | B6: materials and equipment | C6: =496.38+107.43+459.91+48.99+86.38+10.63+1288.6+7.36+239.27+179.39+200.35+402.3+222.5+3549.27+224.81+1137.7 -> 8661.27 | D6: =C6+C7+C8 -> 8877.37 | E6: =78.03+53.16 -> 131.19 | F6: =E6+E7+E8 -> 19945.94 | G6: =742.45+19.59+82.3+1135+221.67+54.16+49.91+42.54+158.68 -> 2506.3 | H6: =G6+G7+G8 -> 2702.44 | J6: =I6+I7+I8 -> 1838.41 | K6: 66.92 | L6: =K6+K7+K8 -> 8347.04 | M6: =654.31+21.84+113.06 -> 789.21 | N6: =M6+M7+M8 -> 14201.72 | O6: =E6+C6+G6+I6+K6+M6 -> 12154.89 | P6: =O6+O7+O8 -> 55912.92 | R6: square m2 | V6: 70 | W6: =V6 -> 70 | X6: =V6 -> 70 | Y6: =V6 -> 70 | Z6: =V6 -> 70 | AA6: =V6 -> 70 | AB6: =V6 -> 70 | AC6: =V6 -> 70 | AG6: =SUM(V6:AF6) -> 560
A7: materiālu piegādes izdevumi | B7: delivery | O7: =E7+C7+G7+I7+K7+M7 -> 0 | R7: object square | S7: hours optimal/ m2 | V7: =27.5+14.2+15.5+11+10.72+38+39.28 -> 156.2 | W7: =37.08+30.97+38.37+39.97 -> 146.39 | X7: =8.63+8.82 -> 17.45 | AA7: 26.5 | AD7: 117 | AE7: 72.72 | AF7: =9.1*2 -> 18.2 | AG7: =V7+W7+X7+Y7+Z7+AA7+AF7+AB7+AC7+AD7+AE7 -> 554.46
A8: apakšuzņēmēji | B8: subcontractors | C8: =138.76+77.34 -> 216.1 | E8: =4460.39+11235.99+1668.37+2450 -> 19814.75 | G8: =15.92+180.22 -> 196.14 | I8: =193+963.14+177.22+505.05 -> 1838.41 | K8: =73+120.53+106.26+62.6+6502.74+800+470+144.99 -> 8280.12 | M8: =170+11934.67+654.31+653.53 -> 13412.51 | O8: =E8+C8+G8+I8+K8+M8 -> 43758.03 | R8: m2<50 | S8: 13
A9: darba algas | B9: salaries | C9: =(25.25*10+9.25*12+76.58*12+244.46*10)*1.42 -> 5292.4252 | D9: =C9+C10+C11+C13+C12 -> 8492.5723 | E9: =(9*11+17.5*9)*1.42 -> 364.23 | F9: =E9+E10+E11+E13+E12 -> 2297.0556 | G9: =(166.23*10+23.55*11)*1.42 -> 2728.317 | H9: =G9+G10+G11+G13+G12 -> 3883.6634 | I9: =(9.1*10+9.1*9)*1.42 -> 245.518 | J9: =I9+I10+I11+I13+I12 -> 783.30205 | L9: =K9+K10+K11+K13+K12 -> 1964.781 | N9: =M9+M10+M11+M13+M12 -> 268.7398 | O9: =E9+C9+G9+I9+K9+M9 -> 8630.4902 | P9: =O9+O10+O11+O13+O12 -> 17690.114 | R9: 50<m2<100 | S9: 12
A10: DD VSAOI | B10: tax for salaries | C10: =C9*0.2359 -> 1248.4831 | E10: =E9*0.2359 -> 85.921857 | G10: =G9*0.2359 -> 643.60998 | I10: =I9*0.2359 -> 57.917696 | K10: =K9*0.2359 -> 0 | M10: =M9*0.2359 -> 0 | O10: =E10+C10+G10+I10+K10+M10 -> 2035.9326
A11: uzkrājums atvaļinājumam | B11: vacation allowance | C11: =(C9+C10)*0.08 -> 523.27266 | E11: =(E9+E10)*0.08 -> 36.012149 | G11: =(G9+G10)*0.08 -> 269.75416 | I11: =(I9+I10)*0.08 -> 24.274856 | K11: =(K9+K10)*0.08 -> 0 | M11: =(M9+M10)*0.08 -> 0 | O11: =E11+C11+G11+I11+K11+M11 -> 853.31383 | R11: materials and equipment costs
A12: administratīvie izdevumi 7% | B12: administrative costs 7% | C12: =(C4)*0.07 -> 1428.3913 | E12: =(E4)*0.07 -> 1810.8916 | G12: =(G4)*0.07 -> 241.9823 | I12: =(I4)*0.07 -> 455.5915 | K12: =(K4)*0.07 -> 1964.781 | M12: =(M4)*0.07 -> 268.7398 | O12: =E12+C12+G12+I12+K12+M12 -> 6170.3775 | R12: planned | S12: =2498.17 -> 2498.17
A13: komandējuma dienas naudas | B13: travel allowance | O13: =E13+C13+G13+I13+K13+M13 -> 0 | R13: in fact | S13: =O6+O7 -> 12154.89
A14: komandējuma izdevumi- naktsmītne | B14: travel expenses (hotels) | D14: =C14+C17+C15 -> 305.4 | F14: =E14+E17+E15 -> 202 | H14: =G14+G17+G15 -> 179.88 | J14: =I14+I17+I15 -> 0 | L14: =K14+K17+K15 -> 152.28 | N14: =M14+M17+M15 -> 0 | O14: =E14+C14+G14+I14+K14+M14 -> 0 | P14: =O14+O17+O15+O18 -> 839.56
A15: komandējuma izdevumi- ceļš | B15: travel expenses ( tickets, road costs) | O15: =E15+C15+G15+I15+K15+M15 -> 0 | R15: Salaries and taxes
A16: komandējuma izdevumi (administrācija) | B16: travel expenses (administration) | O16: =E16+C16+G16+I16+K16+M16 -> 0 | R16: planned | S16: 3314.86
A17: citi izdevumi | B17: other expenses | C17: =125+90+90.4 -> 305.4 | E17: =2+200 -> 202 | G17: =76.79+6.8+3+93.29 -> 179.88 | K17: 152.28 | O17: =E17+C17+G17+I17+K17+M17 -> 839.56 | R17: in fact | S17: =P9-O12 -> 11519.737
O18: =E18+C18+G18+I18+K18+M18 -> 0 | R18: hours cost in fact | S18: =S17/AF7 -> 632.95256
A19: peļņa bruto | B19: profit/ loss | C19: =C4-C5 -> 2730.2477 | D19: =C19/C4 -> 0.13379901 | E19: =E4-E5 -> 3424.8844 | F19: =E19/E4 -> 0.13238888 | G19: =G4-G5 -> -3309.0934 | H19: =G19/G4 -> -0.9572458 | I19: =I4-I5 -> 3886.7379 | J19: =I19/I4 -> 0.59718335 | K19: =K4-K5 -> 17604.199 | L19: =K19/K4 -> 0.62719149 | M19: =M4-M5 -> -10631.32 | N19: =M19/M4 -> -2.769193 | O19: =O4-O5 -> 13705.656 | P19: =O19/O4 -> 0.15548415
A20: plānotā peļņa | B20: planned profit | O20: =S4-6996.18-10000 -> 23815 | P20: =O20/S4 -> 0.58354108 | R20: hours per m2
R21: planned | S21: =AF6/S6 -> #DIV/0! | U21: Object address | V21: travel and living costs
A22: Direct costs | B22: actual costs | C22: planned costs | R22: in fact | S22: =AF7/S6 -> #DIV/0! | U22: Time shedule, weeks | V22: 04/04-14/04 | W22: 15/04-21/04 | X22: 22/04-28/04 | Y22: 29/04-05/05 | Z22: 06/05-12/05 | AA22: 13/05-19/05 | AB22: 20/05-26/05 | AC22: 27/05-30/05 | AD22: =AD4 -> 14/06-23/06 | AE22: 24/06-30/06 | AG22: total
A23: Materials, incl.delivery, and subcontractors | B23: =P6/O5 -> 0.75108774 | C23: =2498.17/6996.18 -> 0.35707629 | R23: m2 costs | S23: =S22*S18 -> #DIV/0! | V23: 1 | W23: 2 | X23: 3 | Y23: 4 | Z23: 5 | AA23: 6 | AB23: 7 | AC23: 8 | AD23: 9 | AE23: 10 | AF23: 11
A24: Salaries and taxes | B24: =P9/O5 -> 0.23763431 | C24: =3314.86/6996.18 -> 0.47380999 | AG24: 0
A25: Other costs | B25: =P14/O5 -> 0.011277952 | C25: =1183.16/6996.18 -> 0.16911515 | R25: travel and living costs | AG25: =Y25+X25+W25+V25 -> 0
R26: planned | S26: =AF26 -> 0
R27: in fact | S27: =AF27 -> 0
R28: living costs per worked hour | S28: =S27/AF7 -> 0
R30: Subcontractors budget, EUR
R31: Payments to subcontractor, EUR
R33: date of report
R34: 45555

Sheet LEI
A1: LEI | B1: Calzedonia LEIDEN_HAARLEMERSTRAAT_114, 04/04/2024-(08/05/2024) 30/04/2024
A2: Object costs
C3: Aprīlis | E3: Jūnijs | G3: Total | J3: General data | M3: worked hours
A4: Objekta ieņēmumi kopā | B4: Budget total | C4: =K4 -> 72434.83 | E4: =K5 -> 14891.4 | G4: =E4+C4 -> 87326.23 | H4: =D4+F4 -> 0 | J4: Contract amount EUR | K4: 72434.83 | M4: 04/04-14/04 | N4: 15/04-21/04 | O4: 22/04-28/04 | P4: 29/04-05/05 | Q4: 06/05-08/05 | X4: total
A5: Objekta tiešie izdevumi | B5: Direct costs | C5: =C6+C7+C8+C9+C10+C11+C13+C14+C17+C15+C12 -> 74676.273 | E5: =E6+E7+E8+E9+E10+E11+E13+E14+E17+E15+E12 -> 2893.118 | G5: =G6+G7+G8+G9+G10+G11+G13+G14+G17+G15+G12+G18 -> 77569.391 | J5: Additional works, EUR | K5: =14150.8+740.6 -> 14891.4 | M5: 1 | N5: 2 | O5: 3 | P5: 4 | Q5: 5 | S5: 7 | T5: 8 | U5: 9 | V5: 10 | W5: 11
A6: materiālu un aprīkojuma iegāde | B6: materials and equipment | C6: =1158.87+70.43+918.36+2589.4+45+47.77+27.42+66.17+75+661.96+3108.41+393.73+46.3+225.55+107.25+39.95+19.98+182.6+134+178.38+15.86+70.5+9173.22+34.79+20.25+36+49.7+77+41.5+2.79+55.75+58.4+24.86+39+28+164.35+1285.3+445.1+230+35.05+42.55+78.3 -> 22104.8 | D6: =C6+C7+C8 -> 44965.9 | E6: 50.23 | F6: =E6+E7+E8 -> 1602.23 | G6: =C6+E6 -> 22155.03 | H6: =G6+G7+G8 -> 46568.13 | J6: square m2 | K6: 110.76 | M6: =X6/5 -> 168 | N6: =M6 -> 168 | O6: =M6 -> 168 | P6: =X6/5 -> 168 | Q6: =M6 -> 168 | X6: 840
A7: materiālu piegādes izdevumi | B7: delivery | C7: =1250+950 -> 2200 | G7: =C7+E7 -> 2200 | J7: object square | K7: hours optimal/ m2 | M7: =19.77+16.03+19.78+16.12+57.28+57.12+57.35+57.3 -> 300.75 | N7: =58.23+58.12+58.13+58.15 -> 232.63 | O7: =53.07+34.65+52.38+59.12 -> 199.22 | P7: =12.7+12.72+12.65+12.65 -> 50.72 | X7: =M7+N7+O7+P7+Q7+R7+W7+S7+T7+U7+V7 -> 783.32 | Y7: =X6-X7 -> 56.68
A8: apakšuzņēmēji | B8: subcontractors | C8: =395+395+4645.9+395+48.7+395+297.52+14088.98 -> 20661.1 | E8: =908+644 -> 1552 | G8: =C8+E8 -> 22213.1 | J8: m2<50 | K8: 13
A9: darba algas | B9: salaries | C9: =5443.75*1.42 -> 7730.125 | D9: =C9+C10+C11+C13+C12 -> 22048.393 | F9: =E9+E10+E11+E13+E12 -> 1042.398 | G9: =C9+E9 -> 7730.125 | H9: =G9+G10+G11+G13+G12 -> 23090.791 | J9: 50<m2<100 | K9: 12
A10: DD VSAOI | B10: tax for salaries | C10: =C9*0.2359 -> 1823.5365 | E10: =E9*0.2359 -> 0 | G10: =C10+E10 -> 1823.5365
A11: uzkrājums atvaļinājumam | B11: vacation allowance | C11: =(C9+C10)*0.08 -> 764.29292 | E11: =(E9+E10)*0.08 -> 0 | G11: =C11+E11 -> 764.29292 | J11: materials and equipment costs
A12: administratīvie izdevumi 7% | B12: administrative costs 7% | C12: =(C4)*0.07 -> 5070.4381 | E12: =(E4)*0.07 -> 1042.398 | G12: =C12+E12 -> 6112.8361 | J12: planned | K12: 11157.73
A13: komandējuma dienas naudas | B13: travel allowance | C13: 6660 | G13: =C13+E13 -> 6660 | J13: in fact | K13: =G6+G7 -> 24355.03
A14: komandējuma izdevumi- naktsmītne | B14: travel expenses (hotels) | C14: =824.97+3544.56+313.8+161.9 -> 4845.23 | D14: =C14+C17+C15 -> 7661.98 | E14: 198 | F14: =E14+E17+E15 -> 248.49 | G14: =C14+E14 -> 5043.23 | H14: =G14+G17+G15+G18 -> 7910.47
A15: komandējuma izdevumi- ceļš | B15: travel expenses ( tickets, road costs) | C15: =347.98+262.9+240.64+37.04+211.95+7.15 -> 1107.66 | G15: =C15+E15 -> 1107.66 | J15: Salaries and taxes
A16: komandējuma izdevumi (administrācija) | B16: travel expenses (administration) | G16: =C16+E16 -> 0 | J16: planned | K16: 20324.98
A17: citi izdevumi | B17: other expenses | C17: =219.3+125+28*3+117.38+28*6+99.19+125.45+28+42+28+28+28+28+28*2+28+28+1.75+28+28+28+7.44*2+11.62+65.92+73.89+99.78+124.93 -> 1709.09 | E17: =17.45+5.04+28 -> 50.49 | G17: =C17+E17 -> 1759.58 | J17: in fact | K17: =H9-G12 -> 16977.954
J18: hours cost in fact | K18: =K17/X7 -> 21.674353
A19: peļņa bruto | B19: profit/ loss | C19: =C4-C5 -> -2241.4425 | D19: =C19/C4 -> -0.030944264 | E19: =E4-E5 -> 11998.282 | F19: =E19/E4 -> 0.80571887 | G19: =G4-G5 -> 9756.8395 | H19: =G19/G4 -> 0.11172862
A20: plānotā peļņa | B20: planned profit | G20: =(K4+K5)-64257.73 -> 23068.5 | H20: =G20/K4 -> 0.31847248 | J20: hours per m2 | M20: travel and living costs
J21: planned | K21: =X6/K6 -> 7.5839653
A22: Direct costs | B22: actual costs | C22: planned costs | J22: in fact | K22: =X7/K6 -> 7.0722282 | M22: 04/04-14/04 | N22: 15/04-21/04 | O22: 22/04-28/04 | P22: 29/04-05/05 | Q22: 06/05-08/05
A23: Materials, incl.delivery, and subcontractors | B23: =H6/G5 -> 0.60034157 | C23: =11157.73/64257.73 -> 0.17364028 | J23: m2 costs | K23: =K22*K18 -> 153.28597 | M23: 1 | N23: 2 | O23: 3 | P23: 4 | Q23: 5 | R23: 6 | S23: 7 | T23: 8 | U23: 9 | V23: 10 | W23: 11
A24: Salaries and taxes | B24: =H9/G5 -> 0.29767915 | C24: =20324.98/64257.73 -> 0.31630405 | M24: =X24/5 -> 1040 | N24: =M24 -> 1040 | O24: =M24 -> 1040 | P24: =X24/4 -> 1300 | Q24: =M24 -> 1040 | X24: =4000+1200 -> 5200
A25: Other costs | B25: =H14/G5 -> 0.10197927 | C25: =(25436.39+7650)/64257.73 -> 0.51490132 | J25: travel and living costs | M25: =4369.53+347.98+262.9+313.8+37.04+161.9 -> 5493.15 | O25: =240.64+211.95 -> 452.59 | P25: 7.15 | Q25: 198 | X25: =M25+N25+O25+P25+Q25+R25+W25+S25+T25+U25+V25 -> 6150.89
J26: planned | K26: =X24 -> 5200
J27: in fact | K27: =X25 -> 6150.89
J28: living costs per worked hour | K28: =K27/X7 -> 7.8523337
J30: Subcontractors budget, EUR
J31: Payments to subcontractor, EUR
J34: date of report
J35: 45470

Sheet STO
A1: STO | B1: Crema de la Creme space in Stockman, 13.janvāra iela 8, Riga, 26/02/2024- (17/03/2024)02/05/2024
A2: Object costs
C3: Februāris | E3: Marts | G3: Aprīlis/maijs | I3: Total | L3: General data | O3: worked hours | AB3: =38558.55/I4 -> 0.56903607
A4: Objekta ieņēmumi kopā | B4: Budget total | C4: =(M4+M5)/3+0.01 -> 22587.063 | E4: =(M4+M5)/3*2 -> 45174.107 | I4: =E4+C4 -> 67761.17 | J4: =D4+F4 -> 0 | L4: Contract amount EUR | M4: =53267.96-2899.12 -> 50368.84 | O4: marts | P4: aprīlis | Q4: maijs | Z4: total
A5: Objekta tiešie izdevumi | B5: Direct costs | C5: =C6+C7+C8+C9+C10+C11+C13+C14+C17+C15+C12 -> 3581.0944 | E5: =E6+E7+E8+E9+E10+E11+E13+E14+E17+E15+E12 -> 12287.187 | G5: =G6+G7+G8+G9+G10+G11+G13+G14+G17+G15+G12 -> 37096.93 | I5: =I6+I7+I8+I9+I10+I11+I13+I14+I17+I15+I12+I18 -> 52965.212 | L5: Additional works, EUR | M5: =14639.25+2753.07 -> 17392.32 | O5: 1 | P5: 2 | Q5: 3 | R5: 4 | S5: 5 | T5: 6 | U5: 7 | V5: 8 | W5: 9 | X5: 10 | Y5: 11
A6: materiālu un aprīkojuma iegāde | B6: materials and equipment | C6: =1910 -> 1910 | D6: =C6+C7+C8 -> 1910 | F6: =E6+E7+E8 -> 9000 | G6: 173.99 | H6: =G6+G7+G8 -> 37096.93 | I6: =C6+E6+G6 -> 2083.99 | J6: =I6+I7+I8 -> 48006.93 | L6: square m2 | M6: 200 | O6: 730 | R6: =Q6 -> 0 | S6: =R6 -> 0 | Z6: =O6 -> 730
A7: materiālu piegādes izdevumi | B7: delivery | G7: 650 | I7: =C7+E7+G7 -> 650 | L7: object square | M7: hours optimal/ m2 | Z7: =O7+P7+Q7+R7+S7+T7+Y7+U7+V7+W7+X7 -> 0
A8: apakšuzņēmēji | B8: subcontractors | E8: 9000 | G8: =11457.3+20000+3291.91+628.73+895 -> 36272.94 | I8: =C8+E8+G8 -> 45272.94 | L8: m2<50 | M8: 13
A9: darba algas | B9: salaries | D9: =C9+C10+C11+C13+C12 -> 1581.0944 | F9: =E9+E10+E11+E13+E12 -> 3162.1875 | H9: =G9+G10+G11+G13+G12 -> 0 | I9: =C9+E9+G9 -> 0 | J9: =I9+I10+I11+I13+I12 -> 4743.2819 | L9: 50<m2<100 | M9: 12
A10: DD VSAOI | B10: tax for salaries | C10: =C9*0.2359 -> 0 | E10: =E9*0.2359 -> 0 | G10: =G9*0.2359 -> 0 | I10: =C10+E10+G10 -> 0 | M10: 62088.49
A11: uzkrājums atvaļinājumam | B11: vacation allowance | C11: =(C9+C10)*0.08 -> 0 | E11: =(E9+E10)*0.08 -> 0 | G11: =(G9+G10)*0.08 -> 0 | I11: =C11+E11+G11 -> 0 | L11: materials and equipment costs
A12: administratīvie izdevumi 7% | B12: administrative costs 7% | C12: =(C4)*0.07 -> 1581.0944 | E12: =(E4)*0.07 -> 3162.1875 | G12: =(G4)*0.07 -> 0 | I12: =C12+E12+G12 -> 4743.2819 | L12: planned | M12: 9382.12
A13: komandējuma dienas naudas | B13: travel allowance | I13: =C13+E13+G13 -> 0 | L13: in fact | M13: =I6+I7 -> 2733.99
A14: komandējuma izdevumi- naktsmītne | B14: travel expenses (hotels) | D14: =C14+C17+C15 -> 90 | F14: =E14+E17+E15 -> 125 | H14: =G14+G17+G15 -> 0 | I14: =C14+E14+G14 -> 0 | J14: =I14+I17+I15+I18 -> 215
A15: komandējuma izdevumi- ceļš | B15: travel expenses ( tickets, road costs) | I15: =C15+E15+G15 -> 0 | L15: Salaries and taxes
A16: komandējuma izdevumi (administrācija) | B16: travel expenses (administration) | I16: =C16+E16+G16 -> 0 | L16: planned
A17: citi izdevumi | B17: other expenses | C17: 90 | E17: 125 | I17: =C17+E17+G17 -> 215 | L17: in fact | M17: =J9-I12 -> 0
I18: =C18+E18+G18 -> 0 | L18: hours costs planned | M18: =M16/Z6 -> 0
A19: peļņa bruto | B19: profit/ loss | C19: =C4-C5 -> 19005.969 | D19: =C19/C4 -> 0.84145374 | E19: =E4-E5 -> 32886.919 | F19: =E19/E4 -> 0.72800375 | G19: =G4-G5 -> -37096.93 | H19: =G19/G4 -> #DIV/0! | I19: =I4-I5 -> 14795.958 | J19: =I19/I4 -> 0.21835453 | L19: hours cost in fact | M19: =M17/Z7 -> #DIV/0!
A20: plānotā peļņa | B20: planned profit | I20: =M4-45307.33 -> 5061.51 | J20: =I20/M4 -> 0.10048891 | O20: travel and living costs
L21: hours per m2 | Z21: total
A22: Direct costs | B22: actual costs | C22: planned costs | L22: planned | M22: =Z6/M6 -> 3.65 | O22: 1 | P22: 2 | Q22: 3 | R22: 4 | S22: 5 | T22: 6 | U22: 7 | V22: 8 | W22: 9 | X22: 10 | Y22: 11
A23: Materials, incl.delivery, and subcontractors | B23: =J6/I5 -> 0.90638607 | L23: in fact | M23: =Z7/M6 -> 0 | O23: =Z23/5 -> 0 | P23: =O23 -> 0 | Q23: =O23 -> 0 | R23: =Q23 -> 0 | S23: =R23 -> 0 | Z23: =M27 -> 0
A24: Salaries and taxes | B24: =J9/I5 -> 0.089554667 | L24: m2 costs | M24: =M23*M19 -> #DIV/0! | Z24: =O24+P24+Q24+R24+S24+T24+Y24+U24+V24+W24+X24 -> 0
A25: Other costs | B25: =J14/I5 -> 0.0040592682
L26: travel and living costs
L27: planned
L28: in fact | M28: =I14+I15 -> 0
L29: living costs per worked hour | M29: =M28/Z7 -> #DIV/0!
L31: Subcontractors budget, EUR | M31: =M37+M38 -> 39798.89
L32: Payments to subcontractor, EUR | M32: =I8 -> 45272.94
L34: date of report
L35: 45575
L37: elektrība | M37: 10798.89
L38: GSS | M38: 29000
B39: =55083.64 -> 55083.64
B40: =ROUND(B39*0.3,2) -> 16525.09 | C40: 0.3
B41: =ROUND(B39*0.4,2) -> 22033.46 | C41: 0.4
B42: =ROUND(B39*0.3,2) -> 16525.09 | C42: 0.3
B43: =SUM(B40:B42) -> 55083.64

Sheet WDON
A1: WDON | B1: Calzedonia Sc Donauzentrum, Dr-Adolf-Schrf-Platz 4, EG 138c 1220 Wien, Austria 04/03/2024-17/03/2024
A2: Object costs
C3: Marts 2024 | G3: Total | J3: General data | M3: worked hours
A4: Objekta ieņēmumi kopā | B4: Budget total | C4: =K4 -> 43500 | D4: =M7 -> 173.03 | E4: =C4 -> 43500 | G4: =C4 -> 43500 | J4: Contract amount EUR | K4: 43500 | M4: 04/03-10/03 | N4: 10/03-17/03 | O4: 01/05-07/05 | P4: 08/05-14/05 | Q4: 15/05-21/05 | X4: total
A5: Objekta tiešie izdevumi | B5: Direct costs | C5: =C6+C7+C8+C9+C10+C11+C14+C15+C18+C16+C12+C13 -> 26123.849 | E5: =E6+E7+E8+E9+E10+E11+E14+E15+E18+E16+E12 -> 0 | G5: =G6+G7+G8+G9+G10+G11+G14+G15+G18+G16+G12+G19+G13 -> 26123.849 | J5: Additional works, EUR | M5: 1 | N5: 2 | O5: 3 | P5: 4 | Q5: 5 | R5: 6 | S5: 7 | T5: 8 | U5: 9 | V5: 10 | W5: 11
A6: materiālu un aprīkojuma iegāde | B6: materials and equipment | C6: =153+159.17+1516.37+4.93-11.84+59.84+65.28+244.71+182.15+433.04+185.69+103.35+51.07+208.27+109.07+49.5+32.98+94.13+31.99+69.85 -> 3742.55 | D6: =C6+C7+C8 -> 7307.55 | F6: =E6+E7+E8 -> 0 | G6: =C6+E6 -> 3742.55 | H6: =G6+G7+G8 -> 7307.55 | J6: square m2 | K6: =50.89+12.94 -> 63.83 | M6: =X6/2 -> 248.435 | N6: =M6 -> 248.435 | O6: =M6 -> 248.435 | P6: =O6 -> 248.435 | X6: 496.87
A7: materiālu piegādes izdevumi | B7: delivery | C7: 920 | G7: =C7+E7 -> 920 | J7: object square | K7: hours optimal/ m2 | M7: =44.63+44.55+46.53+37.32 -> 173.03 | N7: =55.15+56.63+56.85+56.65 -> 225.28 | X7: =M7+N7+O7+P7+Q7+R7+W7+S7+T7+U7+V7 -> 398.31 | Y7: =X6-X7 -> 98.56
A8: apakšuzņēmēji | B8: subcontractors | C8: =500+2145 -> 2645 | G8: =C8+E8 -> 2645 | J8: m2<50 | K8: 13
A9: darba algas | B9: salaries | C9: =((3000/20*10+200.96*15+197.35*12+210+247.5+120)-C14)*1.42 -> 5623.342 | D9: =C9+C10+C11+C14+C12+C13 -> 15131.689 | F9: =E9+E10+E11+E14+E12 -> 0 | G9: =C9+E9 -> 5623.342 | H9: =G9+G10+G11+G14+G12+G13 -> 15131.689 | J9: 50<m2<100 | K9: 12
A10: DD VSAOI | B10: tax for salaries | C10: =C9*0.2359 -> 1326.5464 | E10: =E9*0.2359 -> 0 | G10: =C10+E10 -> 1326.5464
A11: uzkrājums atvaļinājumam | B11: vacation allowance | C11: =(C9+C10)*0.08 -> 555.99107 | E11: =(E9+E10)*0.08 -> 0 | G11: =C11+E11 -> 555.99107 | J11: materials and equipment costs
A12: administratīvie izdevumi 7% | B12: administrative costs 7% | C12: =(C4)*0.07 -> 3045 | E12: =(E14+E11+E10+E9)*0.07 -> 0 | G12: =C12+E12 -> 3045 | J12: planned | K12: 5386.93
B13: BUAK | C13: 1080.81 | G13: =C13 -> 1080.81
A14: komandējuma dienas naudas | B14: travel allowance | C14: =14*5*50 -> 3500 | G14: =C14+E14 -> 3500 | J14: in fact | K14: =G6+G7 -> 4662.55
A15: komandējuma izdevumi- naktsmītne | B15: travel expenses (hotels) | C15: =313.19+1115 -> 1428.19 | D15: =C15+C18+C16 -> 3684.61 | F15: =E15+E18+E16 -> 0 | G15: =C15+E15 -> 1428.19 | H15: =G15+G18+G16+G19 -> 3684.61
A16: komandējuma izdevumi- ceļš | B16: travel expenses ( tickets, road costs) | C16: =935.04+308.83+426.24+16.6 -> 1686.71 | G16: =C16+E16 -> 1686.71 | J16: Salaries and taxes
A17: komandējuma izdevumi (administrācija) | B17: travel expenses (administration) | J17: planned | K17: 11962.85
A18: citi izdevumi | B18: other expenses | C18: =141.17+36+7.1*3+14.6*2+4.7*3+6*7+25+49.15+99.72+18.75+93.32 -> 569.71 | G18: =C18+E18 -> 569.71 | J18: in fact | K18: =H9-G12 -> 12086.689
J19: hours costs planned | K19: =K17/X6 -> 24.076418
A20: peļņa bruto | B20: profit/ loss | C20: =C4-C5 -> 17376.151 | D20: =C20/C4 -> 0.39945174 | E20: =E4-E5 -> 43500 | F20: =E20/E4 -> 1 | G20: =G4-G5 -> 17376.151 | H20: =G20/G4 -> 0.39945174 | J20: hours cost in fact | K20: =K18/X7 -> 30.344931
A21: plānotā peļņa | B21: planned profit | G21: =K4-33775.88 -> 9724.12 | H21: =(K4-33775.88)/K4 -> 0.22354299 | M21: travel and living costs
J22: hours per m2 | M22: 04/03-10/03 | N22: 11/03-17/03 | O22: 01/05-07/05 | P22: 08/05-09/05 | Q22: =Q4 -> 15/05-21/05 | X22: total
A23: Direct costs | B23: actual costs | C23: planned costs | J23: planned | K23: =X6/K6 -> 7.7842707 | M23: 1 | N23: 2 | O23: 3 | P23: 4 | Q23: 5 | R23: 6 | S23: 7 | T23: 8 | U23: 9 | V23: 10 | W23: 11
A24: Materials, incl.delivery, and subcontractors | B24: =H6/G5 -> 0.27972715 | C24: =5386.93/33775.88 -> 0.15949044 | J24: in fact | K24: =X7/K6 -> 6.2401692 | M24: =X24/2 -> 2740 | N24: =M24 -> 2740 | O24: =M24 -> 2740 | P24: =O24 -> 2740 | X24: =K28 -> 5480
A25: Salaries and taxes | B25: =H9/G5 -> 0.57922893 | C25: =11962.85/33775.88 -> 0.35418322 | J25: m2 costs | K25: =K24*K20 -> 189.3575 | M25: =1115 -> 1115 | N25: =313.19+935.04+426.24+308.83 -> 1983.3 | X25: =M25+N25+O25+P25+Q25+R25+W25+S25+T25+U25+V25 -> 3098.3
A26: Other costs | B26: =H15/G5 -> 0.14104391 | C26: =16426.11/33775.88 -> 0.48632663
J27: travel and living costs
J28: planned | K28: 5480
J29: in fact | K29: =G15+G16 -> 3114.9
J30: living costs per worked hour | K30: =K29/X7 -> 7.8202907
J32: Subcontractors budget, EUR
J33: Payments to subcontractor, EUR
J35: date of report
J36: 45639

Sheet KLA
A1: KLA | B1: Intimissimi shopping mall Akropolis, Taikos pr. 61, Klaipėda 91182, Lithuania 20/02/2024-26/02/2024
A2: Object costs
C3: Februāris 2024 | E3: Marts 2024 | G3: Total | J3: General data | M3: worked hours
A4: Objekta ieņēmumi kopā | B4: Budget total | C4: =K4 -> 12955.25 | D4: =X7 -> 205.51 | E4: =K5 -> 2797.7 | G4: =C4+E4 -> 15752.95 | H4: =D4+F4 -> 205.51 | J4: Contract amount EUR | K4: =12000+955.25 -> 12955.25 | M4: 20/02-26/02 | X4: total
A5: Objekta tiešie izdevumi | B5: Direct costs | C5: =C6+C7+C8+C9+C10+C11+C13+C14+C17+C15+C12+C16 -> 8524.0513 | E5: =E6+E7+E8+E9+E10+E11+E13+E14+E17+E15+E12 -> 819.77788 | G5: =G6+G7+G8+G9+G10+G11+G13+G14+G17+G15+G12 -> 9343.8292 | J5: Additional works, EUR | K5: =1460.2+1337.5 -> 2797.7 | M5: 1 | N5: 2 | O5: 3 | P5: 4 | Q5: 5 | R5: 6 | S5: 7 | T5: 8 | U5: 9 | V5: 10 | W5: 11
A6: materiālu un aprīkojuma iegāde | B6: materials and equipment | C6: =332.06+95.3+31.95+59.2+40.4+105.77+84.11+80.15+27+119.07+268.62 -> 1243.63 | D6: =C6+C7+C8 -> 1748.44 | E6: 56.04 | F6: =E6+E7+E8 -> 56.04 | G6: =C6+E6 -> 1299.67 | H6: =G6+G7+G8 -> 1804.48 | J6: square m2 | K6: 74.75 | M6: =X6-24 -> 193.35 | N6: 24 | X6: =164.75+28.6+24 -> 217.35
A7: materiālu piegādes izdevumi | B7: delivery | G7: =C7+E7 -> 0 | J7: object square | K7: hours optimal/ m2 | M7: =59.33+59.28+59.15-20.55+10.8+12.5 -> 180.51 | N7: 25 | X7: =M7+N7+O7+P7+Q7+R7+W7+S7+T7+U7+V7 -> 205.51 | Y7: =X6-X7 -> 11.84
A8: apakšuzņēmēji | B8: subcontractors | C8: =32.72+36.59+75.5+360 -> 504.81 | G8: =C8+E8 -> 504.81 | J8: m2<50 | K8: 13
A9: darba algas | B9: salaries | C9: =1553.25*1.42+372.4*1.42+(12.5*12-90)*1.42 -> 2819.623 | D9: =C9+C10+C11+C13+C12 -> 5480.4213 | E9: =340*1.42 -> 482.8 | F9: =E9+E10+E11+E13+E12 -> 753.73788 | G9: =C9+E9 -> 3302.423 | H9: =G9+G10+G11+G13+G12 -> 6234.1592 | J9: 50<m2<100 | K9: 12
A10: DD VSAOI | B10: tax for salaries | C10: =C9*0.2359 -> 665.14907 | E10: =E9*0.2359 -> 113.89252 | G10: =C10+E10 -> 779.04159
A11: uzkrājums atvaļinājumam | B11: vacation allowance | C11: =(C9+C10)*0.08 -> 278.78177 | E11: =(E9+E10)*0.08 -> 47.735402 | G11: =C11+E11 -> 326.51717 | J11: materials and equipment costs
A12: administratīvie izdevumi 7% | B12: administrative costs 7% | C12: =(C4)*0.07 -> 906.8675 | E12: =(E13+E11+E10+E9)*0.07 -> 49.309955 | G12: =C12+E12 -> 956.17745 | J12: planned | K12: 1328.27
A13: komandējuma dienas naudas | B13: travel allowance | C13: =630+180 -> 810 | E13: 60 | G13: =C13+E13 -> 870 | J13: in fact | K13: =G6+G7 -> 1299.67
A14: komandējuma izdevumi- naktsmītne | B14: travel expenses (hotels) | C14: =300+54.4/2+234.86+108.8 -> 670.86 | D14: =C14+C17+C15+C16 -> 1295.19 | F14: =E14+E17+E15 -> 10 | G14: =C14+E14 -> 670.86 | H14: =G14+G17+G15 -> 1305.19
A15: komandējuma izdevumi- ceļš | B15: travel expenses ( tickets, road costs) | C15: =10+30 -> 40 | G15: =C15+E15 -> 40 | J15: Salaries and taxes
A16: komandējuma izdevumi (administrācija) | B16: travel expenses (administration) | G16: =C16 -> 0 | J16: planned | K16: 3294.95
A17: citi izdevumi | B17: other expenses | C17: =125+90+2.31+0.14+9.29+85.91+200+71.68 -> 584.33 | E17: 10 | G17: =C17+E17 -> 594.33 | J17: in fact | K17: =H9-G12 -> 5277.9818
A18: peļņa bruto | B18: profit/ loss | C18: =C4-C5 -> 4431.1987 | D18: =C18/C4 -> 0.34203884 | E18: =E4-E5 -> 1977.9221 | F18: =E18/E4 -> 0.70698149 | G18: =G4-G5 -> 6409.1208 | H18: =G18/G4 -> 0.4068521 | J18: hours costs planned | K18: =K16/X6 -> 15.15965
A19: plānotā peļņa | G19: =K4-9034.93 -> 3920.32 | H19: =G19/K4 -> 0.30260474 | J19: hours cost in fact | K19: =K17/X7 -> 25.68236 | M19: travel and living costs
M20: 20/02-26/02 | X20: total
A21: Direct costs | B21: actual costs | C21: planned costs | J21: hours per m2 | M21: 1 | N21: 2 | O21: 3 | P21: 4 | Q21: 5 | R21: 6 | S21: 7 | T21: 8 | U21: 9 | V21: 10 | W21: 11
A22: Materials, incl.delivery, and subcontractors | B22: =H6/G5 -> 0.19311997 | C22: =1328.27/9034.93 -> 0.14701497 | J22: planned | K22: =X6/K6 -> 2.9076923 | M22: =X22 -> 1310 | N22: =M22 -> 1310 | O22: =N22 -> 1310 | X22: =K27 -> 1310
A23: Salaries and taxes | B23: =H9/G5 -> 0.66719533 | C23: =3294.95/9034.93 -> 0.36469015 | J23: in fact | K23: =X7/K6 -> 2.7492977 | M23: =327+234.86+108.8+40 -> 710.66 | X23: =M23+N23+O23+P23+Q23+R23+W23+S23+T23+U23+V23 -> 710.66
A24: Other costs | B24: =H14/G5 -> 0.1396847 | C24: =4411.71/9034.93 -> 0.48829487 | J24: m2 costs | K24: =K23*K19 -> 70.608452
J26: travel and living costs
J27: planned | K27: =810+500 -> 1310
J28: in fact | K28: =G14+G15 -> 710.86
J29: living costs per worked hour | K29: =K28/X7 -> 3.4590044
J31: Subcontractors budget, EUR
J32: Payments to subcontractor, EUR
J34: date of report
J35: 45379

Sheet GRA
A1: GRA | B1: Intimissimi Herrengasse 28, Graz, Austria, 19/02/2024-03/03/2024
A2: Object costs
C3: Februāris 2024 | E3: Marts 2024 | K3: Total | N3: General data | Q3: worked hours
A4: Objekta ieņēmumi kopā | B4: Budget total | C4: =(O4+O5)/3*2 -> 31143.833 | E4: =(O4+O5)/3 -> 15571.917 | G4: =O11 -> 0 | I4: =#REF! -> #REF! | K4: =E4+C4 -> 46715.75 | N4: Contract amount EUR | O4: 41000 | Q4: 19/02-25/02 | R4: 26/02-03/03 | AB4: total
A5: Objekta tiešie izdevumi | B5: Direct costs | C5: =C6+C7+C8+C9+C10+C11+C14+C15+C18+C16+C12 -> 23828.633 | E5: =E6+E7+E8+E9+E10+E11+E14+E15+E18+E16+E12 -> 12804.055 | G5: =G6+G7+G8+G9+G10+G11+G14+G15+G18+G16+G12 -> 0 | I5: =I6+I7+I8+I9+I10+I11+I14+I15+I18+I16+I12 -> 0 | K5: =K6+K7+K8+K9+K10+K11+K14+K15+K18+K16+K12+K13 -> 38014.069 | N5: Additional works, EUR | O5: =3338.75+2377 -> 5715.75 | Q5: 1 | R5: 2 | S5: 3 | T5: 4 | U5: 5 | V5: 6 | W5: 7 | X5: 8 | Y5: 9 | Z5: 10 | AA5: 11
A6: mtr. un aprīkojuma iegāde | B6: materials and equipment | C6: =111+1623.77+1155.12+28.9+59.35+67.73+474.4+65.22+42.9+404.85+82.35+65.9+5.09+2600+500+431.6+79.8+445.4+9.36+7.48+157.11+62.52+162.82 -> 8642.67 | D6: =C6+C7+C8 -> 9723.29 | E6: =66.99+210.25+171.85+81.6+13+23.9 -> 567.59 | F6: =E6+E7+E8 -> 8475.64 | H6: =G6+G7+G8 -> 0 | J6: =I6+I7+I8 -> 0 | K6: =C6+E6+G6+I6 -> 9210.26 | L6: =K6+K7+K8 -> 18198.93 | N6: square m2 | O6: 89.36 | Q6: 252 | R6: =Q6 -> 252 | S6: -14.74 | AB6: =503.79+S6 -> 489.05
A7: mtr. piegādes izdevumi | B7: delivery | C7: 57.62 | E7: =290+800 -> 1090 | K7: =C7+E7+G7+I7 -> 1147.62 | N7: object square | O7: hours optimal/ m2 | Q7: 140 | R7: 164.6 | S7: =34.78+35.07+26.98+26.87 -> 123.7 | AB7: =Q7+R7+S7+T7+U7+V7+AA7+W7+X7+Y7+Z7 -> 428.3 | AC7: =AB6-AB7 -> 60.75
A8: apakšuzņēmēji | B8: subcontractors | C8: =577.5+280.5+165 -> 1023 | E8: =46.2+74.1+13.2+3662.36+1834.19+791+397 -> 6818.05 | K8: =C8+E8+G8+I8 -> 7841.05 | N8: m2<50 | O8: 13
A9: darba algas | B9: salaries | C9: =2589.04*1.42 -> 3676.4368 | D9: =C9+C10+C11+C14+C12 -> 9837.2732 | E9: =((15*(37.78+35.07)+12*(26.98+26.87)+3000/20*1)-E14)*1.42 -> 1475.309 | F9: =E9+E10+E11+E14+E12 -> 3909.2353 | H9: =G9+G10+G11+G14+G12 -> 0 | J9: =I9+I10+I11+I14+I12 -> 0 | K9: =C9+E9+G9+I9 -> 5151.7458 | L9: =K9+K10+K11+K14+K12+K13 -> 15127.889 | N9: 50<m2<100 | O9: 12
A10: DD VSAOI | B10: tax for salaries | C10: =C9*0.2359 -> 867.27144 | E10: =E9*0.2359 -> 348.02539 | G10: =G9*0.2359 -> 0 | I10: =I9*0.2359 -> 0 | K10: =C10+E10+G10+I10 -> 1215.2968
A11: uzkrājums atvaļinājumam | B11: vacation allowance | C11: =(C9+C10)*0.08 -> 363.49666 | E11: =(E9+E10)*0.08 -> 145.86675 | G11: =(G9+G10)*0.08 -> 0 | I11: =(I9+I10)*0.08 -> 0 | K11: =C11+E11+G11+I11 -> 509.36341 | N11: materials and equipment costs
A12: administratīvie izdevumi 7% | B12: administrative costs 7% | C12: =(C4)*0.07 -> 2180.0683 | E12: =(E4)*0.07 -> 1090.0342 | G12: =(G14+G11+G10+G9)*0.07 -> 0 | I12: =(I14+I11+I10+I9)*0.07 -> 0 | K12: =C12+E12+G12+I12 -> 3270.1025 | N12: planned | O12: =4067.21+439.97 -> 4507.18
B13: BUAK | K13: 1381.38
A14: kom. dienas naudas | B14: travel allowance | C14: 2750 | E14: =3*50*3+4*50*2 -> 850 | K14: =C14+E14+G14+I14 -> 3600 | N14: in fact | O14: =K6+K7 -> 10357.88
A15: kom. izdevumi- naktsmītne | B15: travel expenses (hotels) | C15: =1759.94+124 -> 1883.94 | D15: =C15+C18+C16 -> 4268.07 | E15: 124.21 | F15: =E15+E18+E16 -> 419.18 | H15: =G15+G18+G16 -> 0 | J15: =I15+I18+I16 -> 0 | K15: =C15+E15+G15+I15 -> 2008.15 | L15: =K15+K18+K16 -> 4687.25
A16: kom. izdevumi- ceļš | B16: travel expenses ( tickets, road costs) | C16: 596.04 | K16: =C16+E16+G16+I16 -> 596.04 | N16: Salaries and taxes
A17: komandējuma izdevumi (administrācija) | B17: travel expenses (administration) | N17: planned | O17: =11702.19-334.2 -> 11367.99
A18: citi izdevumi | B18: other expenses | C18: =125+134.41+736.17+45+475+7.8+6+7.2+7.8+4.6+3.3+235.81 -> 1788.09 | E18: =107.3+159.17+28.5 -> 294.97 | K18: =C18+E18+G18+I18 -> 2083.06 | N18: in fact | O18: =L9-K12 -> 11857.786
A19: peļņa bruto | B19: profit/ loss | C19: =C4-C5 -> 7315.2001 | D19: =C19/C4 -> 0.23488438 | E19: =E4-E5 -> 2767.8614 | F19: =E19/E4 -> 0.17774699 | G19: =G4-G5 -> 0 | H19: =G19/G4 -> #DIV/0! | I19: =I4-I5 -> #REF! | J19: =I19/I4 -> #REF! | K19: =K4-K5 -> 8701.6815 | L19: =K19/K4 -> 0.18626869 | N19: hours costs planned | O19: =O17/AB6 -> 23.245047
A20: plānotā peļņa | B20: planned profit | K20: =O4+O5-33902.99 -> 12812.76 | L20: =K20/O4 -> 0.31250634 | N20: hours cost in fact | O20: =O18/AB7 -> 27.685702 | Q20: travel and living costs
Q21: 19/02-25/02 | R21: 26/02-03/03 | S21: 13/03-19/03 | T21: 20/03-26/03 | U21: 27/03-02/04 | V21: 03/04-09/04 | W21: 10/04-12/04 | X21: 23/04-30/04 | Y21: 01/05-04/05 | Z21: =Z4 -> 0 | AA21: =AA4 -> 0 | AB21: total
A22: Direct costs | B22: actual costs | C22: planned costs | N22: hours per m2 | Q22: 1 | R22: 2 | S22: 3 | T22: 4 | U22: 5 | V22: 6 | W22: 7 | X22: 8 | Y22: 9 | Z22: 10 | AA22: 11
A23: Materials, incl.delivery, and subcontractors | B23: =L6/K5 -> 0.47874197 | C23: =4506.97/33902.99 -> 0.13293724 | N23: planned | O23: =AB6/O6 -> 5.4728066 | Q23: =AB23/2 -> 2150 | R23: =Q23 -> 2150 | S23: =Q23 -> 2150 | T23: =S23 -> 2150 | U23: =T23 -> 2150 | AB23: =O28 -> 4300
A24: Salaries and taxes | B24: =L9/K5 -> 0.397955 | C24: =11367.99/33902.99 -> 0.33530936 | N24: in fact | O24: =AB7/O6 -> 4.7929722 | Q24: =596.04+1759.94+124 -> 2479.98 | R24: 124.21 | AB24: =Q24+R24+S24+T24+U24+V24+AA24+W24+X24+Y24+Z24 -> 2604.19
A25: Other costs | B25: =L15/K5 -> 0.12330303 | C25: =18028/3/33902.99 -> 0.17725084 | N25: m2 costs | O25: =O24*O20 -> 132.6968
N27: travel and living costs
N28: planned | O28: =2800+1500 -> 4300
N29: in fact | O29: =K15+K16 -> 2604.19
N30: living costs per worked hour | O30: =O29/AB7 -> 6.0802942
N32: Subcontractors budget, EUR
N33: Payments to subcontractor, EUR
N35: date of report
N36: 45456

Sheet BRA
A1: BRA | B1: Calzedonia and Intimissimi SC SCHLOSS ARKADEN BRAUNSCHWEIG 04/02/2024-(02/03/2024/)07/03/2024
A2: Object costs
C3: Februāris | E3: Marts | I3: Total | L3: General data | O3: worked hours
A4: Objekta ieņēmumi kopā | B4: Budget total | C4: =M4 -> 136747.57 | E4: =M5 -> 9121.36 | I4: =C4+E4 -> 145868.93 | L4: Contract amount EUR | M4: =138327.95-1580.38 -> 136747.57 | O4: 04/02-11/02 | P4: 12/02-18/02 | Q4: 19/02-25/02 | R4: 26/02-03/03 | T4: maijs | Z4: total
A5: Objekta tiešie izdevumi | B5: Direct costs | C5: =C6+C7+C8+C9+C10+C11+C13+C14+C17+C15+C12+C16 -> 60401.667 | E5: =E6+E7+E8+E9+E10+E11+E13+E14+E17+E15+E12+E16 -> 39816.769 | G5: =G6+G7+G8+G9+G10+G11+G13+G14+G17+G15+G12 -> 0 | I5: =I6+I7+I8+I9+I10+I11+I13+I14+I17+I15+I12+I18+I16 -> 100218.44 | L5: Additional works, EUR | M5: =4736.24+4385.12 -> 9121.36 | O5: 1 | P5: 2 | Q5: 3 | R5: 4 | S5: 5 | T5: 6 | U5: 7 | V5: 8 | W5: 9 | X5: 10 | Y5: 11
A6: materiālu un aprīkojuma iegāde | B6: materials and equipment | C6: =58.43+1034.04+363.74+466+57.97+1997.24+2110.26+762.97+210.85+20.9+30+83+29.6+243+2610.29+23.45+46.94+48.6+254.4+32.95+63.48+86.45+94.45+101.05+339.87+150.1+97.5+178.24+53.13+174.1+48.35+42.8+17.45+22.45+17.7+3948.25+610.75+20.15+64.85+14.3+21.02+39.95+33.5+63.8+224.05+26.85+51.67+31.18+60.05+70 -> 17252.12 | D6: =C6+C7+C8 -> 19461.34 | E6: =81.55+47.43+26.85*2+27.15+74.3+76.8+56.95+74.18+68.5+20.85+91.18+2.25+6.51+44.75+83.27+106.5+95.84+137.02 -> 1148.73 | F6: =E6+E7+E8 -> 28201.74 | H6: =G6+G7+G8 -> 0 | I6: =C6+E6+G6 -> 18400.85 | J6: =I6+I7+I8 -> 47663.08 | L6: square m2 | M6: =46.51+11.62+73.78+11.62 -> 143.53 | O6: =Z6/4 -> 373.505 | P6: =O6 -> 373.505 | Q6: =O6 -> 373.505 | R6: =Z6/4 -> 373.505 | Z6: =583.3+903.23+6.72+0.77 -> 1494.02
A7: materiālu piegādes izdevumi | B7: delivery | C7: =350+103.81+600+900 -> 1953.81 | I7: =C7+E7+G7 -> 1953.81 | L7: object square | M7: hours optimal/ m2 | O7: =28.63+30.18+28.6+28.58+28.55+28.68+28.82+28.53 -> 230.57 | P7: =47.7+50.75+49.75+49.27+48.02+48.05+48.35+48.67 -> 390.56 | Q7: =36.12+40.7+40.85+40.77+40.75+37.7+36.27 -> 273.16 | R7: =38.82+39.9+39.73+38.88+38.83+38.93+107.11 -> 342.2 | S7: 208.23 | Z7: =O7+P7+Q7+R7+S7+T7+Y7+U7+V7+W7+X7 -> 1444.72 | AA7: =Z6-Z7 -> 49.3
A8: apakšuzņēmēji | B8: subcontractors | C8: =103.78+124.97+26.66 -> 255.41 | E8: =6817.06+18389.61+1071.88+774.46 -> 27053.01 | I8: =C8+E8+G8 -> 27308.42 | L8: m2<50 | M8: 13
A9: darba algas | B9: salaries | C9: =(16784.63-C13)*1.42 -> 10770.175 | D9: =C9+C10+C11+C13+C12 -> 33148.057 | E9: =((280.63*15+45.8*14+45.57*13)-E13)*1.42 -> 4960.1452 | F9: =E9+E10+E11+E13+E12 -> 9170.6093 | H9: =G9+G10+G11+G13+G12 -> 0 | I9: =C9+E9+G9 -> 15730.32 | J9: =I9+I10+I11+I13+I12 -> 42318.667 | L9: 50<m2<100 | M9: 12
A10: DD VSAOI | B10: tax for salaries | C10: =C9*0.2359 -> 2540.6842 | E10: =E9*0.2359 -> 1170.0983 | G10: =G9*0.2359 -> 0 | I10: =C10+E10+G10 -> 3710.7824
A11: uzkrājums atvaļinājumam | B11: vacation allowance | C11: =(C9+C10)*0.08 -> 1064.8687 | E11: =(E9+E10)*0.08 -> 490.41948 | G11: =(G9+G10)*0.08 -> 0 | I11: =C11+E11+G11 -> 1555.2882 | L11: materials and equipment costs
A12: administratīvie izdevumi 7% | B12: administrative costs 7% | C12: =(C4)*0.07 -> 9572.3299 | E12: =(E13+E11+E10+E9)*0.07 -> 599.94641 | G12: =(G13+G11+G10+G9)*0.07 -> 0 | I12: =C12+E12+G12 -> 10172.276 | L12: planned | M12: =8504.71+11647.47-16.39-875.26 -> 19260.53
A13: komandējuma dienas naudas | B13: travel allowance | C13: 9200 | E13: =50*3*6+50*3*7 -> 1950 | I13: =C13+E13+G13 -> 11150 | L13: in fact | M13: =I6+I7 -> 20354.66
A14: komandējuma izdevumi- naktsmītne | B14: travel expenses (hotels) | C14: =4800+46.75+58.1+160 -> 5064.85 | D14: =C14+C17+C15+C16 -> 7792.27 | E14: =160+23.4+108.49 -> 291.89 | F14: =E14+E17+E15 -> 2444.42 | H14: =G14+G17+G15 -> 0 | I14: =C14+E14+G14 -> 5356.74 | J14: =I14+I17+I15+I18+I16 -> 10236.69
A15: komandējuma izdevumi- ceļš | B15: travel expenses ( tickets, road costs) | C15: =235.98+505.66+279/2+41.96+65.92+45.6+156.77+32.77+18.78+108.58+50+51.98 -> 1453.5 | E15: =63.93+179.17+287.13+851.97 -> 1382.2 | I15: =C15+E15+G15 -> 2835.7 | L15: Salaries and taxes
A16: komandējuma izdevumi (administrācija) | B16: travel expenses (administration) | C16: =100+293.19 -> 393.19 | I16: =C16 -> 393.19 | L16: planned | M16: =13735.53+21103.86+154.5+19.83 -> 35013.72
A17: citi izdevumi | B17: other expenses | C17: =395.64+125+33.95+123.77+104.47+97.9 -> 880.73 | E17: =3.6+62+1.8+63.3+22.37+253.96+98.26+265.04 -> 770.33 | I17: =C17+E17+G17 -> 1651.06 | L17: in fact | M17: =J9-I12 -> 32146.39
L18: hours costs planned | M18: =M16/Z6 -> 23.435911
A19: peļņa bruto | B19: profit/ loss | C19: =C4-C5 -> 76345.903 | D19: =C19/C4 -> 0.55829806 | E19: =E4-E5 -> -30695.409 | F19: =E19/E4 -> -3.3652229 | G19: =G4-G5 -> 0 | H19: =G19/G4 -> #DIV/0! | I19: =I4-I5 -> 45650.493 | J19: =I19/I4 -> 0.31295556 | L19: hours cost in fact | M19: =M17/Z7 -> 22.250949
A20: plānotā peļņa | B20: planned profit | I20: =M4-45642.35-63796.85 -> 27308.37 | J20: =I20/M4 -> 0.19969912 | O20: travel and living costs
L21: hours per m2 | O21: 04/02-11/02 | P21: 12/02-18/02 | Q21: 19/02-25/02 | R21: 26/02-03/03 | S21: =S4 -> 0 | Z21: total
A22: Direct costs | B22: actual cost | C22: planned costs | L22: planned | M22: =Z6/M6 -> 10.409113 | O22: 1 | P22: 2 | Q22: 3 | R22: 4 | S22: 5 | T22: 6 | U22: 7 | V22: 8 | W22: 9 | X22: 10 | Y22: 11
A23: Materials, incl.delivery, and subcontractors | B23: =J6/I5 -> 0.47559193 | C23: =(8504.71+11647.47)/(45642.35+63796.85) -> 0.18414042 | L23: in fact | M23: =Z7/M6 -> 10.065631 | O23: =Z23/4 -> 2025 | P23: =O23 -> 2025 | Q23: =O23 -> 2025 | R23: =Z23/4 -> 2025 | Z23: =M27 -> 8100
A24: Salaries and taxes | B24: =J9/I5 -> 0.42226429 | C24: =(13735.53+21103.86)/(45642.35+63796.85) -> 0.31834471 | L24: m2 costs | M24: =M23*M19 -> 223.96984 | O24: =4800+235.98+46.75+505.66+279/2+41.96+65.92 -> 5835.77 | P24: =18.78+58.1+108.58 -> 185.46 | Q24: =45.67+156.77+32.77 -> 235.21 | R24: =160+50+51.98+530.23+851.97+160 -> 1804.18 | S24: =23.4+108.49 -> 131.89 | Z24: =O24+P24+Q24+R24+S24+T24+Y24+U24+V24+W24+X24 -> 8192.51
A25: Other costs | B25: =J14/I5 -> 0.10214378 | C25: =(17344.97+22215.42)/(45642.97+63796.85) -> 0.36148077
L26: travel and living costs
L27: planned | M27: 8100
L28: in fact | M28: =I14+I15 -> 8192.44
L29: living costs per worked hour | M29: =M28/Z7 -> 5.6706075
L31: Subcontractors budget, EUR
L32: Payments to subcontractor, EUR
L34: date of report
L35: 45384
B41: līguma summa | C41: 30 | D41: 60 | E41: 10 | I41: līguma samazinājums
A42: Intimissimi | B42: 81178.53 | C42: =ROUND(B42*0.3,2) -> 24353.56 | D42: =ROUND(B42*0.6,2) -> 48707.12 | E42: =ROUND(B42*0.1,2)+0.01 -> 8117.86 | F42: =C42+D42+E42 -> 81178.54 | I42: 80294.59 | J42: =B42-I42 -> 883.94
A43: Calzedonia | B43: 57149.42 | C43: =ROUND(B43*0.3,2) -> 17144.83 | D43: =ROUND(B43*0.6,2) -> 34289.65 | E43: =ROUND(B43*0.1,2)-0.01 -> 5714.93 | F43: =C43+D43+E43 -> 57149.41 | I43: 56452.98 | J43: =B43-I43 -> 696.44
A44: KOPĀ: | B44: =B42+B43 -> 138327.95 | C44: =C42+C43 -> 41498.39 | D44: =D42+D43 -> 82996.77 | E44: =E42+E43 -> 13832.79 | F44: =F42+F43 -> 138327.95 | I44: =I42+I43 -> 136747.57 | J44: =B44-I44 -> 1580.38
J46: =M5-J44 -> 7540.98
B49: līguma summa | C49: jaunais līgums | D49: samazinājums
A50: Intimissimi | B50: 81178.53 | C50: 80294.59 | D50: =B50-C50 -> 883.94
A51: Calzedonia | B51: 57149.42 | C51: 56452.98 | D51: =B51-C51 -> 696.44
A52: KOPĀ: | B52: =B50+B51 -> 138327.95 | C52: =C50+C51 -> 136747.57 | D52: =B52-C52 -> 1580.38

Sheet VIL
A1: VIL | B1: Calzedonia SC ATRIO Villach, Kärntner Str. 34, 9500 Villach, Austria, 16/01/2024-29/01/2024
A2: Object costs
C3: Janvāris | E3: Marts 22 | G3: Total | J3: General data | M3: worked hours
A4: Objekta ieņēmumi kopā | B4: Budget total | C4: =K4+K5 -> 52875.23 | G4: =C4 -> 52875.23 | H4: =D4+F4 -> 0 | J4: Contract amount EUR | K4: 48000 | M4: 16/01-21/01 | N4: 22/01-29/01 | X4: total
A5: Objekta tiešie izdevumi | B5: Direct costs | C5: =C6+C7+C8+C9+C10+C11+C13+C14+C17+C15+C12+C16 -> 36587.505 | E5: =E6+E7+E8+E9+E10+E11+E13+E14+E17+E15+E12 -> 0 | G5: =G6+G7+G8+G9+G10+G11+G13+G14+G17+G15+G12+G16 -> 36587.505 | J5: Additional works, EUR | K5: =769.08+4106.15 -> 4875.23 | M5: 1 | N5: 2 | O5: 3 | P5: 4 | Q5: 5 | R5: 6 | S5: 7 | T5: 8 | U5: 9 | V5: 10 | W5: 11
A6: materiālu un aprīkojuma iegāde | B6: materials and equipment | C6: =1313.2+274.84+490.2+222.25+28.08+44.45+49.2+229.99+140.4+128.4+61.8+490.2+896.4+459/2+252+1077.28+15.25+18.99*2+10.45+13.97+44.5+2.49+146.97+139+11.48+31.57+169.4+252.35+176.65+104.8+5.99+247.47+72.93+239.99+296.25+258.59+59+46.28+164.75+76.75 -> 8553.05 | D6: =C6+C7+C8 -> 14102.44 | F6: =E6+E7+E8 -> 0 | G6: =C6+E6 -> 8553.05 | H6: =G6+G7+G8 -> 14102.44 | J6: square m2 | K6: 65.18 | M6: 281 | N6: =M6 -> 281 | O6: 34.5 | X6: =562.58+O6 -> 597.08
A7: materiālu piegādes izdevumi | B7: delivery | C7: 350 | G7: =C7+E7 -> 350 | J7: object square | K7: hours optimal/ m2 | M7: 181 | N7: =266.08+39.48 -> 305.56 | O7: =17.7+17.92 -> 35.62 | X7: =M7+N7+O7+P7+Q7+R7+W7+S7+T7+U7+V7 -> 522.18 | Y7: =X6-X7 -> 74.9
A8: apakšuzņēmēji | B8: subcontractors | C8: =1197.14+2280+1326.95+373.7+21.6 -> 5199.39 | G8: =C8+E8 -> 5199.39 | J8: m2<50 | K8: 13
A9: darba algas | B9: salaries | C9: =4175.19*1.42+((15*36+3000/20*3)-450)*1.42 -> 6695.5698 | D9: =C9+C10+C11+C13+C12 -> 17638.325 | F9: =E9+E10+E11+E13+E12 -> 0 | G9: =C9+E9 -> 6695.5698 | H9: =G9+G10+G11+G13+G12 -> 17638.325 | J9: 50<m2<100 | K9: 12
A10: DD VSAOI | B10: tax for salaries | C10: =C9*0.2359 -> 1579.4849 | E10: =E9*0.2359 -> 0 | G10: =C10+E10 -> 1579.4849
A11: uzkrājums atvaļinājumam | B11: vacation allowance | C11: =(C9+C10)*0.08 -> 662.00438 | E11: =(E9+E10)*0.08 -> 0 | G11: =C11+E11 -> 662.00438 | J11: materials and equipment costs
A12: administratīvie izdevumi 7% | B12: administrative costs 7% | C12: =(C4)*0.07 -> 3701.2661 | E12: =(E13+E11+E10+E9)*0.07 -> 0 | G12: =C12+E12 -> 3701.2661 | J12: planned | K12: 5490
A13: komandējuma dienas naudas | B13: travel allowance | C13: =17*3*50+20*2*50+3*3*50 -> 5000 | G13: =C13+E13 -> 5000 | J13: in fact | K13: =G6+G7 -> 8903.05
A14: komandējuma izdevumi- naktsmītne | B14: travel expenses (hotels) | C14: =54.4+2482.94+96.15-54.4+115+110 -> 2804.09 | D14: =C14+C17+C15+C16 -> 4846.74 | F14: =E14+E17+E15 -> 0 | G14: =C14+E14 -> 2804.09 | H14: =G14+G17+G15+G16 -> 4846.74
A15: komandējuma izdevumi- ceļš | B15: travel expenses ( tickets, road costs) | C15: =455.1+118.87*2+19.98+15.98+134.27+154.56+293.81 -> 1311.44 | G15: =C15+E15 -> 1311.44 | J15: Salaries and taxes
A16: komandējuma izdevumi (administrācija) | B16: travel expenses (administration) | J16: planned | K16: 13501.21
A17: citi izdevumi | B17: other expenses | C17: =153.3+15+11.5+13.5+248.85+84+16.99+188.07 -> 731.21 | G17: =C17+E17 -> 731.21 | J17: in fact | K17: =G9+G10+G11+G13 -> 13937.059
A18: peļņa bruto | B18: profit/ loss | C18: =C4-C5 -> 16287.725 | D18: =C18/C4 -> 0.30804074 | E18: =E4-E5 -> 0 | F18: =E18/E4 -> #DIV/0! | G18: =G4-G5 -> 16287.725 | H18: =G18/G4 -> 0.30804074 | J18: hours costs planned | K18: =K16/X6 -> 22.612062
A19: plānotā peļņa | G19: =K4-36949.92 -> 11050.08 | H19: =G19/K4 -> 0.23021 | J19: hours cost in fact | K19: =K17/X7 -> 26.690143
M20: travel and living costs
A21: Direct costs | B21: actual costs | C21: planned costs | J21: hours per m2 | M21: 16/01-21/01 | N21: 22/01-29/01 | X21: total
A22: Materials, incl.delivery, and subcontractors | B22: =H6/G5 -> 0.38544415 | C22: =5489.8/36949.92 -> 0.14857407 | J22: planned | K22: =X6/K6 -> 9.1604787 | M22: 1 | N22: 2 | O22: 3 | P22: 4 | Q22: 5 | R22: 6 | S22: 7 | T22: 8 | U22: 9 | V22: 10 | W22: 11
A23: Salaries and taxes | B23: =H9/G5 -> 0.48208603 | C23: =13501.21/36949.92 -> 0.36539213 | J23: in fact | K23: =X7/K6 -> 8.0113532 | M23: =X23/2 -> 2440 | N23: =M23 -> 2440 | X23: =K27 -> 4880
A24: Other costs | B24: =H14/G5 -> 0.13246981 | C24: =17958.91/36949.92 -> 0.4860338 | J24: m2 costs | K24: =K23*K19 -> 213.82417 | M24: =692.84+19.98+2498.94+96.15+134.27+115 -> 3557.18 | N24: =154.56+293.81 -> 448.37 | O24: 110 | X24: =M24+N24+O24+P24+Q24+R24+W24+S24+T24+U24+V24 -> 4115.55
J26: travel and living costs
J27: planned | K27: 4880
J28: in fact | K28: =G14+G15 -> 4115.53
J29: living costs per worked hour | K29: =K28/X7 -> 7.8814394
J31: Subcontractors budget, EUR
J32: Payments to subcontractor, EUR
J34: date of report
J35: 45372

Sheet KOB
A1: KOB | B1: Intimissimi SC Forum Mittelrhein Koblenz Zentralpl. 2, 56068 Koblenz, Germany, 23/01/2024-19(10)/02/2024
A2: Object costs
C3: 45315 | E3: 45346 | G3: Total | J3: General data | M3: worked hours
A4: Objekta ieņēmumi kopā | B4: Budget total | C4: =K4/3*1 -> 16000 | D4: =H4 -> 207.61 | E4: =K4/3*2 -> 32000 | G4: =C4+E4+K5 -> 55924.07 | H4: =M7 -> 207.61 | J4: Contract amount EUR | K4: 48000 | M4: 23/01-28/01 | N4: 29/01-04/02 | O4: 05/02-10/02 | X4: total
A5: Objekta tiešie izdevumi | B5: Direct costs | C5: =C6+C7+C8+C9+C10+C11+C13+C14+C17+C15+C12 -> 18017.011 | E5: =E6+E7+E8+E9+E10+E11+E13+E14+E17+E15+E12 -> 25111.841 | G5: =G6+G7+G8+G9+G10+G11+G13+G14+G17+G15+G12 -> 43128.852 | J5: Additional works, EUR | K5: 7924.07 | M5: 1 | N5: 2 | O5: 3 | P5: 4 | Q5: 5 | R5: 6 | S5: 7 | T5: 8 | U5: 9 | V5: 10 | W5: 11
A6: materiālu un aprīkojuma iegāde | B6: materials and equipment | C6: =564.63+379.52+88.05+33.99+1962.66-646.02+325.43+189.56+1502.02+447.6+139.6+157.67+69.98+45.05+35.42+130.1+100 -> 5525.26 | D6: =C6+C7+C8 -> 5724.46 | E6: =23.98+147.12+468.65+388+493.07+119+208.65+113.71+132.88+113.74+142.95+165+11.6+79.28+212.31+41.45+160.3+37.25+109.5+20.75+202.3+62.9+809.87 -> 4264.26 | F6: =E6+E7+E8 -> 5545.67 | G6: =C6+E6 -> 9789.52 | H6: =G6+G7+G8 -> 11270.13 | J6: square m2 | K6: =61.4+4.8 -> 66.2 | M6: 214 | N6: =M6 -> 214 | O6: =M6 -> 214 | P6: 98.39 | X6: =642.66+P6 -> 741.05
A7: materiālu piegādes izdevumi | B7: delivery | E7: 750 | G7: =C7+E7 -> 750 | J7: object square | K7: hours optimal/ m2 | M7: =45.28+39+39.08+45.27+38.98 -> 207.61 | N7: =22.58+22.57+22.2+22.67+22.68+35.9+35.6+35.7+35.88+35.68 -> 291.46 | O7: =63.15+61.5+61.52+63.1+61.45 -> 310.72 | P7: =69.43+69.42+69.4+69.47+69.27+17.03+16.5-12.5-123.55 -> 244.47 | X7: =M7+N7+O7+P7 -> 1054.26 | Y7: =X6-X7 -> -313.21
A8: apakšuzņēmēji | B8: subcontractors | C8: =131.6+67.6 -> 199.2 | E8: =32.2+78+67.6+106.6+130.01+117 -> 531.41 | G8: =C8+E8 -> 730.61 | J8: m2<50 | K8: 13
A9: darba algas | B9: salaries | C9: =((67.86*16+129.51*14+122.94*13)-C13)*1.42 -> 3616.9104 | D9: =C9+C10+C11+C13+C12 -> 7897.7507 | E9: =(((168.6-5-123.55)*16+(196-12.5-5+168.5)*14+333*13)-E13)*1.42 -> 7210.476 | F9: =E9+E10+E11+E13+E12 -> 16614.341 | G9: =C9+E9 -> 10827.386 | H9: =G9+G10+G11+G13+G12 -> 24512.092 | J9: 50<m2<100 | K9: 12
A10: DD VSAOI | B10: tax for salaries | C10: =C9*0.2359 -> 853.22916 | E10: =E9*0.2359 -> 1700.9513 | G10: =C10+E10 -> 2554.1805
A11: uzkrājums atvaļinājumam | B11: vacation allowance | C11: =(C9+C10)*0.08 -> 357.61117 | E11: =(E9+E10)*0.08 -> 712.91418 | G11: =C11+E11 -> 1070.5253 | J11: materials and equipment costs
A12: administratīvie izdevumi 7% | B12: administrative costs 7% | C12: =(C4)*0.07 -> 1120 | E12: =(E4)*0.07 -> 2240 | G12: =C12+E12 -> 3360 | J12: planned | K12: =7923.12+1045.66 -> 8968.78
A13: komandējuma dienas naudas | B13: travel allowance | C13: 1950 | E13: =20*50+22*50+17*3*50+100 -> 4750 | G13: =C13+E13 -> 6700 | J13: in fact | K13: =G6+G7 -> 10539.52
A14: komandējuma izdevumi- naktsmītne | B14: travel expenses (hotels) | C14: 3167.07 | D14: =C14+C17+C15 -> 4394.8 | E14: =813.01+150.58+128.71 -> 1092.3 | F14: =E14+E17+E15 -> 2951.83 | G14: =C14+E14 -> 4259.37 | H14: =G14+G17+G15 -> 7346.63
A15: komandējuma izdevumi- ceļš | B15: travel expenses ( tickets, road costs) | C15: =499.1+473.97+64 -> 1037.07 | E15: =49.91+797.31+597.96+128.71 -> 1573.89 | G15: =C15+E15 -> 2610.96 | J15: Salaries and taxes
A16: komandējuma izdevumi (administrācija) | B16: travel expenses (administration) | J16: planned | K16: =14562.71+2270.5 -> 16833.21
A17: citi izdevumi | B17: other expenses | C17: =140.96+14.1+16.77+7.5+11.33 -> 190.66 | E17: =12.76+10.76+15.54+4.83+11.35+14.45+6.69+111.91+18+79.35 -> 285.64 | G17: =C17+E17 -> 476.3 | J17: in fact | K17: =H9-G12 -> 21152.092
A18: peļņa bruto | B18: profit/ loss | C18: =C4-C5 -> -2017.0107 | D18: =C18/C4 -> -0.12606317 | E18: =E4-E5 -> 6888.1585 | F18: =E18/E4 -> 0.21525495 | G18: =G4-G5 -> 12795.218 | H18: =G18/G4 -> 0.22879626 | J18: hours costs planned | K18: =K16/X6 -> 22.71535
A19: plānotā peļņa | B19: planned profit | G19: =K4+K5-43000.85 -> 12923.22 | H19: =(K4-36084.86)/K4 -> 0.24823208 | J19: hours cost in fact | K19: =K17/X7 -> 20.063449 | M19: travel and living costs
M20: 23/01-28/01 | N20: 29/01-04/02 | O20: 05/02-10/02 | X20: total
A21: Direct costs | B21: actual costs | C21: planned costs | J21: hours per m2 | M21: 1 | N21: 2 | O21: 3 | P21: 4 | Q21: 5 | R21: 6 | S21: 7 | T21: 8 | U21: 9 | V21: 10 | W21: 11
A22: Materials, incl.delivery, and subcontractors | B22: =H6/G5 -> 0.26131301 | C22: =8968.66/43000.85 -> 0.20856937 | J22: planned | K22: =X6/K6 -> 11.194109 | M22: =X22/3 -> 1333.3333 | N22: =M22 -> 1333.3333 | O22: =M22 -> 1333.3333 | X22: =K27 -> 4000
A23: Salaries and taxes | B23: =H9/G5 -> 0.56834557 | C23: =16833.5/43000.85 -> 0.39146901 | J23: in fact | K23: =X7/K6 -> 15.925378 | M23: =G14+G15 -> 6870.33 | O23: =813.01+150.58+128.71 -> 1092.3 | P23: =597.96+128.71 -> 726.67 | X23: =M23 -> 6870.33
A24: Other costs | B24: =H14/G5 -> 0.17034142 | C24: =17118.18/43000.85 -> 0.39808934 | J24: m2 costs | K24: =K23*K19 -> 319.51801
J26: travel and living costs
J27: planned | K27: 4000
J28: in fact | K28: =X23 -> 6870.33
J29: living costs per worked hour | K29: =K28/X7 -> 6.5167321
J31: Subcontractors budget, EUR
J32: Payments to subcontractor, EUR
J34: date of report
J35: 45359

Sheet SWR
A1: SWA | B1: Galeria Inno Liege Pl. de la République Francaise 15B-4000 LIEGE, Belgium
A2: Object costs
C3: Janvāris | E3: Februāris | G3: Total | J3: General data | M3: Object address | N3: worked hours
A4: Objekta ieņēmumi kopā | B4: Budget total | C4: =K4+K5 -> 13377.01 | D4: =N7+O7+P7 -> 62.5 | G4: =C4 -> 13377.01 | H4: =D4+F4 -> 62.5 | J4: Contract amount EUR | K4: 14988.39 | M4: Time shedule, weeks | Y4: total
A5: Objekta tiešie izdevumi | B5: Direct costs | C5: =C6+C7+C8+C9+C10+C11+C13+C14+C17+C15+C12+C16 -> 7143.7829 | E5: =E6+E7+E8+E9+E10+E11+E13+E14+E17+E15+E12 -> 0 | G5: =G6+G7+G8+G9+G10+G11+G13+G14+G17+G15+G12+G18+G16 -> 7143.7829 | J5: Additional works, EUR | K5: -1611.38 | N5: 1 | O5: 2 | P5: 3 | Q5: 4 | R5: 5 | S5: 6 | T5: 7 | U5: 8 | V5: 9 | W5: 10 | X5: 11
A6: materiālu un aprīkojuma iegāde | B6: materials and equipment | C6: =253.82+584+9.88+4.99+32.96+23.47+4.55 -> 913.67 | D6: =C6+C7+C8 -> 913.67 | F6: =E6+E7+E8 -> 0 | G6: =C6+E6 -> 913.67 | H6: =G6+G7+G8 -> 913.67 | J6: square m2 | K6: 25 | N6: =Y6 -> 97.25 | Y6: 97.25
A7: materiālu piegādes izdevumi | B7: delivery | G7: =C7+E7 -> 0 | J7: object square | K7: hours optimal/ m2 | N7: 62.5 | Y7: =N7+O7+P7+Q7+R7+S7+X7+T7+U7+V7+W7 -> 62.5 | Z7: =Y6-Y7 -> 34.75
A8: apakšuzņēmēji | B8: subcontractors | G8: =C8+E8 -> 0 | J8: m2<50 | K8: 13
A9: darba algas | B9: salaries | C9: =((12.5*16+25*14+25*13)-300+360*2)*1.42 -> 1838.9 | D9: =C9+C10+C11+C13+C12 -> 4050.9029 | F9: =E9+E10+E11+E13+E12 -> 0 | G9: =C9+E9 -> 1838.9 | H9: =G9+G10+G11+G13+G12 -> 4050.9029 | J9: 50<m2<100 | K9: 12
A10: DD VSAOI | B10: tax for salaries | C10: =C9*0.2359 -> 433.79651 | E10: =E9*0.2359 -> 0 | G10: =C10+E10 -> 433.79651
A11: uzkrājums atvaļinājumam | B11: vacation allowance | C11: =(C9+C10)*0.08 -> 181.81572 | E11: =(E9+E10)*0.08 -> 0 | G11: =C11+E11 -> 181.81572 | J11: materials and equipment costs
A12: administratīvie izdevumi 7% | B12: administrative costs 7% | C12: =(C4)*0.07 -> 936.3907 | E12: =(E13+E11+E10+E9)*0.07 -> 0 | G12: =C12+E12 -> 936.3907 | J12: planned | K12: 390
A13: komandējuma dienas naudas | B13: travel allowance | C13: =60*5+360 -> 660 | G13: =C13+E13 -> 660 | J13: in fact | K13: =H6 -> 913.67
A14: komandējuma izdevumi- naktsmītne | B14: travel expenses (hotels) | D14: =C14+C17+C15+C16 -> 2179.21 | F14: =E14+E17+E15 -> 0 | G14: =C14+E14 -> 0 | H14: =G14+G17+G15+G18+G16 -> 2179.21
A15: komandējuma izdevumi- ceļš | B15: travel expenses ( tickets, road costs) | G15: =C15+E15 -> 0 | J15: Salaries and taxes
A16: komandējuma izdevumi (administrācija) | B16: travel expenses (administration) | C16: =420.96+393.96+143.29+268.99+63.99+215 -> 1506.19 | G16: =C16 -> 1506.19 | J16: planned | K16: 3890
A17: citi izdevumi | B17: other expenses | C17: =114.54+90+24+250+32+93.09+69.39 -> 673.02 | G17: =C17+E17 -> 673.02 | J17: in fact | K17: =G9+G10+G11+G13 -> 3114.5122
J18: hours costs planned | K18: =K16/Y6 -> 40
A19: peļņa bruto | B19: profit/ loss | C19: =C4-C5 -> 6233.2271 | D19: =C19/C4 -> 0.46596564 | E19: =E4-E5 -> 0 | F19: =E19/E4 -> #DIV/0! | G19: =G4-G5 -> 6233.2271 | H19: =G19/G4 -> 0.46596564 | J19: hours cost in fact | K19: =K17/Y7 -> 49.832196
A20: plānotā peļņa | B20: planned profit | G20: =K4-10905.05 -> 4083.34 | H20: =G20/K4 -> 0.27243353
J21: hours per m2 | M21: Object address | N21: travel and living costs
A22: Direct costs | B22: actual costs | C22: planned costs | J22: planned | K22: =Y6/K6 -> 3.89 | M22: Time shedule, weeks | N22: =N4 -> 0 | O22: =O4 -> 0 | P22: =P4 -> 0 | Q22: =Q4 -> 0 | R22: =R4 -> 0 | Y22: total
A23: Materials, incl.delivery, and subcontractors | B23: =H6/G5 -> 0.12789722 | C23: =389.55/10905.05 -> 0.035721982 | J23: in fact | K23: =Y7/K6 -> 2.5 | N23: 1 | O23: 2 | P23: 3 | Q23: 4 | R23: 5 | S23: 6 | T23: 7 | U23: 8 | V23: 9 | W23: 10 | X23: 11
A24: Salaries and taxes | B24: =H9/G5 -> 0.56705291 | C24: =3890/10905.05 -> 0.35671547 | J24: m2 costs | K24: =K23*K19 -> 124.58049 | N24: =Y24 -> 3000 | Y24: =K26 -> 3000
A25: Other costs | B25: =H14/G5 -> 0.30504986 | C25: =6625.5/10905.05 -> 0.60756255 | N25: =G14+G15 -> 0 | Y25: =N25+O25+P25+Q25+R25+S25+X25+T25+U25+V25+W25 -> 0
J26: travel and living costs | K26: 3000
J27: planned | K27: =X27 -> 0
J28: in fact | K28: =X28 -> 0
J29: living costs per worked hour | K29: 0
J31: Subcontractors budget, EUR
J32: Payments to subcontractor, EUR
J34: date of report
J35: 45342

Sheet CALZ MOS
A1: MOS | B1: Calzedonia Mall of Scandinavia, 22/01/2024-31/01/2024
A2: Object costs
C3: 45315 | E3: 45324 | G3: Marts-24 | I3: Total | L3: General data | O3: worked hours
A4: Objekta ieņēmumi kopā | B4: Budget total | C4: =M4+M5 -> 55112.34 | G4: =M11 -> 0 | I4: =C4 -> 55112.34 | L4: Contract amount EUR | M4: 43564.77 | O4: 22/01-28/01 | P4: 29/01-31/01 | Q4: add.works | Z4: total
A5: Objekta tiešie izdevumi | B5: Direct costs | C5: =C6+C7+C8+C9+C10+C11+C13+C14+C17+C15+C12+C16 -> 34945.015 | E5: =E6+E7+E8+E9+E10+E11+E13+E14+E17+E15+E12 -> 2349.0543 | G5: =G6+G7+G8+G9+G10+G11+G13+G14+G17+G15+G12 -> 210.74 | I5: =I6+I7+I8+I9+I10+I11+I13+I14+I17+I15+I12+I18+I16 -> 37504.809 | L5: Additional works, EUR | M5: 11547.57 | O5: 1 | P5: 2 | Q5: 3 | R5: 4 | S5: 5 | T5: 6 | U5: 7 | V5: 8 | W5: 9 | X5: 10 | Y5: 11
A6: materiālu un aprīkojuma iegāde | B6: materials and equipment | C6: =637.31/2+233.02+148.67+7.11+38.54+25.09+45.16+98.3+953.34+144.37+20.27+8.38+16.73+4.4+11.9+27.98+26.88+77.81+6.14+24.35+20.29+33.38+30.88+17.64+432.54+C61+7.09+15.96+3.54+16.34+81.99+10.57+89.13+91.64+81.21+4.42+6.19+3.97+149.29+3.53+10.59+26.55+15.86+11.93+48.45+48.54+41.63+117.99+82.46+21.67+73.44+11.53+52.23+209.19+29.11+90.11+73.69+97.95 -> 6999.1021 | D6: =C6+C7+C8 -> 8389.1021 | F6: =E6+E7+E8 -> 0 | G6: =45+22.94+50.98+68.82 -> 187.74 | H6: =G6+G7+G8 -> 187.74 | I6: =C6+E6+G6 -> 7186.8421 | J6: =I6+I7+I8 -> 8576.8421 | L6: square m2 | M6: 52.25 | O6: =Z6/2 -> 268.5 | P6: =O6 -> 268.5 | Q6: 70 | Z6: =467+Q6 -> 537
A7: materiālu piegādes izdevumi | B7: delivery | I7: =C7+E7+G7 -> 0 | L7: object square | M7: hours optimal/ m2 | O7: 471 | P7: 243.85 | Q7: =14.53+16.13+14.6+9.75+12.83+15.26 -> 83.1 | Z7: =O7+P7+Q7+R7+S7+T7+U7+V7+W7 -> 797.95 | AA7: =Z6-Z7 -> -260.95
A8: apakšuzņēmēji | B8: subcontractors | C8: =450+650+290 -> 1390 | I8: =C8+E8+G8 -> 1390 | L8: m2<50 | M8: 13
A9: darba algas | B9: salaries | C9: =((O7+P7)*14-C13)*1.42 -> 9241.218 | D9: =C9+C10+C11+C13+C12 -> 19692.783 | E9: =(83*14-E13+148.96)*1.42 -> 1009.5632 | F9: =E9+E10+E11+E13+E12 -> 2083.8643 | H9: =G9+G10+G11+G13+G12 -> 0 | I9: =C9+E9+G9 -> 10250.781 | J9: =I9+I10+I11+I13+I12 -> 21776.647 | L9: 50<m2<100 | M9: 12
A10: DD VSAOI | B10: tax for salaries | C10: =C9*0.2359 -> 2180.0033 | E10: =E9*0.2359 -> 238.15596 | G10: =G9*0.2359 -> 0 | I10: =C10+E10+G10 -> 2418.1593
A11: uzkrājums atvaļinājumam | B11: vacation allowance | C11: =(C9+C10)*0.08 -> 913.69771 | E11: =(E9+E10)*0.08 -> 99.817533 | G11: =(G9+G10)*0.08 -> 0 | I11: =C11+E11+G11 -> 1013.5152 | L11: materials and equipment costs
A12: administratīvie izdevumi 7% | B12: administrative costs 7% | C12: =(C4)*0.07 -> 3857.8638 | E12: =(E13+E11+E10+E9)*0.07 -> 136.32757 | G12: =(G13+G11+G10+G9)*0.07 -> 0 | I12: =C12+E12+G12 -> 3994.1914 | L12: planned | M12: 8824.21
A13: komandējuma dienas naudas | B13: travel allowance | C13: =11*5*50+9*50+6*50 -> 3500 | E13: =50*2*3+150*2 -> 600 | I13: =C13+E13+G13 -> 4100 | L13: in fact | M13: =J6 -> 8576.8421
A14: komandējuma izdevumi- naktsmītne | B14: travel expenses (hotels) | C14: =2810.85+90.96 -> 2901.81 | D14: =C14+C17+C15+C16 -> 6863.13 | F14: =E14+E17+E15 -> 265.19 | H14: =G14+G17+G15 -> 23 | I14: =C14+E14+G14 -> 2901.81 | J14: =I14+I17+I15+I18+I16 -> 7151.32
A15: komandējuma izdevumi- ceļš | B15: travel expenses ( tickets, road costs) | C15: =740.85+951.89+279/2+15.71 -> 1847.95 | I15: =C15+E15+G15 -> 1847.95 | L15: Salaries and taxes
A16: komandējuma izdevumi (administrācija) | B16: travel expenses (administration) | C16: =105.48+355.89+19.05+291.4+19.9+17.32+17.4+223.39+15.19+200 -> 1265.02 | I16: =C16 -> 1265.02 | L16: planned | M16: 11606.14
A17: citi izdevumi | B17: other expenses | C17: =132.76+35.46/2+35.35+6.16+7.92+52.79+5.03+28.64+31.43+32.46+29.13+26.6+32.18+22.18+19.43+98.29+106.45+96.71+7.52+7.09+52.5 -> 848.35 | E17: =80.8+10.59+91.97+62.28+19.55 -> 265.19 | G17: 23 | I17: =C17+E17+G17 -> 1136.54 | L17: in fact | M17: =I9+I10+I11+I13 -> 17782.456
L18: hours costs planned | M18: =M16/(Z6-70) -> 24.852548
A19: peļņa bruto | B19: profit/ loss | C19: =C4-C5 -> 20167.325 | D19: =C19/C4 -> 0.36593121 | E19: =E4-E5 -> -2349.0543 | F19: =E19/E4 -> #DIV/0! | G19: =G4-G5 -> -210.74 | H19: =G19/G4 -> #DIV/0! | I19: =I4-I5 -> 17607.531 | J19: =I19/I4 -> 0.31948436 | L19: hours cost in fact | M19: =M17/Z7 -> 22.285175
A20: plānotā peļņa | B20: planned profit | I20: =M4-32392.4 -> 11172.37 | J20: =I20/M4 -> 0.25645424 | O20: travel and living costs
L21: hours per m2 | O21: 22/01-28/01 | P21: 29/01-31/01 | Z21: total
A22: Direct costs | B22: actual costs | C22: planned costs | L22: planned | M22: =(Z6-70)/M6 -> 8.937799 | O22: 1 | P22: 2 | Q22: 3 | R22: 4 | S22: 5 | T22: 6 | U22: 7 | V22: 8 | W22: 9 | X22: 10 | Y22: 11
A23: Materials, incl.delivery, and subcontractors | B23: =J6/I5 -> 0.22868646 | C23: =8824.21/32392.4 -> 0.27241606 | L23: in fact | M23: =Z7/M6 -> 15.27177 | O23: =Z23/2 -> 3100 | P23: =O23 -> 3100 | Z23: =3000+3200 -> 6200
A24: Salaries and taxes | B24: =J9/I5 -> 0.58063613 | C24: =11606.14/32392.4 -> 0.35829824 | L24: m2 costs | M24: =M23*M19 -> 340.33408 | O24: =1594.45+167.99+600 -> 2362.44 | P24: =686.38+530.02+404.31+398.31+279/2+90.96+15.71+121 -> 2386.19 | Z24: =V24+U24+T24+S24+R24+Q24+P24+O24+W24 -> 4748.63
A25: Other costs | B25: =J14/I5 -> 0.19067741 | C25: =11962.05/32392.4 -> 0.3692857
L26: travel and living costs
L27: planned | M27: 6200
L28: in fact | M28: =Z24 -> 4748.63
L29: living costs per worked hour | M29: =M28/Z7 -> 5.951037
L31: Subcontractors budget, EUR
L32: Payments to subcontractor, EUR
L34: date of report
L35: 45344
C38: avanss 50% | D38: gala maksājums 50%
A39: Līgums SEK | B39: 500725.29 | C39: =ROUND(B39*0.5,2) -> 250362.65 | D39: =B39-C39 -> 250362.64 | I39: =C39+D39 -> 500725.29
A40: kurss | B40: 11.2125
A41: Līgums EUR | B41: =ROUND(B39/B40,2) -> 44657.77 | C41: =ROUND(B41*0.5,2) -> 22328.89 | D41: =B41-C41 -> 22328.88 | I41: =C41+D41 -> 44657.77
A42: Atjaunotais līgums SEK | B42: 630202.4
B44: =ROUND(B42/B40,2) -> 56205.34 | C44: =B44-B41 -> 11547.57
A46: Optimera | B46: 66302845 | C46: 3959.83
B47: 66314550 | C47: 758.64
B48: 66326562 | C48: 3218.12
B49: 66408881 | C49: 1008.22
B50: 66635343 | C50: 629.64
B51: 66568080 | C51: 12801.68
B52: 66212341 | C52: 1187.43
A54: Big Bag | B54: 142276195 | C54: 2533
B55: 143175990 | C55: 140.25
B56: 142781699 | C56: 772.88
B57: 142781798 | C57: 398.75
B58: 142276195 | C58: 633.25
B59: 142506799 | C59: 841.5
C60: =SUM(C46:C59) -> 28883.19
C61: =C60*0.09 -> 2599.4871

Sheet INT GAL
A1: GAL | B1: Intimissimi Stockholm Gallerian, 08/01/2024-17/01/2024
A2: Object costs
C3: 45292 | E3: 44958 | G3: Marts 23 | I3: Total | L3: General data | O3: worked hours
A4: Objekta ieņēmumi kopā | B4: Budget total | C4: =M4+M5 -> 58921.11 | D4: =O7+P7+Q7 -> 595.38 | I4: =C4 -> 58921.11 | J4: =D4+F4 -> 595.38 | L4: Contract amount EUR | M4: 56957.32 | O4: 08/01-14/01 | P4: 15/01-17/01 | Q4: add.works | Z4: total
A5: Objekta tiešie izdevumi | B5: Direct costs | C5: =C6+C7+C8+C9+C10+C11+C13+C14+C17+C15+C12 -> 29972.944 | E5: =E6+E7+E8+E9+E10+E11+E13+E14+E17+E15+E12 -> 0 | G5: =G6+G7+G8+G9+G10+G11+G13+G14+G17+G15+G12 -> 360.9 | I5: =I6+I7+I8+I9+I10+I11+I13+I14+I17+I15+I12+I16 -> 30333.844 | L5: Additional works, EUR | M5: 1963.79 | O5: 1 | P5: 2 | Q5: 3 | R5: 4 | S5: 5 | T5: 6 | U5: 7 | V5: 8 | W5: 9 | X5: 10 | Y5: 11
A6: materiālu un aprīkojuma iegāde | B6: materials and equipment | C6: =637.31/2+66+718.87/2+138.32/2+50.04+8.14+430.68+16.61+86.3+1451+70+26.64+8.9+11.56+58.26+55.33+75.47+46.96+126.9+12.46+17.79+7.99+5.33+119.13+77.16+47.31+C57+11.62+23.11+9.78+67.17 -> 8794.9465 | D6: =C6+C7+C8 -> 8794.9465 | F6: =E6+E7+E8 -> 0 | G6: =360.9 -> 360.9 | H6: =G6+G7+G8 -> 360.9 | I6: =C6+E6+G6 -> 9155.8465 | J6: =I6+I7+I8 -> 9155.8465 | L6: square m2 | M6: =75.52+4.01 -> 79.53 | O6: =Z6/2 -> 255.5 | P6: =O6 -> 255.5 | Q6: 25 | Z6: =486+Q6 -> 511
A7: materiālu piegādes izdevumi | B7: delivery | I7: =C7+E7+G7 -> 0 | L7: object square | M7: hours optimal/ m2 | O7: 411.46 | P7: 183.92 | Z7: =O7+P7+Q7+R7+S7+T7+Y7+U7+V7+W7+X7 -> 595.38 | AA7: =Z6-Z7 -> -84.38
A8: apakšuzņēmēji | B8: subcontractors | I8: =C8+E8+G8 -> 0 | L8: m2<50 | M8: 13
A9: darba algas | B9: salaries | C9: =((O7+P7)*14-C13)*1.42 -> 6937.1544 | D9: =C9+C10+C11+C13+C12 -> 16833.997 | F9: =E9+E10+E11+E13+E12 -> 0 | H9: =G9+G10+G11+G13+G12 -> 0 | I9: =C9+E9+G9 -> 6937.1544 | J9: =I9+I10+I11+I13+I12 -> 16833.997 | L9: 50<m2<100 | M9: 12
A10: DD VSAOI | B10: tax for salaries | C10: =C9*0.2359 -> 1636.4747 | E10: =E9*0.2359 -> 0 | G10: =G9*0.2359 -> 0 | I10: =C10+E10+G10 -> 1636.4747
A11: uzkrājums atvaļinājumam | B11: vacation allowance | C11: =(C9+C10)*0.08 -> 685.89033 | E11: =(E9+E10)*0.08 -> 0 | G11: =(G9+G10)*0.08 -> 0 | I11: =C11+E11+G11 -> 685.89033 | L11: materials and equipment costs
A12: administratīvie izdevumi 7% | B12: administrative costs 7% | C12: =(C4)*0.07 -> 4124.4777 | E12: =(E13+E11+E10+E9)*0.07 -> 0 | G12: =(G13+G11+G10+G9)*0.07 -> 0 | I12: =C12+E12+G12 -> 4124.4777 | L12: planned | M12: 9685.85
A13: komandējuma dienas naudas | B13: travel allowance | C13: =12*5*50+9*50 -> 3450 | I13: =C13+E13+G13 -> 3450 | L13: in fact | M13: =I6+I7 -> 9155.8465
A14: komandējuma izdevumi- naktsmītne | B14: travel expenses (hotels) | C14: 2184.2 | D14: =C14+C17+C15 -> 4344 | F14: =E14+E17+E15 -> 0 | H14: =G14+G17+G15 -> 0 | I14: =C14+E14+G14 -> 2184.2 | J14: =I14+I17+I15+I16 -> 4344
A15: komandējuma izdevumi- ceļš | B15: travel expenses ( tickets, road costs) | C15: 1487.52 | I15: =C15+E15+G15 -> 1487.52 | L15: Salaries and taxes
A16: komandējuma izdevumi- administrācija | B16: travel expenses (administration) | L16: planned | M16: =14324.16 -> 14324.16
A17: citi izdevumi | B17: other expenses | C17: =162.72+44.72+16.27+11.09+6.66+4.7+35.46/2+37.87+37.87+37.83+6.68*2+6.65+6.67*2+9.97+6.61+37.05+38.04+89.5+80.3 -> 672.28 | I17: =C17+E17+G17 -> 672.28 | L17: in fact | M17: =I9+I10+I11+I13 -> 12709.519
A18: peļņa bruto | B18: profit/ loss | C18: =C4-C5 -> 28948.166 | D18: =C18/C4 -> 0.49130382 | E18: =E4-E5 -> 0 | F18: =E18/E4 -> #DIV/0! | G18: =G4-G5 -> -360.9 | H18: =G18/G4 -> #DIV/0! | I18: =I4-I5 -> 28587.266 | J18: =I18/I4 -> 0.48517868 | L18: hours costs planned | M18: =M16/(Z6-Q6) -> 29.47358
A19: plānotā peļņa | B19: planned profit | I19: =M4-40247.46 -> 16709.86 | J19: =I19/M4 -> 0.29337511 | L19: hours cost in fact | M19: =(I9+I10+I11+I13)/Z7 -> 21.346904
A21: Direct costs | B21: actual costs | C21: planned costs | L21: hours per m2
A22: Materials, incl.delivery, and subcontractors | B22: =J6/I5 -> 0.30183602 | C22: =M12/40247.46 -> 0.24065742 | L22: planned | M22: =Z6/M6 -> 6.4252483 | O22: travel and living costs
A23: Salaries and taxes | B23: =J9/I5 -> 0.5549576 | C23: =M16/40247.46 -> 0.35590221 | L23: in fact | M23: =Z7/M6 -> 7.4862316 | O23: 08/01-14/01 | P23: 15/01-17/01 | Z23: total
A24: Other costs | B24: =J14/I5 -> 0.14320638 | C24: =17487.45/40247.46 -> 0.43449823 | L24: m2 costs | M24: =M23*M19 -> 159.80786 | O24: 1 | P24: 2 | Q24: 3 | R24: 4 | S24: 5 | T24: 6 | U24: 7 | V24: 8 | W24: 9 | X24: 10 | Y24: 11
O25: =Z25/2 -> 4150 | P25: =O25 -> 4150 | Z25: =5100+3200 -> 8300
L26: travel and living costs | O26: =2184+1097.52 -> 3281.52 | P26: =779.88/2 -> 389.94 | Z26: =O26+P26+Q26+R26+S26+T26+Y26+U26+V26+W26+X26 -> 3671.46
L27: planned | M27: =Z25 -> 8300
L28: in fact | M28: =Z26 -> 3671.46
L29: living costs per worked hour | M29: =(I14+I15)/Z7 -> 6.1670194
L31: Subcontractors budget, EUR
L32: Payments to subcontractor, EUR
L34: date of report
L35: 45342
C38: avanss 50% | D38: gala maksājums 50%
A39: Līgums SEK | B39: 638633.98 | C39: =ROUND(B39*0.5,2) -> 319316.99 | D39: =B39-C39 -> 319316.99 | I39: =C39+D39 -> 638633.98
A40: kurss | B40: 11.2125
A41: Līgums EUR | B41: =ROUND(B39/B40,2) -> 56957.32 | C41: =ROUND(B41*0.5,2) -> 28478.66 | D41: =B41-C41 -> 28478.66 | I41: =C41+D41 -> 56957.32 | L41: 660653.02
A42: papilddarbi SEK | B42: =660653.02-B39 -> 22019.04 | L42: =L41/B40 -> 58921.117
A43: papilddarbi EUR | B43: =B42/B40 -> 1963.794 | C43: =B41+B43 -> 58921.114 | L43: =56957.32+1963.79 -> 58921.11
A45: Optimera | B45: 66017351 | C45: 3336.24
B46: 66041252 | C46: 2551.14
B47: 66041245 | C47: 6229.35
B48: 66028739 | C48: 1179.6
B49: 66052358 | C49: 4861.41
B50: 66153842 | C50: 451.84
B51: 66314568 | C51: 3566.96
A52: Glasbolaget | B52: 3672 | C52: 10000
B53: 3673 | C53: 10229
A55: Big Bag | B55: 141972695 | C55: 13817.31
C56: =SUM(C45:C55) -> 56222.85
C57: =C56*0.09 -> 5060.0565
